Workbook

Sheet Introduction 
B1: Manchester Airport Group GRI Content Index 2025/26
B3: Manchester Airport Group (MAG) presents its reporting against the Global Reporting Initiative (GRI). This provides a structure to our Sustainability reporting and provides information and data for topics that are material to our operations and sites. MAG has reported in accordance with the GRI Universal Standards 2021 for the period 1st April 2025 - 31st March 2026 using GR1: Foundation 2021 and applicable GRI Sector Standard(s) GRI G4: Airport Operators.

Sheet GRI 2-7
A1: GRI 2-7
A2: Total number of employees broken down by type of employment contract and gender
B4: Business Unit | C4: Units | D4: 2019/20 | E4: 2020/21 | F4: 2021/22 | G4: 2022/23 | H4: 2023/24 | I4: 2024/25 | J4: 2025/26
B5: Manchester | C5: % of male colleagues on full time employment contracts | I5: 0.5262 | J5: 0.547
C6: % of female colleagues on full time employment contracts | I6: 0.2113 | J6: 0.24
C7: % of male colleagues on part time employment contracts | I7: 0.1658 | J7: 0.121
C8: % of female colleagues on part time employment contracts | I8: 0.0967 | J8: 0.092
C9: % of all colleagues on full time employment contracts | D9: 0.67333984 | E9: 0.69169073 | F9: 0.746 | G9: 0.7516 | H9: 0.7345 | I9: 0.7375 | J9: 0.787
C10: % of all colleagues on part time employment contracts | D10: 0.32666016 | E10: 0.30830927 | F10: 0.254 | G10: 0.2484 | H10: 0.2655 | I10: 0.2625 | J10: 0.213
B11: East Midlands | C11: % of male colleagues on full time employment contracts | I11: 0.3835 | J11: 0.4
C12: % of female colleagues on full time employment contracts | I12: 0.1998 | J12: 0.228
C13: % of male colleagues on part time employment contracts | I13: 0.2008 | J13: 0.164
C14: % of female colleagues on part time employment contracts | I14: 0.2159 | J14: 0.208
C15: % of colleagues on full time employment contracts | D15: 0.67333984 | E15: 0.69169073 | F15: 0.746 | G15: 0.7516 | H15: 0.7345 | I15: 0.5833 | J15: 0.629
C16: % of colleagues on part time employment contracts | D16: 0.37950938 | E16: 0.38111888 | F16: 0.3017 | G16: 0.3622 | H16: 0.3828 | I16: 0.4167 | J16: 0.371
B17: London Stansted | C17: % of male colleagues on full time employment contracts | I17: 0.4203 | J17: 0.428
C18: % of female colleagues on full time employment contracts | I18: 0.2289 | J18: 0.23
C19: % of male colleagues on part time employment contracts | I19: 0.1669 | J19: 0.161
C20: % of female colleagues on part time employment contracts | I20: 0.1839 | J20: 0.181
C21: % of colleagues on full time employment contracts | D21: 0.6114106 | E21: 0.67482292 | F21: 0.6683 | G21: 0.623 | H21: 0.6101 | I21: 0.6492 | J21: 0.658
C22: % of colleagues on part time employment contracts | D22: 0.3885894 | E22: 0.32517708 | F22: 0.3317 | G22: 0.377 | H22: 0.3899 | I22: 0.3508 | J22: 0.342
B23: CAVU (MAN, EMA & STN) | C23: % of male colleagues on full time employment contracts | I23: 0.3903 | J23: 0.433
C24: % of female colleagues on full time employment contracts | I24: 0.3407 | J24: 0.44
C25: % of male colleagues on part time employment contracts | I25: 0.0849 | J25: 0.029
C26: % of female colleagues on part time employment contracts | I26: 0.1841 | J26: 0.098
C27: % of colleagues on full time employment contracts | D27: 0 | E27: 0 | F27: 0 | G27: 0 | H27: 0 | I27: 0.7311 | J27: 0.873
C28: % of colleagues on part time employment contracts | D28: 0 | E28: 0 | F28: 0 | G28: 0 | H28: 0 | I28: 0.2689 | J28: 0.127
B29: London Office | C29: % of male colleagues on full time employment contracts | I29: 0.8182 | J29: 0.667
C30: % of female colleagues on full time employment contracts | I30: 0.1818 | J30: 0.333
C31: % of male colleagues on part time employment contracts | I31: 0 | J31: 0
C32: % of female colleagues on part time employment contracts | I32: 0 | J32: 0
C33: % of colleagues on full time employment contracts | D33: 0.9 | E33: 1 | F33: 1 | G33: 1 | H33: 1 | I33: 1 | J33: 1
C34: % of colleagues on part time employment contracts | D34: 0.1 | E34: 0 | F34: 0 | G34: 0 | H34: 0 | I34: 0 | J34: 0
B35: Chicago Office | C35: % of male colleagues on full time employment contracts | I35: 0.48 | J35: 0.364
C36: % of female colleagues on full time employment contracts | I36: 0.52 | J36: 0.636
C37: % of male colleagues on part time employment contracts | I37: 0 | J37: 0
C38: % of female colleagues on part time employment contracts | I38: 0 | J38: 0
C39: % of colleagues on full time employment contracts | D39: 1 | E39: 1 | F39: 1 | G39: 1 | H39: 1 | I39: 1 | J39: 0.364
C40: % of colleagues on part time employment contracts | D40: 0 | E40: 0 | F40: 0 | G40: 0 | H40: 0 | I40: 0 | J40: 0.636
B41: New York Office | C41: % of male colleagues on full time employment contracts | I41: N/A | J41: N/A
C42: % of female colleagues on full time employment contracts | I42: N/A | J42: N/A
C43: % of male colleagues on part time employment contracts | I43: N/A | J43: N/A
C44: % of female colleagues on part time employment contracts | I44: N/A | J44: N/A
C45: % of colleagues on full time employment contracts | D45: 0 | E45: 0 | F45: 0 | G45: 0 | H45: 0 | I45: N/A | J45: N/A
C46: % of colleagues on part time employment contracts | D46: 0 | E46: 0 | F46: 0 | G46: 0 | H46: 0 | I46: N/A | J46: N/A
B47: Bristol | C47: % of male colleagues on full time employment contracts | I47: 0.369 | J47: 0.298
C48: % of female colleagues on full time employment contracts | I48: 0.2619 | J48: 0.333
C49: % of male colleagues on part time employment contracts | I49: 0.1548 | J49: 0.088
C50: % of female colleagues on part time employment contracts | I50: 0.2143 | J50: 0.281
C51: % of colleagues on full time employment contracts | F51: n/a | G51: n/a | H51: 0.5833 | I51: 0.631 | J51: 0.632
C52: % of colleagues on part time employment contracts | F52: n/a | G52: n/a | H52: 0.4167 | I52: 0.369 | J52: 0.368
B53: Other Location | C53: % of male colleagues on full time employment contracts | I53: 0.4419 | J53: 0.688
C54: % of female colleagues on full time employment contracts | I54: 0.5316 | J54: 0.25
C55: % of male colleagues on part time employment contracts | I55: 0.0133 | J55: 0.062
C56: % of female colleagues on part time employment contracts | I56: 0.0133 | J56: 0
C57: % of colleagues on full time employment contracts | D57: 1 | E57: 0 | F57: 0.9695 | G57: 0.875 | H57: 0.8333 | I57: 0.9734 | J57: 0.938
C58: % of colleagues on part time employment contracts | D58: 0 | E58: 0 | F58: 0.0305 | G58: 0.125 | H58: 0.1667 | I58: 0.0266 | J58: 0.062
B59: MAG | C59: % of male colleagues on full time employment contracts | I59: 0.4673 | J59: 0.492
C60: % of female colleagues on full time employment contracts | I60: 0.2445 | J60: 0.249
C61: % of male colleagues on part time employment contracts | I61: 0.1539 | J61: 0.132
C62: % of female colleagues on part time employment contracts | I62: 0.1343 | J62: 0.127
C63: % of colleagues on full time employment contracts | D63: 0.64897553 | E63: 0.67929918 | F63: 0.725 | G63: 0.5847 | H63: 0.6817 | I63: 0.7118 | J63: 0.738
C64: % of colleagues on part time employment contracts | D64: 0.35102447 | E64: 0.32070082 | F64: 0.275 | G64: 0.4153 | H64: 0.3183 | I64: 0.2882 | J64: 0.262

Sheet GRI 2-21
A1: GRI 2-21
A2: Remuneration and Incentives
D4: 2019/20 | E4: 2020/21 | F4: 2021/22 | G4: 2022/23 | H4: 2023/24 | I4: 2024/25 | J4: 2025/26
B5: Ratio of the annual total compensation for the organisation’s highest-paid individual to the median annual total compensation for all employees (excluding the highest-paid individual) in the same country. | D5: 1.00 : 0.04 | E5: 1.00 : 0.05 | F5: 1.00 : 0.04 | G5: 1.00 : 0.04 | H5: 1.00 : 0.011 [1] | I5: 1.00: 0.016 | J5: 1.00 : 0.015
B7: Ratio of the percentage increase in annual total compensation for the organisation’s highest-paid individual in each country of significant operations to the median percentage increase in annual total compensation for all employees (excluding the highest-paid individual) in the same country. | D7: Data not available. | E7: Data not available. | F7: Data not available. | G7: Data not available. | H7: Data not available. | I7: Data not available. | J7: Data not available.
B8: Report contextual information necessary to understand the data and how the data has been compiled. | D8: Data not available. | E8: Data not available. | F8: Data not available. | G8: Data not available. | H8: Data not available. | I8: Data not available. | J8: Data not available.
B9: [1] Impacts of bonus payments

Sheet GRI 2-30
A1: GRI 2-30 | C1: `
A2: Percentage of total employees covered by collective bargaining agreement
C4: 2018/19 | D4: 2019/20 | E4: 2020/21 | F4: 2021/22 | G4: 2022/23 | H4: 2023/24 | I4: 2024/25 | J4: 2025/26
B5: Employees covered by collective bargaining agreements [1] | C5: 6375 | D5: 6344 | E5: 4719 | F5: 4559 | G5: 6429 | H5: 7591 | I5: 7497 | J5: 7140
B6: As a percentage against the total employees [1] | C6: 0.91162591 | D6: 0.90267501 | E6: 0.8987 | F6: 0.904 | G6: 0.9172 | H6: 0.8675 | I6: 0.861 | J6: 0.882
B7: [1] As of 2024/25, our data now includes global employees (incl. CAVU) covered by bargaining agreements.

Sheet GRI 202-1
A1: GRI 202-1
A2: Ratios of standard entry level wage by gender compared to local minimum wage at significant locations of operation.
A4: Salary Ratio by Employee Category (Based on Average Salaries per Band per hour)
A5: To calculate the range of ratios of standard entry level wage by gender compared to local minimum wage, we used data for all staff within tiers with an average salary that meet or are below the national average salary* of £29,685. No Employee of MAG is paid below the national minimum wage. The significant location is the group.
C8: 2019/20 | J8: 2020/21 | Q8: 2021/22 | X8: 2022/23 | AE8: 2023/24 | AL8: 2024/25 | AS8: 2025/26
C9: All Colleagues in Tiers 5 - 7 (Levels from CEO) | J9: All Colleagues in Tiers 5 - 7 (Levels from CEO) | Q9: All Colleagues in Tiers 5 - 7 (Levels from CEO) | X9: All Colleagues in Tiers 5 - 7 (Levels from CEO) | AE9: All Colleagues in Tiers 5 - 7 (Levels from CEO) | AL9: All Colleagues in Tiers 5 - 7 (Levels from CEO) | AS9: All Colleagues in Tiers 5 - 7 (Levels from CEO)
B10: Tier 7 | C10: Total Number of Colleagues | D10: Number of Full Time Employees | E10: Number of Part Time Employees | F10: Number of Casual Employees | G10: Average Salary | H10: Average Hourly Rate | I10: Ratio | J10: Total Number of Colleagues | K10: Number of Full Time Employees | L10: Number of Part Time Employees | M10: Number of Casual Employees | N10: Average Salary | O10: Average Hourly Rate | P10: Ratio | Q10: Total Number of Colleagues | R10: Number of Full Time Employees | S10: Number of Part Time Employees | T10: Number of Casual Employees | U10: Average Salary | V10: Average Hourly Rate | W10: Ratio | X10: Total Number of Colleagues | Y10: Number of Full Time Employees | Z10: Number of Part Time Employees | AA10: Number of Casual Employees | AB10: Average Salary | AC10: Average Hourly Rate | AD10: Ratio | AE10: Total Number of Colleagues | AF10: Number of Full Time Employees | AG10: Number of Part Time Employees | AH10: Number of Casual Employees | AI10: Average Salary | AJ10: Average Hourly Rate | AK10: Ratio | AL10: Total Number of Colleagues | AM10: Number of Full Time Employees | AN10: Number of Part Time Employees | AO10: Number of Casual Employees | AP10: Average Salary | AQ10: Average Hourly Rate | AR10: Ratio | AS10: Total Number of Colleagues | AT10: Number of Full Time Employees | AU10: Number of Part Time Employees | AV10: Number of Casual Employees | AW10: Average Salary | AX10: Average Hourly Rate | AY10: Ratio
B11: Male | C11: 1666 | D11: 1033 | E11: 630 | F11: 3 | G11: 35615.18 | H11: 17.12 | I11: 0.96 | J11: 1716 | K11: 896 | L11: 817 | M11: 3 | N11: 26730.928 | O11: 12.778607 | P11: 1 | Q11: 1832 | R11: 1198 | S11: 631 | T11: 3 | U11: 18595.55 | V11: 10.49 | W11: 0.97 | X11: 1336 | Y11: 768 | Z11: 562 | AA11: 6 | AB11: 21605.5 | AC11: 11.69 | AD11: 0.98 | AE11: 3130 | AF11: 1888 | AG11: 1233 | AH11: 9 | AI11: 27320.85 | AJ11: 12.73 | AK11: 0.99 | AL11: 3346 | AM11: 2231 | AN11: 1111 | AO11: 4 | AP11: 29523.94 | AQ11: 13.59 | AR11: 0.99 | AS11: 3151 | AT11: 2082 | AU11: 1065 | AV11: 4 | AW11: 30467.7 | AX11: 13.91 | AY11: 0.99
B12: Female | C12: 782 | D12: 325 | E12: 457 | F12: 0 | G12: 37282.53 | H12: 17.83 | I12: 1 | J12: 1069 | K12: 441 | L12: 628 | M12: 0 | N12: 26123.126 | O12: 12.431441 | P12: 0.97726221 | Q12: 1243 | R12: 680 | S12: 563 | T12: 0 | U12: 17020.38 | V12: 10.82 | W12: 1 | X12: 663 | Y12: 324 | Z12: 339 | AA12: 0 | AB12: 20782.11 | AC12: 11.98 | AD12: 1 | AE12: 1890 | AF12: 913 | AG12: 966 | AH12: 11 | AI12: 25582.76 | AJ12: 12.89 | AK12: 1 | AL12: 2072 | AM12: 1093 | AN12: 968 | AO12: 11 | AP12: 27048.24 | AQ12: 13.72 | AR12: 1 | AS12: 2035 | AT12: 1032 | AU12: 994 | AV12: 9 | AW12: 27755.35 | AX12: 14.04 | AY12: 1
B14: Tier 6 | C14: Total Number of Colleagues | D14: Number of Full Time Employees | E14: Number of Part Time Employees | F14: Number of Casual Employees | G14: Average Salary | H14: Average Hourly Rate | I14: Ratio | J14: Total Number of Colleagues | K14: Number of Full Time Employees | L14: Number of Part Time Employees | M14: Number of Casual Employees | N14: Average Salary | O14: Average Hourly Rate | P14: Ratio | Q14: Total Number of Colleagues | R14: Number of Full Time Employees | S14: Number of Part Time Employees | T14: Number of Casual Employees | U14: Average Salary | V14: Average Hourly Rate | W14: Ratio | X14: Total Number of Colleagues | Y14: Number of Full Time Employees | Z14: Number of Part Time Employees | AA14: Number of Casual Employees | AB14: Average Salary | AC14: Average Hourly Rate | AD14: Ratio | AE14: Total Number of Colleagues | AF14: Number of Full Time Employees | AG14: Number of Part Time Employees | AH14: Number of Casual Employees | AI14: Average Salary | AJ14: Average Hourly Rate | AK14: Ratio | AL14: Total Number of Colleagues | AM14: Number of Full Time Employees | AN14: Number of Part Time Employees | AO14: Number of Casual Employees | AP14: Average Salary | AQ14: Average Hourly Rate | AR14: Ratio | AS14: Total Number of Colleagues | AT14: Number of Full Time Employees | AU14: Number of Part Time Employees | AV14: Number of Casual Employees | AW14: Average Salary | AX14: Average Hourly Rate | AY14: Ratio
B15: Male | C15: 1046 | D15: 829 | E15: 217 | F15: 0 | G15: 37151.58 | H15: 17.92 | I15: 1 | J15: 842 | K15: 769 | L15: 73 | M15: 0 | N15: 36578.334 | O15: 17.613717 | P15: 1 | Q15: 526 | R15: 496 | S15: 30 | T15: 0 | U15: 36727.42 | V15: 18.4 | W15: 1 | X15: 1605 | Y15: 1164 | Z15: 433 | AA15: 8 | AB15: 27307.938 | AC15: 14.278646 | AD15: 1 | AE15: 606 | AF15: 571 | AG15: 35 | AH15: 0 | AI15: 45037.59 | AJ15: 20.2 | AK15: 1 | AL15: 610 | AM15: 574 | AN15: 36 | AO15: 0 | AP15: 47409.48 | AQ15: 21.43 | AR15: 1 | AS15: 708 | AT15: 665 | AU15: 43 | AV15: 0 | AW15: 48603.95 | AX15: 21.9 | AY15: 1
B16: Female | C16: 659 | D16: 379 | E16: 279 | F16: 1 | G16: 33569.52 | H16: 16.13 | I16: 0.9 | J16: 318 | K16: 241 | L16: 77 | M16: 0 | N16: 32745.685 | O16: 15.779654 | P16: 0.8952208 | Q16: 190 | R16: 131 | S16: 59 | T16: 0 | U16: 32339.31 | V16: 17.27 | W16: 0.94 | X16: 788 | Y16: 434 | Z16: 351 | AA16: 3 | AB16: 23217.083 | AC16: 13.247663 | AD16: 0.93 | AE16: 234 | AF16: 196 | AG16: 38 | AH16: 0 | AI16: 39883.86 | AJ16: 19.14 | AK16: 0.95 | AL16: 247 | AM16: 201 | AN16: 46 | AO16: 0 | AP16: 41625.64 | AQ16: 20.21 | AR16: 0.94 | AS16: 270 | AT16: 219 | AU16: 51 | AV16: 0 | AW16: 43202.8 | AX16: 21.03 | AY16: 0.96
B18: Tier 5 | C18: Total Number of Colleagues | D18: Number of Full Time Employees | E18: Number of Part Time Employees | F18: Number of Casual Employees | G18: Average Salary | H18: Average Hourly Rate | I18: Ratio | J18: Total Number of Colleagues | K18: Number of Full Time Employees | L18: Number of Part Time Employees | M18: Number of Casual Employees | N18: Average Salary | O18: Average Hourly Rate | P18: Ratio | Q18: Total Number of Colleagues | R18: Number of Full Time Employees | S18: Number of Part Time Employees | T18: Number of Casual Employees | U18: Average Salary | V18: Average Hourly Rate | W18: Ratio | X18: Total Number of Colleagues | Y18: Number of Full Time Employees | Z18: Number of Part Time Employees | AA18: Number of Casual Employees | AB18: Average Salary | AC18: Average Hourly Rate | AD18: Ratio | AE18: Total Number of Colleagues | AF18: Number of Full Time Employees | AG18: Number of Part Time Employees | AH18: Number of Casual Employees | AI18: Average Salary | AJ18: Average Hourly Rate | AK18: Ratio | AL18: Total Number of Colleagues | AM18: Number of Full Time Employees | AN18: Number of Part Time Employees | AO18: Number of Casual Employees | AP18: Average Salary | AQ18: Average Hourly Rate | AR18: Ratio | AS18: Total Number of Colleagues | AT18: Number of Full Time Employees | AU18: Number of Part Time Employees | AV18: Number of Casual Employees | AW18: Average Salary | AX18: Average Hourly Rate | AY18: Ratio
B19: Male | C19: 464 | D19: 423 | E19: 41 | F19: 0 | G19: 43694.5 | H19: 21.66 | I19: 1 | J19: 446 | K19: 431 | L19: 15 | M19: 0 | N19: 39065.993 | O19: 19.394709 | P19: 1 | Q19: 211 | R19: 210 | S19: 1 | T19: 0 | U19: 38370.28 | V19: 18.9 | W19: 1 | X19: 771 | Y19: 669 | Z19: 97 | AA19: 5 | AB19: 34009.401 | AC19: 17.209614 | AD19: 1 | AE19: 269 | AF19: 267 | AG19: 2 | AH19: 0 | AI19: 46840.21 | AJ19: 21.74 | AK19: 1 | AL19: 299 | AM19: 296 | AN19: 3 | AO19: 0 | AP19: 48876.31 | AQ19: 22.76 | AR19: 1 | AS19: 404 | AT19: 394 | AU19: 10 | AV19: 0 | AW19: 50845.84 | AX19: 23.31 | AY19: 1
B20: Female | C20: 342 | D20: 263 | E20: 78 | F20: 1 | G20: 36903.48 | H20: 18.39 | I20: 0.84 | J20: 225 | K20: 195 | L20: 30 | M20: 0 | N20: 33502.105 | O20: 16.682978 | P20: 0.8575772 | Q20: 108 | R20: 101 | S20: 7 | T20: 0 | U20: 35663.32 | V20: 18.27 | W20: 0.97 | X20: 447 | Y20: 348 | Z20: 96 | AA20: 3 | AB20: 28945.245 | AC20: 15.30728 | AD20: 0.89 | AE20: 166 | AF20: 152 | AG20: 14 | AH20: 0 | AI20: 40385.21 | AJ20: 19.99 | AK20: 0.92 | AL20: 185 | AM20: 175 | AN20: 10 | AO20: 0 | AP20: 42361.31 | AQ20: 20.56 | AR20: 0.9 | AS20: 203 | AT20: 193 | AU20: 10 | AV20: 0 | AW20: 45111.01 | AX20: 21.57 | AY20: 0.93
C22: Breakdown by National Minimum Wage Groups | J22: Breakdown by National Minimum Wage Groups | Q22: Breakdown by National Minimum Wage Groups | X22: Breakdown by National Minimum Wage Groups | AE22: Breakdown by National Minimum Wage Groups | AL22: Breakdown by National Minimum Wage Groups | AT22: Breakdown by National Minimum Wage Groups
C23: Under 18 Years of Age | J23: Under 18 Years of Age | Q23: Under 18 Years of Age | X23: Under 18 Years of Age | AE23: Under 18 Years of Age | AL23: Under 18 Years of Age | AT23: Under 18 Years of Age
C24: Number of Colleagues | D24: Average Hourly Rate | E24: National Minimum Wage | F24: % Average Salary vs Minimum Wage | G24: Ratio | J24: Number of Colleagues | K24: Average Hourly Rate | L24: National Minimum Wage | M24: % Average Salary vs Minimum Wage | N24: Ratio | Q24: Number of Colleagues | R24: Average Hourly Rate | S24: National Minimum Wage | T24: % Average Salary vs Minimum Wage | U24: Ratio | X24: Number of Colleagues | Y24: Average Hourly Rate | Z24: National Minimum Wage | AA24: % Average Salary vs Minimum Wage | AB24: Ratio | AE24: Number of Colleagues | AF24: Average Hourly Rate | AG24: National Minimum Wage | AH24: % Average Salary vs Minimum Wage | AI24: Ratio | AL24: Number of Colleagues | AM24: Average Hourly Rate | AN24: National Minimum Wage | AO24: % Average Salary vs Minimum Wage | AP24: Ratio | AT24: Number of Colleagues | AU24: Average Hourly Rate | AV24: National Minimum Wage | AW24: % Average Salary vs Minimum Wage | AX24: Ratio
B25: Male | C25: 3 | D25: 7.44 | E25: 4.55 | F25: 1.63 | G25: 0.81 | J25: 3 | K25: 8.7933333 | L25: 4.55 | M25: 1.9326007 | N25: 0.92805629 | Q25: 0 | R25: n/a | S25: 4.62 | T25: n/a | U25: n/a | X25: 2 | Y25: 13.09 | Z25: 4.81 | AA25: 2.72 | AB25: 1 | AE25: 1 | AF25: 14.19 | AG25: 5.28 | AH25: 2.6879 | AI25: 1 | AL25: 2 | AM25: 11.14 | AN25: 6.4 | AO25: 1.7401 | AP25: 1 | AT25: 1 | AU25: 14.82 | AV25: 8 | AW25: 1.166 | AX25: 1
B26: Female | C26: 3 | D26: 9.19 | E26: 4.55 | F26: 2.02 | G26: 1 | J26: 2 | K26: 9.475 | L26: 4.55 | M26: 2.0824176 | N26: 1 | Q26: 2 | R26: 10.18 | S26: 4.62 | T26: 2.2043 | U26: 1.00:2.2 | X26: 1 | Y26: 13.09 | Z26: 4.81 | AA26: 2.72 | AB26: 1 | AE26: 3 | AF26: 11.48 | AG26: 5.28 | AH26: 2.1749 | AI26: 0.81 | AL26: 0 | AM26: 0 | AN26: 6.4 | AO26: 0 | AP26: 0 | AT26: 0 | AU26: 0 | AV26: 8 | AW26: 0 | AX26: 0
C28: 18 - 20 Years of Age | J28: 18 - 20 Years of Age | Q28: 18 - 20 Years of Age | X28: 18 - 20 Years of Age | AE28: 18 - 20 Years of Age | AL28: 18 - 20 Years of Age | AT28: 18 - 20 Years of Age
C29: Number of Colleagues | D29: Average Hourly Rate | E29: National Minimum Wage | F29: % Average Salary vs Minimum Wage | G29: Ratio | J29: Number of Colleagues | K29: Average Hourly Rate | L29: National Minimum Wage | M29: % Average Salary vs Minimum Wage | N29: Ratio | Q29: Number of Colleagues | R29: Average Hourly Rate | S29: National Minimum Wage | T29: % Average Salary vs Minimum Wage | U29: Ratio | X29: Number of Colleagues | Y29: Average Hourly Rate | Z29: National Minimum Wage | AA29: % Average Salary vs Minimum Wage | AB29: Ratio | AE29: Number of Colleagues | AF29: Average Hourly Rate | AG29: National Minimum Wage | AH29: % Average Salary vs Minimum Wage | AI29: Ratio | AL29: Number of Colleagues | AM29: Average Hourly Rate | AN29: National Minimum Wage | AO29: % Average Salary vs Minimum Wage | AP29: Ratio | AT29: Number of Colleagues | AU29: Average Hourly Rate | AV29: National Minimum Wage | AW29: % Average Salary vs Minimum Wage | AX29: Ratio
B30: Male | C30: 64 | D30: 11.8 | E30: 6.45 | F30: 1.83 | G30: 0.87 | J30: 52 | K30: 10.245962 | L30: 6.45 | M30: 1.5885212 | N30: 0.98165923 | Q30: 43 | R30: 10.02 | S30: 6.56 | T30: 1.53 | U30: 1.00:1.53 | X30: 87 | Y30: 11.10359 | Z30: 6.83 | AA30: 1.63 | AB30: 0.99 | AE30: 143 | AF30: 11.79 | AG30: 7.49 | AH30: 1.5745 | AI30: 0.98 | AL30: 125 | AM30: 12.96 | AN30: 8.6 | AO30: 1.5075 | AP30: 1 | AT30: 79 | AU30: 13.74 | AV30: 10.85 | AW30: 1.2659 | AX30: 1
B31: Female | C31: 40 | D31: 13.57 | E31: 6.45 | F31: 2.1 | G31: 1 | J31: 23 | K31: 10.437391 | L31: 6.45 | M31: 1.6182002 | N31: 1 | Q31: 38 | R31: 10.22 | S31: 6.56 | T31: 1.56 | U31: 1.00:1.6 | X31: 62 | Y31: 11.2 | Z31: 6.83 | AA31: 1.64 | AB31: 1 | AE31: 98 | AF31: 12.09 | AG31: 7.49 | AH31: 1.6142 | AI31: 1 | AL31: 100 | AM31: 12.91 | AN31: 8.6 | AO31: 1.5016 | AP31: 0.99 | AT31: 77 | AU31: 13.23 | AV31: 10.85 | AW31: 1.2197 | AX31: 0.96
C33: 21 - 24 Years of Age | J33: 21 - 24 Years of Age | Q33: 21 - 24 Years of Age | X33: 21 - 24 Years of Age | AE33: 21 - 22 Years of Age | AL33: 21 or over (NMW) | AT33: 21 or over (NMW)
C34: Number of Colleagues | D34: Average Hourly Rate | E34: National Minimum Wage | F34: % Average Salary vs Minimum Wage | G34: Ratio | J34: Number of Colleagues | K34: Average Hourly Rate | L34: National Minimum Wage | M34: % Average Salary vs Minimum Wage | N34: Ratio | Q34: Number of Colleagues | R34: Average Hourly Rate | S34: National Minimum Wage | T34: % Average Salary vs Minimum Wage | U34: Ratio | X34: Number of Colleagues | Y34: Average Hourly Rate | Z34: National Minimum Wage | AA34: % Average Salary vs Minimum Wage | AB34: Ratio | AE34: Number of Colleagues | AF34: Average Hourly Rate | AG34: National Minimum Wage | AH34: % Average Salary vs Minimum Wage | AI34: Ratio | AL34: Number of Colleagues | AM34: Average Hourly Rate | AN34: National Minimum Wage | AO34: % Average Salary vs Minimum Wage | AP34: Ratio | AT34: Number of Colleagues | AU34: Average Hourly Rate | AV34: National Minimum Wage | AW34: % Average Salary vs Minimum Wage | AX34: Ratio
B35: Male | C35: 281 | D35: 13.69 | E35: 8.2 | F35: 1.67 | G35: 0.98 | J35: 201 | K35: 12.211343 | L35: 8.2 | M35: 1.4891882 | N35: 1 | Q35: 60 | R35: 11.22 | S35: 8.36 | T35: 1.34 | U35: 1.00:1.3 | X35: 100 | Y35: 11.77 | Z35: 9.18 | AA35: 1.28 | AB35: 0.96 | AE35: 128 | AF35: 12.98 | AG35: 10.18 | AH35: 1.2748 | AI35: 1 | AL35: 4939 | AM35: 18.84 | AN35: 11.44 | AO35: 1.6465 | AP35: 1 | AT35: 5011 | AU35: 19.76 | AV35: 12.21 | AW35: 1.6187 | AX35: 1
B36: Female | C36: 229 | D36: 13.99 | E36: 8.2 | F36: 1.71 | G36: 1 | J36: 153 | K36: 11.619412 | L36: 8.2 | M36: 1.4170014 | N36: 0.95152609 | Q36: 42 | R36: 10.6 | S36: 8.36 | T36: 1.27 | U36: 1.00:1.3 | X36: 88 | Y36: 12.15 | Z36: 9.18 | AA36: 1.32 | AB36: 1 | AE36: 126 | AF36: 12.52 | AG36: 10.18 | AH36: 1.2296 | AI36: 0.96 | AL36: 2839 | AM36: 17.89 | AN36: 11.44 | AO36: 1.5638 | AP36: 0.95 | AT36: 2923 | AU36: 18.75 | AV36: 12.21 | AW36: 1.5357 | AX36: 0.95
C38: Aged 25 or Over - National Living Wage | J38: Aged 25 or Over - National Living Wage | Q38: Aged 25 or Over - National Living Wage | X38: Aged 25 or Over - National Living Wage | AE38: Aged 23 or Over - National Living Wage
C39: Number of Colleagues | D39: Average Hourly Rate | E39: National Minimum Wage | F39: % Average Salary vs Minimum Wage | G39: Ratio | J39: Number of Colleagues | K39: Average Hourly Rate | L39: National Minimum Wage | M39: % Average Salary vs Minimum Wage | N39: Ratio | Q39: Number of Colleagues | R39: Average Hourly Rate | S39: National Minimum Wage | T39: % Average Salary vs Minimum Wage | U39: Ratio | X39: Number of Colleagues | Y39: Average Hourly Rate | Z39: National Minimum Wage | AA39: % Average Salary vs Minimum Wage | AB39: Ratio | AE39: Number of Colleagues | AF39: Average Hourly Rate | AG39: National Minimum Wage | AH39: % Average Salary vs Minimum Wage | AI39: Ratio
B40: Male | C40: 4086 | D40: 19.22 | E40: 8.72 | F40: 2.2 | G40: 1 | J40: 3141 | K40: 17.401929 | L40: 8.72 | M40: 1.9956341 | N40: 1 | Q40: 3121 | R40: 16.16 | S40: 8.91 | T40: 1.81 | U40: 1.00:1.8 | X40: 4022 | Y40: 16.17537 | Z40: 9.5 | AA40: 1.7 | AB40: 1 | AE40: 4441 | AF40: 17.89 | AG40: 10.42 | AH40: 1.7172 | AI40: 1
B41: Female | C41: 2322 | D41: 17.77 | E41: 8.72 | F41: 2.04 | G41: 0.92 | J41: 1676 | K41: 15.747142 | L41: 8.72 | M41: 1.8058649 | N41: 0.90490782 | Q41: 1737 | R41: 14.59 | S41: 8.91 | T41: 1.64 | U41: 1.00:1.6 | X41: 2086 | Y41: 15.390136 | Z41: 9.5 | AA41: 1.62 | AB41: 0.95 | AE41: 2405 | AF41: 16.91 | AG41: 10.42 | AH41: 1.6233 | AI41: 0.95

Sheet GRI 202-2
A1: GRI 202-2 Proportion of senior management hired from the local community
B3: 2025/26
A4: Percentage of senior management at significant locations of operation that are hired from the local community. | B4: Due to system constraints we are unable to provide this metric. We aim to work with our people team to provide this in the future.
A5: The definition used for ‘senior management’. | B5: Due to system constraints we are unable to provide this metric. We aim to work with our people team to provide this in the future.
A6: The organization’s geographical definition of ‘local’. | B6: Due to system constraints we are unable to provide this metric. We aim to work with our people team to provide this in the future.

Sheet GRI 204-1
B1: GRI 204-1
B2: Local Suppliers
D4: 2019/20 | E4: 2020/21 | F4: 2021/22 | G4: 2022/23 | H4: 2023/24 | I4: 2024/25 | J4: 2025/26
B5: East Midlands Airport | C5: Total number of suppliers | D5: 385 | E5: 293 | F5: 271 | G5: 306 | H5: 331 | I5: 366 | J5: 400
C6: Number of local suppliers (within 25 miles of airports) businesses. | D6: 81 | E6: 52 | F6: 46 | G6: 46 | H6: 52 | I6: 54 | J6: 56
C7: % of local suppliers (within 25 miles of airports) businesses. | D7: 0.21 | E7: 0.18 | F7: 0.17 | G7: 0.15 | H7: =H6/H5 -> 0.1570997 | I7: =I6/I5 -> 0.14754098 | J7: 0.14
C8: % of supply chain spend emissions reported | G8: n/a | H8: n/a | I8: n/a | J8: 1
B9: London Stansted Airport | C9: Total number of suppliers | D9: 455 | E9: 372 | F9: 361 | G9: 425 | H9: 371 | I9: 491 | J9: 532
C10: Number of local suppliers (within 25 miles of airports) businesses. | D10: 80 | E10: 66 | F10: 71 | G10: 83 | H10: 63 | I10: 72 | J10: 83
C11: % of local suppliers (within 25 miles of airports) businesses. | D11: 0.18 | E11: 0.18 | F11: 0.2 | G11: 0.2 | H11: =H10/H9 -> 0.16981132 | I11: =I10/I9 -> 0.14663951 | J11: 0.156
C12: % of supply chain spend emissions reported | G12: n/a | H12: n/a | I12: n/a | J12: 1
B13: Manchester Airport | C13: Total number of suppliers | D13: 717 | E13: 474 | F13: 450 | G13: 502 | H13: 567 | I13: 619 | J13: 681
C14: Number of local suppliers (within 25 miles). | D14: 264 | E14: 168 | F14: 166 | G14: 167 | H14: 195 | I14: 194 | J14: 209
C15: % number of local suppliers (within 25 miles). | D15: 0.37 | E15: 0.35 | F15: 0.37 | G15: 0.33 | H15: =H14/H13 -> 0.34391534 | I15: =I14/I13 -> 0.31340872 | J15: 0.307
C16: % of supply chain spend emissions reported | G16: n/a | H16: n/a | I16: n/a | J16: 1
B17: CAVU | C17: Total number of suppliers | D17: n/a | E17: n/a | F17: n/a | G17: n/a | H17: n/a | I17: n/a | J17: 142
C18: Number of local suppliers (within 25 miles of airports). | D18: n/a | E18: n/a | F18: n/a | G18: n/a | H18: n/a | I18: n/a | J18: 33
C19: % number of local suppliers (within 25 miles of airports). | D19: n/a | E19: n/a | F19: n/a | G19: n/a | H19: n/a | I19: n/a | J19: 0.232
C20: % of supply chain spend emissions reported | G20: n/a | H20: n/a | I20: n/a | J20: 1
B21: MAG | C21: Total number of suppliers | D21: 1557 | E21: =SUM(E13+E9+E5) -> 1139 | F21: 1082 | G21: 1233 | H21: =SUM(H5,H9,H13,H17) -> 1269 | I21: =SUM(I5,I9,I13,I17) -> 1476 | J21: 1755
C22: Number of local suppliers (within 25 miles of airports) businesses. | D22: 425 | E22: =E14+E10+E6 -> 286 | F22: 283 | G22: 296 | H22: =SUM(H6,H10,H14,H18) -> 310 | I22: =SUM(I6,I10,I14,I18) -> 320 | J22: 381
C23: % of local suppliers (within 25 miles of airports) businesses. | D23: 0.27 | E23: =(E22/E21)*1 -> 0.25109745 | F23: 0.26 | G23: 0.24 | H23: =H22/H21 -> 0.24428684 | I23: =I22/I21 -> 0.21680217 | J23: 0.217
C24: Report the percentage of the procurement budget used for significant locations of operation spent on local suppliers to that operation. | D24: 0.147 | E24: 0.167 | F24: 0.216 | G24: 0.225 | H24: 0.216 | I24: 0.193 | J24: 0.176
C25: % of supply chain spend emissions reported | G25: n/a | H25: n/a | I25: n/a | J25: 1
D27: 2019/20 | E27: 2020/21 | F27: 2021/22 | G27: 2022/23 | H27: 2023/24 | I27: 2024/25 | J27: 2025/26
B28: Description of Supply Chain | D28: MAG cannot by law favour local suppliers. Under UCR regulations (OJEU) it would be a breach of UK and European contract law to do so as we are classed as a public utility and therefore captured under OJEU legislation. To specifically favour local contractors would be discriminatory under this legislation and leave us open to substantial fines and legal action by the European commission. On the other hand, we have robust evaluation procedures which we monitor contractors against and actively encourage contribution through contracting at regional level. | E28: MAG cannot by law favour local suppliers. Under the Public Procurement Amendment 2020 (PPAR), Utilities Contract Regulations (UCR) it would be a breach of UK contract law to do so as we are classed as a Utility and therefore captured under UK directives legislation. To specifically favour local contractors would be discriminatory under this legislation and leave us open to substantial fines and legal action. On the other hand, we have robust evaluation procedures which we monitor contractors against and actively encourage contribution through contracting at regional level. | F28: MAG cannot by law favour local suppliers. Under the Public Procurement Amendment 2020 (PPAR), Utilities Contract Regulations (UCR) it would be a breach of UK contract law to do so as we are classed as a Utility and therefore captured under UK directives legislation. To specifically favour local contractors would be discriminatory under this legislation and leave us open to substantial fines and legal action. On the other hand, we have robust evaluation procedures which we monitor contractors against and actively encourage contribution through contracting at regional level. | G28: MAG cannot by law stipulate criteria for suppliers based on size or locality due to required compliance with the Utilities Contracts Regulations 2016 which requires fair and open competition with all contracts advertised over published thresholds for goods, works and services. We do however, encourage local and SME engagement for smaller contracts, or via “tiering” into our main appointed contractors. We held two “Meet the Buyer” events in FY23, where local SME’s can make appointments to discuss business opportunities with our Tier 1 contractors, to encourage regional proximity for subcontracted work. | H28: MAG cannot by law stipulate criteria for suppliers based on size or locality due to required compliance with the Utilities Contracts Regulations 2016 which requires fair and open competition with all contracts advertised over published thresholds for goods, works and services. We do however, encourage local and SME engagement for smaller contracts, or via “tiering” into our main appointed contractors. We held three “Meet the Buyer” events in FY24, one at each airport for each airport locality. At these events local SME’s can make appointments to discuss business opportunities with our Tier 1 contractors, to encourage regional proximity for subcontracted work. | I28: MAG cannot by law stipulate criteria for suppliers based on size or locality due to required compliance with the Procurement Act 2023 which requires fair and open competition with all contracts advertised over published thresholds for goods, works and services. We do however, encourage local and SME engagement for smaller contracts, or via “tiering” into our main appointed contractors. We held two “Meet the Buyer” events in FY25, one at Stansted airport and one at Manchester airport. At these events local SME’s can make appointments to discuss business opportunities with our Tier 1 contractors, to encourage regional proximity for subcontracted work. | J28: MAG cannot by law stipulate criteria for suppliers based on size or locality due to required compliance with the Procurement Act 2023 which requires fair and open competition with all contracts advertised over published thresholds for goods, works and services. We do however, encourage local and SME engagement for smaller contracts, or via “tiering” into our main appointed contractors. We held two “Meet the Buyer” events in FY26, one at Stansted airport and one at Manchester airport, and will be holding a further event at East Midlands Airport in May 2026. At these events local SME’s can make appointments to discuss business opportunities with our Tier 1 contractors, to encourage regional proximity for subcontracted work.

Sheet GRI 205-1
A1: 205-1
A2: Operations assessed for risks related to corruption
D4: 2024/25 | F4: 2025/26
D5: Number | E5: % | F5: Number | G5: %
B6: Total number and percentage of operations assessed for risks related to corruption | D6: 11 | E6: 1 | F6: 11 | G6: 1
B7: Significant risks related to corruption identified through the risk assessment. | D7: 1 | E7: 0.006 | F7: 6 | G7: 0.05

Sheet GRI 304-1, 2, 3 & 4
B1: GRI 304-1, 2, 3, 4
B2: Land & Biodiversity
D4: 2019/20 | G4: 2020/21 | J4: 2021/22 | M4: 2022/23 | P4: 2023/24 | S4: 2024/25 | V4: 2025/26
B5: East Midlands | C5: Area of operational area under management (ha) | D5: 445 | G5: 445 | J5: 445 | M5: 445 | P5: 445 | S5: 445 | V5: 445
B6: Manchester | C6: Area of operational area under management (ha) | D6: 800 | G6: 800 | J6: 800 | M6: 800 | P6: 800 | S6: 800 | V6: 800
B7: Stansted | C7: Area of operational area under management (ha) | D7: 957 | G7: 957 | J7: 957 | M7: 957 | P7: 957 | S7: 957 | V7: 957
B8: Total | C8: Area of operational area under management (ha) | D8: =SUM(D5:D7) -> 2202 | G8: =SUM(G5:G7) -> 2202 | J8: =SUM(J5:J7) -> 2202 | M8: =SUM(M5:M7) -> 2202 | P8: =SUM(P5:P7) -> 2202 | S8: =SUM(S5:S7) -> 2202 | V8: =SUM(V5:V7) -> 2202
B10: East Midlands | C10: Number and length of runway | D10: Runway 27 - 09 (2,893m) | G10: Runway 27 - 09 (2,893m) | J10: Runway 27 - 09 (2,893m) | M10: Runway 27 - 09 (2,893m) | P10: Runway 27 - 09 (2,893m) | S10: Runway 27 - 09 (2,893m) | V10: Runway 27 - 09 (2,893m)
B11: Manchester | C11: Number and length of runway | D11: Runway 23R - 05L (3,048m) Runway 23L - 05R 3,048m) | G11: Runway 23R - 05L (3,048m) Runway 23L - 05R 3,048m) | J11: Runway 23R - 05L (3,048m) Runway 23L - 05R 3,048m) | M11: Runway 23R - 05L (3,048m) Runway 23L - 05R 3,048m) | P11: Runway 23R - 05L (3,048m) Runway 23L - 05R 3,048m) | S11: Runway 23R - 05L (3,048m) Runway 23L - 05R 3,048m) | V11: Runway 23R - 05L (3,048m) Runway 23L - 05R 3,048m)
B12: Stansted | C12: Number and length of runway | D12: Runway 22 - 04 (3,048m) | G12: Runway 22 - 04 (3,048m) | J12: Runway 22 - 04 (3,048m) | M12: Runway 22 - 04 (3,048m) | P12: Runway 22 - 04 (3,048m) | S12: Runway 22 - 04 (3,048m) | V12: Runway 22 - 04 (3,048m)
B15: Environmental -Biodiversity
D16: 2019/2020 | G16: 2020/21 | J16: 2021/22 | M16: 2022/23 | P16: 2023/24 | S16: 2024/25 | V16: 2025/26
J17: East Midlands | K17: Manchester | L17: London Stansted | M17: East Midlands | N17: Manchester | O17: London Stansted | P17: East Midlands | Q17: Manchester | R17: London Stansted | S17: East Midlands | T17: Manchester | U17: London Stansted | V17: East Midlands | W17: Manchester | X17: London Stansted
C18: 304-1 : Operational sites owned, leased, managed in, or adjacent to, protected areas and areas of high biodiversity value outside protected areas | D18: East Midlands | E18: Manchester | F18: London Sransted | G18: East Midlands | H18: Manchester | I18: London Stansted
C19: The reporting organization shall report the following information: a. For each operational site owned, leased, managed in, or adjacent to, protected areas and areas of high biodiversity value outside protected areas, the following informationi. i. Geographic location; | D19: Not reported | E19: Not reported | F19: Not reported | G19: n/a | H19: Cotteril Clough SSSI (OS Grid Ref: SJ 808 840) | I19: Elensham Woods (Eastend Wood) SSSI (OS Grid Ref: TL 561 252) | J19: n/a | K19: Cotteril Clough SSSI (OS Grid Ref: SJ 808 840) | L19: Elensham Woods (Eastend Wood) SSSI (OS Grid Ref: TL 561 252) | M19: n/a | N19: Cotteril Clough SSSI (OS Grid Ref: SJ 808 840) | O19: Elensham Woods (Eastend Wood) SSSI (OS Grid Ref: TL 561 252) | P19: n/a | Q19: Cotteril Clough SSSI (OS Grid Ref: SJ 808 840) | R19: Elensham Woods (Eastend Wood) SSSI (OS Grid Ref: TL 561 252) | S19: n/a | T19: Cotteril Clough SSSI (OS Grid Ref: SJ 808 840) | U19: Elensham Woods (Eastend Wood) SSSI (OS Grid Ref: TL 561 252) | V19: n/a | W19: Cotteril Clough SSSI (OS Grid Ref: SJ 808 840) | X19: Elensham Woods (Eastend Wood) SSSI (OS Grid Ref: TL 561 252)
C20: ii. Subsurface and underground land that may be owned, leased, or managed by the organization; | D20: Not reported | E20: Not reported | F20: Not reported | G20: n/a | H20: Cotteril Clough - Leased | I20: Elsenham Woods - Owned. | J20: n/a | K20: Cotteril Clough - Leased | L20: Elsenham Woods - Owned. | M20: n/a | N20: Cotteril Clough - Leased | O20: Elsenham Woods - Owned. | P20: n/a | Q20: Cotteril Clough - Leased | R20: Elsenham Woods - Owned. | S20: n/a | T20: Cotteril Clough - Leased | U20: Elsenham Woods - Owned. | V20: n/a | W20: Cotteril Clough - Leased | X20: Elsenham Woods - Owned.
C21: iii. Position in relation to the protected area (in the area, adjacent to, or containing portions of the protected area) or the high biodiversity value area outside protected areas; | D21: Not reported | E21: Not reported | F21: Not reported | G21: n/a | H21: Cotteril Clough - Adjacent | I21: Elsenham Woods - Adjacent | J21: n/a | K21: Cotteril Clough - Adjacent | L21: Elsenham Woods - Adjacent | M21: n/a | N21: Cotteril Clough - Adjacent | O21: Elsenham Woods - Adjacent | P21: n/a | Q21: Cotteril Clough - Adjacent | R21: Elsenham Woods - Adjacent | S21: n/a | T21: Cotteril Clough - Adjacent | U21: Elsenham Woods - Adjacent | V21: n/a | W21: Cotteril Clough - Adjacent | X21: Elsenham Woods - Adjacent
C22: iv. Type of operation (office, manufacturing or production, or extractive); | D22: Not reported | E22: Not reported | F22: Not reported | G22: n/a | H22: Cotteril Clough - adjacent use, Manchester Airport | I22: Elsenham Woods - adjacent use, Stansted Airport | J22: n/a | K22: Cotteril Clough - adjacent use, Manchester Airport | L22: Elsenham Woods - adjacent use, Stansted Airport | M22: n/a | N22: Cotteril Clough - adjacent use, Manchester Airport | O22: Elsenham Woods - adjacent use, Stansted Airport | P22: n/a | Q22: Cotteril Clough - adjacent use, Manchester Airport | R22: Elsenham Woods - adjacent use, Stansted Airport | S22: n/a | T22: Cotteril Clough - adjacent use, Manchester Airport | U22: Elsenham Woods - adjacent use, Stansted Airport | V22: n/a | W22: Cotteril Clough - adjacent use, Manchester Airport | X22: Elsenham Woods - adjacent use, Stansted Airport
C23: v. Size of operational site in km2 (or another unit, if appropriate); | D23: Not reported | E23: Not reported | F23: Not reported | G23: n/a | H23: Cotteril Clough - area of SSSI 3.39ha | I23: Elsenham Woods - area of SSSI 39.97ha | J23: n/a | K23: Cotteril Clough - area of SSSI 3.39ha | L23: Elsenham Woods - area of SSSI 39.97ha | M23: n/a | N23: Cotteril Clough - area of SSSI 3.39ha | O23: Elsenham Woods - area of SSSI 39.97ha | P23: n/a | Q23: Cotteril Clough - area of SSSI 3.39ha | R23: Elsenham Woods - area of SSSI 39.97ha | S23: n/a | T23: Cotteril Clough - area of SSSI 3.39ha | U23: Elsenham Woods - area of SSSI 39.97ha | V23: n/a | W23: Cotteril Clough - area of SSSI 3.39ha | X23: Elsenham Woods - area of SSSI 39.97ha
C24: vi. Biodiversity value characterized by the attribute of the protected area or area of high biodiversity value outside the protected area (terrestrial, freshwater, or maritime ecosystem); | D24: Not reported | E24: Not reported | F24: Not reported | G24: n/a | H24: Cotteril Clough - broadleaved, mixed and yew woodland - Lowland | I24: Elsenham Woods - broadleaved, mixed and yew woodland - Lowland | J24: n/a | K24: Cotteril Clough - broadleaved, mixed and yew woodland - Lowland | L24: Elsenham Woods - broadleaved, mixed and yew woodland - Lowland | M24: n/a | N24: Cotteril Clough - broadleaved, mixed and yew woodland - Lowland | O24: Elsenham Woods - broadleaved, mixed and yew woodland - Lowland | P24: n/a | Q24: Cotteril Clough - broadleaved, mixed and yew woodland - Lowland | R24: Elsenham Woods - broadleaved, mixed and yew woodland - Lowland | S24: n/a | T24: Cotteril Clough - broadleaved, mixed and yew woodland - Lowland | U24: Elsenham Woods - broadleaved, mixed and yew woodland - Lowland | V24: n/a | W24: Cotteril Clough - broadleaved, mixed and yew woodland - Lowland | X24: Elsenham Woods - broadleaved, mixed and yew woodland - Lowland
C25: vii. Biodiversity value characterized by listing of protected status (such as IUCN Protected Area Management Categories, Ramsar Convention, national legislation). | D25: Not reported | E25: Not reported | F25: Not reported | G25: n/a | H25: Cotteril Clough - Site of Special Scientific Interest - Wildlife and Countryside Act 1981 (amended 1985) and Countryside and Rights of Way Act 2000 | I25: Elsenham Woods - Site of Special Scientific Interest (SSSI) - Wildlife and Countryside Act 1981 (amended 1985) and Countryside and Rights of Way Act 2000 | J25: n/a | K25: Cotteril Clough - Site of Special Scientific Interest - Wildlife and Countryside Act 1981 (amended 1985) and Countryside and Rights of Way Act 2000 | L25: Elsenham Woods - Site of Special Scientific Interest (SSSI) - Wildlife and Countryside Act 1981 (amended 1985) and Countryside and Rights of Way Act 2000 | M25: n/a | N25: Cotteril Clough - Site of Special Scientific Interest - Wildlife and Countryside Act 1981 (amended 1985) and Countryside and Rights of Way Act 2000 | O25: Elsenham Woods - Site of Special Scientific Interest (SSSI) - Wildlife and Countryside Act 1981 (amended 1985) and Countryside and Rights of Way Act 2000 | P25: n/a | Q25: Cotteril Clough - Site of Special Scientific Interest - Wildlife and Countryside Act 1981 (amended 1985) and Countryside and Rights of Way Act 2000 | R25: Elsenham Woods - Site of Special Scientific Interest (SSSI) - Wildlife and Countryside Act 1981 (amended 1985) and Countryside and Rights of Way Act 2000 | S25: n/a | T25: Cotteril Clough - Site of Special Scientific Interest - Wildlife and Countryside Act 1981 (amended 1985) and Countryside and Rights of Way Act 2000 | U25: Elsenham Woods - Site of Special Scientific Interest (SSSI) - Wildlife and Countryside Act 1981 (amended 1985) and Countryside and Rights of Way Act 2000 | V25: n/a | W25: Cotteril Clough - Site of Special Scientific Interest - Wildlife and Countryside Act 1981 (amended 1985) and Countryside and Rights of Way Act 2000 | X25: Elsenham Woods - Site of Special Scientific Interest (SSSI) - Wildlife and Countryside Act 1981 (amended 1985) and Countryside and Rights of Way Act 2000
C26: 304-2 : Significant impacts of activities, products, and services on biodiversity
C27: The reporting organization shall report the following information: a. Nature of significant direct and indirect impacts on biodiversity with reference to one or more of the following: i. Construction or use of manufacturing plants, mines, and transport infrastructure; | D27: Not reported | E27: Not reported | F27: Not reported | G27: n/a | H27: Cotteril Clough SSSI - Adjacent Manchester Airport | I27: Elsenham Woods SSSI - Adjacent Stansted Airport | J27: n/a | K27: Cotteril Clough SSSI - Adjacent Manchester Airport | L27: Elsenham Woods SSSI - Adjacent Stansted Airport | M27: n/a | N27: Cotteril Clough SSSI - Adjacent Manchester Airport | O27: Elsenham Woods SSSI - Adjacent Stansted Airport | P27: n/a | Q27: Cotteril Clough SSSI - Adjacent Manchester Airport | R27: Elsenham Woods SSSI - Adjacent Stansted Airport | S27: n/a | T27: Cotteril Clough SSSI - Adjacent Manchester Airport | U27: Elsenham Woods SSSI - Adjacent Stansted Airport | V27: n/a | W27: n/a | X27: Elsenham Woods SSSI - Adjacent Stansted Airport
C28: ii. Pollution (introduction of substances that do not naturally occur in the habitat from point and non-point sources); | D28: Not reported | E28: Not reported | F28: Not reported | G28: n/a | H28: Cotteril Clough SSSI - quality of storm water (GRI A01), air quality, NO2, PM10, O3 (GRI A05) | I28: Elsenham Woods SSSI - quality of storm water (GRI A01), air quality, NO2,PM10, O3 (GRI A05) | J28: n/a | K28: Cotteril Clough SSSI - quality of storm water (GRI A01), air quality, NO2, PM10, O3 (GRI A05) | L28: Elsenham Woods SSSI - quality of storm water (GRI A01), air quality, NO2,PM10, O3 (GRI A05) | M28: n/a | N28: Cotteril Clough SSSI - quality of storm water (GRI A01), air quality, NO2, PM10, O3 (GRI A05) | O28: Elsenham Woods SSSI - quality of storm water (GRI A01), air quality, NO2,PM10, O3 (GRI A05) | P28: n/a | Q28: Cotteril Clough SSSI - quality of storm water (GRI A01), air quality, NO2, PM10, O3 (GRI A05) | R28: Elsenham Woods SSSI - quality of storm water (GRI A01), air quality, NO2,PM10, O3 (GRI A05) | S28: n/a | T28: Cotteril Clough SSSI - quality of storm water (GRI A01), air quality, NO2, PM10, O3 (GRI A05) | U28: Elsenham Woods SSSI - quality of storm water (GRI A01), air quality, NO2,PM10, O3 (GRI A05) | V28: River Trent - outfall pipe which discharges surface water runoff during winter months in-line with Environment Agency permit | W28: Cotteril Clough SSSI - quality of storm water (GRI A01), air quality, NO2, PM10, O3 (GRI A05) | X28: Elsenham Woods SSSI - quality of storm water (GRI A01), air quality, NO2,PM10, O3 (GRI A05)
C29: iii. Introduction of invasive species, pests, and pathogens; | D29: Not reported | E29: Not reported | F29: Not reported | G29: n/a | H29: Cotteril Clough SSSI n/a | I29: Elsenham Woods SSSI - n/a | J29: n/a | K29: Cotteril Clough SSSI n/a | L29: Elsenham Woods SSSI - n/a | M29: n/a | N29: Cotteril Clough SSSI n/a | O29: Elsenham Woods SSSI - n/a | P29: n/a | Q29: Cotteril Clough SSSI n/a | R29: Elsenham Woods SSSI - n/a | S29: n/a | T29: Cotteril Clough SSSI n/a | U29: Elsenham Woods SSSI - n/a | V29: n/a | W29: n/a | X29: Elsenham Woods SSSI - n/a
C30: iv. Reduction of species; | D30: Not reported | E30: Not reported | F30: Not reported | G30: n/a | H30: Cotteril Clough SSSI n/a | I30: Elsenham Woods SSSI - management of native deer population to protect flora and habitat. | J30: n/a | K30: Cotteril Clough SSSI n/a | L30: Elsenham Woods SSSI - management of native deer population to protect flora and habitat. | M30: n/a | N30: Cotteril Clough SSSI n/a | O30: Elsenham Woods SSSI - management of native deer population to protect flora and habitat. | P30: n/a | Q30: Cotteril Clough SSSI n/a | R30: Elsenham Woods SSSI - management of native deer population to protect flora and habitat. | S30: n/a | T30: Cotteril Clough SSSI n/a | U30: Elsenham Woods SSSI - management of native deer population to protect flora and habitat. | V30: n/a | W30: n/a | X30: Elsenham Woods SSSI - management of native deer population to protect flora and habitat.
C31: v. Habitat conversion; | D31: Not reported | E31: Not reported | F31: Not reported | G31: n/a | H31: Cotteril Clough SSSI n/a | I31: Elsenham Woods SSSI - n/a | J31: n/a | K31: Cotteril Clough SSSI n/a | L31: Elsenham Woods SSSI - n/a | M31: n/a | N31: Cotteril Clough SSSI n/a | O31: Elsenham Woods SSSI - n/a | P31: n/a | Q31: Cotteril Clough SSSI n/a | R31: Elsenham Woods SSSI - n/a | S31: n/a | T31: Cotteril Clough SSSI n/a | U31: Elsenham Woods SSSI - n/a | V31: n/a | W31: n/a | X31: Elsenham Woods SSSI - n/a
C32: vi. Changes in ecological processes outside the natural range of variation (such as salinity or changes in groundwater level). | D32: Not reported | E32: Not reported | F32: Not reported | G32: n/a | H32: Cotteril Clough SSSI - changes in surface water runoff volume | I32: Elsenham Woods SSSI - n/a | J32: n/a | K32: Cotteril Clough SSSI - changes in surface water runoff volume | L32: Elsenham Woods SSSI - n/a | M32: n/a | N32: Cotteril Clough SSSI - changes in surface water runoff volume | O32: Elsenham Woods SSSI - n/a | P32: n/a | Q32: Cotteril Clough SSSI - changes in surface water runoff volume | R32: Elsenham Woods SSSI - n/a | S32: n/a | T32: Cotteril Clough SSSI - changes in surface water runoff volume | U32: Elsenham Woods SSSI - n/a | V32: n/a | W32: Cotteril Clough SSSI - changes in surface water runoff volume | X32: Elsenham Woods SSSI - n/a
C33: b. Significant direct and indirect positive and negative impacts with reference to the following: i. Species affected; | D33: Not reported | E33: Not reported | F33: Not reported | G33: n/a | H33: Cotteril Clough SSSI - negative | I33: Elsenham Woods SSSI - negative | J33: n/a | K33: Cotteril Clough SSSI - negative | L33: Elsenham Woods SSSI - negative | M33: n/a | N33: Cotteril Clough SSSI - negative | O33: Elsenham Woods SSSI - negative | P33: n/a | Q33: Cotteril Clough SSSI - negative (snowberries/ash dieback) | R33: Elsenham Woods SSSI - negative | S33: n/a | T33: Cotteril Clough SSSI - negative (snowberries/ash dieback) | U33: Elsenham Woods SSSI - negative | V33: River Trent - n/a - aquatic macorinvertebrates survey has shown no significant impact | W33: Cotteril Clough - n/a - Site still in favourable condition | X33: Elsenham Woods SSSI - negative
C34: ii. Extent of areas impacted; | D34: Not reported | E34: Not reported | F34: Not reported | G34: n/a | H34: Cotteril Clough SSSI 3.39ha | I34: Elsenham Woods SSSI - 39.97ha | J34: n/a | K34: Cotteril Clough SSSI 3.39ha | L34: Elsenham Woods SSSI - 39.97ha | M34: n/a | N34: Cotteril Clough SSSI 3.39ha | O34: Elsenham Woods SSSI - 39.97ha | P34: n/a | Q34: Cotteril Clough SSSI 3.39ha | R34: Elsenham Woods SSSI - 39.97ha | S34: n/a | T34: Cotteril Clough SSSI 3.39ha | U34: Elsenham Woods SSSI - 39.97ha | V34: River Trent - approx 200m downstream of outfall pipe | W34: n/a | X34: Elsenham Woods SSSI - 39.97ha
C35: iii. Duration of impacts; | D35: Not reported | E35: Not reported | F35: Not reported | G35: n/a | H35: Cotteril Clough SSSI - Continuous | I35: Elsenham Woods SSSI - Continuous | J35: n/a | K35: Cotteril Clough SSSI - Continuous | L35: Elsenham Woods SSSI - Continuous | M35: n/a | N35: Cotteril Clough SSSI - Continuous | O35: Elsenham Woods SSSI - Continuous | P35: n/a | Q35: Cotteril Clough SSSI - Continuous | R35: Elsenham Woods SSSI - Continuous | S35: n/a | T35: Cotteril Clough SSSI - Continuous | U35: Elsenham Woods SSSI - Continuous | V35: River Trent - Winter months | W35: n/a | X35: Elsenham Woods SSSI - Continuous
C36: iv. Reversibility or irreversibility of the impacts. | D36: Not reported | E36: Not reported | F36: Not reported | G36: n/a | H36: Cotteril Clough SSSI - Reversable | I36: Elsenham Woods SSSI - Reversable | J36: n/a | K36: Cotteril Clough SSSI - Reversable | L36: Elsenham Woods SSSI - Reversable | M36: n/a | N36: Cotteril Clough SSSI - Reversable | O36: Elsenham Woods SSSI - Reversable | P36: n/a | Q36: Cotteril Clough SSSI - Reversable | R36: Elsenham Woods SSSI - Reversable | S36: n/a | T36: Cotteril Clough SSSI - Reversable | U36: Elsenham Woods SSSI - Reversable | V36: River Trent - Reversible via stopping pumping | W36: n/a | X36: Elsenham Woods SSSI - Reversable
C37: 304-3 : Habitats protected or restored
C38: The reporting organization shall report the following information: a. Size and location of all habitat areas protected or restored, and whether the success of the restoration measure was or is approved by independent external professionals. | D38: Not reported | E38: Not reported | F38: Not reported | G38: n/a | H38: n/a | I38: Elsenham Woods SSSI - 39.97ha of managed woodland management overseen by independent professional ecologists (Penny Anderson Associates) | J38: n/a | K38: n/a | L38: Elsenham Woods SSSI - 39.97ha of managed woodland management overseen by independent professional ecologists (Penny Anderson Associates) | M38: n/a | N38: n/a | O38: Elsenham Woods SSSI - 39.97ha of managed woodland management overseen by independent professional ecologists (Penny Anderson Associates) | P38: n/a | Q38: n/a | R38: Elsenham Woods SSSI - 39.97ha of managed woodland management overseen by independent professional ecologists (Penny Anderson Associates) | S38: n/a | T38: n/a | U38: Elsenham Woods SSSI - 39.97ha of managed woodland management overseen by independent professional ecologists (Penny Anderson Associates) | V38: n/a | W38: Cotteril Clough SSSI - Snowberry removed to restore ground flora. Successful, approved by Natural England. | X38: Elsenham Woods SSSI - 39.97ha of managed woodland management overseen by independent professional ecologists (Penny Anderson Associates)
C39: b. Whether partnerships exist with third parties to protect or restore habitat areas distinct from where the organization has overseen and implemented restoration or protection measures. | D39: Not reported | E39: Not reported | F39: Not reported | G39: n/a | H39: n/a | I39: Elsenham Woods SSSI - Partnerships with Natural England (condition and management) and Natural England / Forestry Commission (Countryside Stewardship Scheme) | J39: n/a | K39: n/a | L39: Elsenham Woods SSSI - Partnerships with Natural England (condition and management) and Natural England / Forestry Commission (Countryside Stewardship Scheme) | M39: n/a | N39: n/a | O39: Elsenham Woods SSSI - Partnerships with Natural England (condition and management) and Natural England / Forestry Commission (Countryside Stewardship Scheme) | P39: n/a | Q39: n/a | R39: Elsenham Woods SSSI - Partnerships with Natural England (condition and management) and Natural England / Forestry Commission (Countryside Stewardship Scheme) | S39: n/a | T39: n/a | U39: Elsenham Woods SSSI - Partnerships with Natural England (condition and management) and Natural England / Forestry Commission (Countryside Stewardship Scheme) | V39: n/a | W39: n/a | X39: Elsenham Woods SSSI - Partnerships with Natural England (condition and management) and Natural England / Forestry Commission (Countryside Stewardship Scheme)
C40: c. Status of each area based on its condition at the close of the reporting period. | D40: Not reported | E40: Not reported | F40: Not reported | G40: n/a | H40: Cotteril Clough SSSI - Condition Favourable (Natural England 14/08/20) | I40: Elsenham Woods SSSI - Condition Favourable (Natural England 17/0116) | J40: n/a | K40: Cotteril Clough SSSI - Condition Favourable (Natural England 14/08/20) | L40: Elsenham Woods SSSI - Condition Favourable (Natural England 17/0116) | M40: n/a | N40: Cotteril Clough SSSI - Condition Favourable (Natural England 14/08/20) | O40: Elsenham Woods SSSI - Condition Favourable (Natural England 17/0116) | P40: n/a | Q40: Cotteril Clough SSSI - Condition Favourable (Natural England 01/03/2024) | R40: Elsenham Woods SSSI - Condition Favourable (Natural England 17/01/16) | S40: n/a | T40: Cotteril Clough SSSI - Condition Favourable (Natural England 01/03/2024) | U40: Elsenham Woods SSSI - Condition Favourable (Natural England 17/01/16) | V40: n/a | W40: Cotteril Clough SSSI - Condition Favourable (Natural England 01/03/2024) | X40: Elsenham Woods SSSI - Condition Favourable (Natural England 17/01/16)
C41: d. Standards, methodologies, and assumptions used. | D41: Not reported | E41: Not reported | F41: Not reported | G41: n/a | H41: Cotteril Clough SSSI - Natural England Assessment (https://designatedsites.naturalengland.org.uk/UnitDetail.aspx?UnitId=1011471) | I41: Elsenham Woods SSSI - Natural England Assessment (https://designatedsites.naturalengland.org.uk/UnitDetail.aspx?UnitId=10050860) | J41: n/a | K41: Cotteril Clough SSSI - Natural England Assessment (https://designatedsites.naturalengland.org.uk/UnitDetail.aspx?UnitId=1011471) | L41: Elsenham Woods SSSI - Natural England Assessment (https://designatedsites.naturalengland.org.uk/UnitDetail.aspx?UnitId=10050860) | M41: n/a | N41: Cotteril Clough SSSI - Natural England Assessment (https://designatedsites.naturalengland.org.uk/UnitDetail.aspx?UnitId=1011471) | O41: Elsenham Woods SSSI - Natural England Assessment (https://designatedsites.naturalengland.org.uk/UnitDetail.aspx?UnitId=10050860) | P41: n/a | Q41: Cotteril Clough SSSI - Natural England Assessment (https://designatedsites.naturalengland.org.uk/UnitDetail.aspx?UnitId=1011471) | R41: Elsenham Woods SSSI - Natural England Assessment (https://designatedsites.naturalengland.org.uk/UnitDetail.aspx?UnitId=10050860) | S41: n/a | T41: Cotteril Clough SSSI - Natural England Assessment (https://designatedsites.naturalengland.org.uk/UnitDetail.aspx?UnitId=1011471) | U41: Elsenham Woods SSSI - Natural England Assessment (https://designatedsites.naturalengland.org.uk/UnitDetail.aspx?UnitId=10050860) | V41: n/a | W41: Cotteril Clough SSSI - Condition Favourable (Natural England 01/03/2024) | X41: Elsenham Woods SSSI - Natural England Assessment (https://designatedsites.naturalengland.org.uk/UnitDetail.aspx?UnitId=10050860)
C42: 304-4 : IUCN Red List species and national conservation list species with habitats in areas affected by operations
C43: The reporting organization shall report the following information: a. Total number of IUCN Red List species and national conservation list species with habitats in areas affected by the operations of the organization, by level of extinction i. Critically endangered | D43: Not reported | E43: Not reported | F43: Not reported | G43: Not Available | H43: Not Available | I43: Not Available | J43: Not Available | K43: Not Available | L43: Not Available | M43: Not Available | N43: Not Available | O43: Not Available | P43: Not Available | Q43: Not Available | R43: Not Available | S43: Not Available | T43: Not Available | U43: Not Available | V43: Not Available | W43: Not Available | X43: Not Available
C44: ii. Endangered | D44: Not reported | E44: Not reported | F44: Not reported | G44: Not Available | H44: Not Available | I44: Not Available | J44: Not Available | K44: Not Available | L44: Not Available | M44: Not Available | N44: Not Available | O44: Not Available | P44: Not Available | Q44: Not Available | R44: Not Available | S44: Not Available | T44: Not Available | U44: Not Available | V44: Not Available | W44: Not Available | X44: Not Available
C45: iii. Vulnerable | D45: Not reported | E45: Not reported | F45: Not reported | G45: Not Available | H45: Not Available | I45: Not Available | J45: Not Available | K45: Not Available | L45: Not Available | M45: Not Available | N45: Not Available | O45: Not Available | P45: Not Available | Q45: Not Available | R45: Not Available | S45: Not Available | T45: Not Available | U45: Not Available | V45: Not Available | W45: Not Available | X45: Not Available
C46: iv. Near threatened | D46: Not reported | E46: Not reported | F46: Not reported | G46: Not Available | H46: Not Available | I46: Not Available | J46: Not Available | K46: Not Available | L46: Not Available | M46: Not Available | N46: Not Available | O46: Not Available | P46: Not Available | Q46: Not Available | R46: Not Available | S46: Not Available | T46: Not Available | U46: Not Available | V46: Not Available | W46: Not Available | X46: Not Available
C47: v. Least concern | D47: Not reported | E47: Not reported | F47: Not reported | G47: Not Available | H47: Not Available | I47: Not Available | J47: Not Available | K47: Not Available | L47: Not Available | M47: Not Available | N47: Not Available | O47: Not Available | P47: Not Available | Q47: Not Available | R47: Not Available | S47: Not Available | T47: Not Available | U47: Not Available | V47: Not Available | W47: Not Available | X47: Not Available

Sheet GRI 401-1
A1: GRI 401-1
A2: New employee hires and employee turnover
B4: 2019/20 | C4: 2020/21 | Q4: 2021/22 | S4: 2022/23 | AG4: 2023/24 | AU4: 2024/25 | BI4: 2025/26
A5: Headcount | C5: 43951 | D5: 43982 | E5: 44012 | F5: 44043 | G5: 44074 | H5: 44104 | I5: 44135 | J5: 44165 | K5: 44196 | L5: 44227 | M5: 44255 | N5: 44286 | O5: Average | P5: % | Q5: Average | R5: % | S5: 44681 | T5: 44712 | U5: 44742 | V5: 44773 | W5: 44804 | X5: 44834 | Y5: 44865 | Z5: 44895 | AA5: 44926 | AB5: 44957 | AC5: 44985 | AD5: 45016 | AE5: Average | AF5: % | AG5: 45030 | AH5: 45062 | AI5: 45094 | AJ5: 45126 | AK5: 45158 | AL5: 45190 | AM5: 45222 | AN5: 45254 | AO5: 45286 | AP5: 45318 | AQ5: 45350 | AR5: 45382 | AS5: Average | AT5: % | AU5: 45396 | AV5: 45428 | AW5: 45460 | AX5: 45492 | AY5: 45524 | AZ5: 45556 | BA5: 45588 | BB5: 45620 | BC5: 45652 | BD5: 45684 | BE5: 45716 | BF5: 45717 | BG5: Average | BH5: % | BI5: 45761 | BJ5: 45793 | BK5: 45825 | BL5: 45857 | BM5: 45889 | BN5: 45921 | BO5: 45953 | BP5: 45985 | BQ5: 46017 | BR5: 46049 | BS5: 46081 | BT5: 46082 | BU5: Average | BV5: %
A6: Male | B6: Not reported | C6: 4390 | D6: 4333 | E6: 4318 | F6: 4272 | G6: 4199 | H6: 4124 | I6: 4061 | J6: 3977 | K6: 3546 | L6: 3469 | M6: 3432 | N6: 3397 | O6: =AVERAGE(C6:N6) -> 3959.8333 | P6: =O6/(O6+O7) -> 0.63570081 | Q6: 3129 | R6: =Q6/(Q6+Q7) -> 0.64595376 | S6: 3283 | T6: 3519 | U6: 3698 | V6: 3833 | W6: 3927 | X6: 3885 | Y6: 3954 | Z6: 4009 | AA6: 4002 | AB6: 4071 | AC6: 4118 | AD6: 4194 | AE6: =AVERAGE(S6:AD6) -> 3874.4167 | AF6: =AE6/(AE6+AE7) -> 0.65453598 | AG6: 4282 | AH6: 4358 | AI6: 4376 | AJ6: 4443 | AK6: 4453 | AL6: 4455 | AM6: 4515 | AN6: 4565 | AO6: 4532 | AP6: 4580 | AQ6: 4647 | AR6: 4716 | AS6: =AVERAGE(AG6:AR6) -> 4493.5 | AT6: =AS6/(AS6+AS7) -> 0.64256349 | AU6: 5035 | AV6: 5061 | AW6: 5118 | AX6: 5207 | AY6: 5232 | AZ6: 5276 | BA6: 5304 | BB6: 5369 | BC6: 5343 | BD6: 5348 | BE6: 5365 | BF6: 5446 | BG6: 5258.67 | BH6: 0.63 | BI6: 5369 | BJ6: 5411 | BK6: 5461 | BL6: 5482 | BM6: 5457 | BN6: 5405 | BO6: 5356 | BP6: 5304 | BQ6: 5268 | BR6: 5237 | BS6: 5231 | BT6: 5278 | BU6: 5354.9167 | BV6: 0.631
A7: Female | B7: Not reported | C7: 2572 | D7: 2532 | E7: 2522 | F7: 2496 | G7: 2449 | H7: 2404 | I7: 2366 | J7: 2289 | K7: 1954 | L7: 1924 | M7: 1869 | N7: 1854 | O7: =AVERAGE(C7:N7) -> 2269.25 | P7: =O7/(O6+O7) -> 0.36429919 | Q7: 1715 | R7: =Q7/(Q6+Q7) -> 0.35404624 | S7: 1790 | T7: 1891 | U7: 1965 | V7: 2022 | W7: 2034 | X7: 2027 | Y7: 2065 | Z7: 2099 | AA7: 2092 | AB7: 2153 | AC7: 2187 | AD7: 2214 | AE7: =AVERAGE(S7:AD7) -> 2044.9167 | AF7: =AE7/(AE6+AE7) -> 0.34546402 | AG7: 2277 | AH7: 2373 | AI7: 2410 | AJ7: 2481 | AK7: 2495 | AL7: 2493 | AM7: 2522 | AN7: 2558 | AO7: 2541 | AP7: 2592 | AQ7: 2611 | AR7: 2642 | AS7: =AVERAGE(AG7:AR7) -> 2499.5833 | AT7: =AS7/(AS6+AS7) -> 0.35743651 | AU7: 2898 | AV7: 2971 | AW7: 2987 | AX7: 3048 | AY7: 3064 | AZ7: 3106 | BA7: 3107 | BB7: 3157 | BC7: 3152 | BD7: 3188 | BE7: 3196 | BF7: 3261 | BG7: 3094.58 | BH7: 0.37 | BI7: 3136 | BJ7: 3147 | BK7: 3157 | BL7: 3192 | BM7: 3195 | BN7: 3174 | BO7: 3147 | BP7: 3106 | BQ7: 3086 | BR7: 3076 | BS7: 3080 | BT7: 3105 | BU7: 3133.4167 | BV7: 0.369
A9: Headcount | B9: Average | C9: 43951 | D9: 43982 | E9: 44012 | F9: 44043 | G9: 44074 | H9: 44104 | I9: 44135 | J9: 44165 | K9: 44196 | L9: 44227 | M9: 44255 | N9: 44286 | O9: Average | P9: % | Q9: Average | R9: % | S9: 44681 | T9: 44712 | U9: 44742 | V9: 44773 | W9: 44804 | X9: 44834 | Y9: 44865 | Z9: 44895 | AA9: 44926 | AB9: 44957 | AC9: 44985 | AD9: 45016 | AE9: Average | AF9: % | AG9: 45030 | AH9: 45062 | AI9: 45094 | AJ9: 45126 | AK9: 45158 | AL9: 45190 | AM9: 45222 | AN9: 45254 | AO9: 45286 | AP9: 45318 | AQ9: 45350 | AR9: 45382 | AS9: Average | AT9: % | AU9: 45396 | AV9: 45428 | AW9: 45460 | AX9: 45492 | AY9: 45524 | AZ9: 45556 | BA9: 45588 | BB9: 45620 | BC9: 45652 | BD9: 45684 | BE9: 45716 | BF9: 45717 | BG9: Average | BH9: % | BI9: 45761 | BJ9: 45793 | BK9: 45825 | BL9: 45857 | BM9: 45889 | BN9: 45921 | BO9: 45953 | BP9: 45985 | BQ9: 46017 | BR9: 46049 | BS9: 46081 | BT9: 46082 | BU9: Average | BV9: %
A10: East Midlands Airport | B10: Not reported | C10: 689 | D10: 672 | E10: 671 | F10: 663 | G10: 648 | H10: 624 | I10: 615 | J10: 585 | K10: 558 | L10: 554 | M10: 568 | N10: 572 | O10: =AVERAGE(C10:N10) -> 618.25 | P10: =O10/SUM($O$10:$O$17) -> 0.099252164 | Q10: 537 | R10: =Q10/SUM($Q$10:$Q$17) -> 0.10648424 | S10: 576 | T10: 607 | U10: 638 | V10: 660 | W10: 667 | X10: 657 | Y10: 656 | Z10: 663 | AA10: 667 | AB10: 694 | AC10: 716 | AD10: 746 | AE10: =AVERAGE(S10:AD10) -> 662.25 | AF10: =AE10/SUM($AE$10:$AE$17) -> 0.1118823 | AG10: 790 | AH10: 800 | AI10: 798 | AJ10: 802 | AK10: 798 | AL10: 790 | AM10: 799 | AN10: 798 | AO10: 797 | AP10: 801 | AQ10: 827 | AR10: 849 | AS10: =AVERAGE(AG10:AR10) -> 804.08333 | AT10: =AS10/SUM($AS$10:$AS$17) -> 0.11561227 | AU10: 832 | AV10: 835 | AW10: 830 | AX10: 843 | AY10: 838 | AZ10: 824 | BA10: 819 | BB10: 810 | BC10: 803 | BD10: 818 | BE10: 845 | BF10: 845 | BG10: 828.5 | BH10: 0.099 | BI10: 888 | BJ10: 869 | BK10: 870 | BL10: 885 | BM10: 872 | BN10: 860 | BO10: 849 | BP10: 832 | BQ10: 823 | BR10: 824 | BS10: 840 | BT10: 867 | BU10: 856.58333 | BV10: 0.094
A11: London Stansted Airport | B11: Not reported | C11: 2213 | D11: 2180 | E11: 2172 | F11: 2155 | G11: 2129 | H11: 2114 | I11: 2087 | J11: 2052 | K11: 1617 | L11: 1591 | M11: 1556 | N11: 1553 | O11: =AVERAGE(C11:N11) -> 1951.5833 | P11: =O11/SUM($O$10:$O$17) -> 0.31330185 | Q11: 1640 | R11: =Q11/SUM($Q$10:$Q$17) -> 0.32520325 | S11: 1726 | T11: 1810 | U11: 1875 | V11: 1903 | W11: 1906 | X11: 1916 | Y11: 1932 | Z11: 1965 | AA11: 1953 | AB11: 1978 | AC11: 1981 | AD11: 2011 | AE11: =AVERAGE(S11:AD11) -> 1913 | AF11: =AE11/SUM($AE$10:$AE$17) -> 0.32318739 | AG11: 2054 | AH11: 2099 | AI11: 2105 | AJ11: 2108 | AK11: 2098 | AL11: 2118 | AM11: 2163 | AN11: 2173 | AO11: 2169 | AP11: 2211 | AQ11: 2241 | AR11: 2293 | AS11: =AVERAGE(AG11:AR11) -> 2152.6667 | AT11: =AS11/SUM($AS$10:$AS$17) -> 0.30951354 | AU11: 2283 | AV11: 2343 | AW11: 2362 | AX11: 2425 | AY11: 2456 | AZ11: 2497 | BA11: 2506 | BB11: 2551 | BC11: 2556 | BD11: 2552 | BE11: 2534 | BF11: 2537 | BG11: 2466.83 | BH11: 0.295 | BI11: 2572 | BJ11: 2561 | BK11: 2551 | BL11: 2551 | BM11: 2544 | BN11: 2527 | BO11: 2511 | BP11: 2506 | BQ11: 2493 | BR11: 2478 | BS11: 2496 | BT11: 2512 | BU11: 2525.1667 | BV11: 0.276
A12: Manchester Airport | B12: Not reported | C12: 4048 | D12: 4001 | E12: 3985 | F12: 3938 | G12: 3859 | H12: 3778 | I12: 3715 | J12: 3619 | K12: 3315 | L12: 3238 | M12: 3168 | N12: 3117 | O12: =AVERAGE(C12:N12) -> 3648.4167 | P12: =O12/SUM($O$10:$O$17) -> 0.58570683 | Q12: 2658 | R12: =Q12/SUM($Q$10:$Q$17) -> 0.52706722 | S12: 2757 | T12: 2981 | U12: 3139 | V12: 3279 | W12: 3378 | X12: 3328 | Y12: 3418 | Z12: 3467 | AA12: 3461 | AB12: 3534 | AC12: 3590 | AD12: 3634 | AE12: =AVERAGE(S12:AD12) -> 3330.5 | AF12: =AE12/SUM($AE$10:$AE$17) -> 0.56266366 | AG12: 3697 | AH12: 3786 | AI12: 3837 | AJ12: 3950 | AK12: 3984 | AL12: 3974 | AM12: 4012 | AN12: 4090 | AO12: 4049 | AP12: 4102 | AQ12: 4130 | AR12: 4151 | AS12: =AVERAGE(AG12:AR12) -> 3980.1667 | AT12: =AS12/SUM($AS$10:$AS$17) -> 0.57227414 | AU12: 3896 | AV12: 3910 | AW12: 3960 | AX12: 4017 | AY12: 4027 | AZ12: 4102 | BA12: 4158 | BB12: 4229 | BC12: 4198 | BD12: 4227 | BE12: 4221 | BF12: 4328 | BG12: 4106.08 | BH12: 0.492 | BI12: 4902 | BJ12: 4974 | BK12: 5039 | BL12: 5074 | BM12: 5070 | BN12: 5035 | BO12: 4989 | BP12: 4923 | BQ12: 4888 | BR12: 4858 | BS12: 4823 | BT12: 4851 | BU12: 4952.1667 | BV12: 0.542
A13: CAVU (MAN, EMA & STN) | AU13: 565 | AV13: 579 | AW13: 589 | AX13: 598 | AY13: 600 | AZ13: 597 | BA13: 554 | BB13: 542 | BC13: 537 | BD13: 544 | BE13: 546 | BF13: 562 | BG13: 567.75 | BH13: 0.068 | BI13: 702 | BJ13: 710 | BK13: 713 | BL13: 718 | BM13: 725 | BN13: 718 | BO13: 710 | BP13: 685 | BQ13: 686 | BR13: 686 | BS13: 687 | BT13: 659 | BU13: 699.91667 | BV13: 0.077
A14: London Office | B14: Not reported | C14: 9 | D14: 9 | E14: 9 | F14: 10 | G14: 10 | H14: 10 | I14: 9 | J14: 8 | K14: 8 | L14: 8 | M14: 8 | N14: 8 | O14: =AVERAGE(C14:N14) -> 8.8333333 | P14: =O14/SUM($O$10:$O$17) -> 0.0014180792 | Q14: 9 | R14: =Q14/SUM($Q$10:$Q$17) -> 0.001784652 | S14: 9 | T14: 9 | U14: 9 | V14: 9 | W14: 9 | X14: 9 | Y14: 10 | Z14: 9 | AA14: 9 | AB14: 9 | AC14: 9 | AD14: 8 | AE14: =AVERAGE(S14:AD14) -> 9 | AF14: =AE14/SUM($AE$10:$AE$17) -> 0.0015204843 | AG14: 8 | AH14: 8 | AI14: 8 | AJ14: 10 | AK14: 9 | AL14: 9 | AM14: 9 | AN14: 9 | AO14: 9 | AP14: 9 | AQ14: 10 | AR14: 10 | AS14: =AVERAGE(AG14:AR14) -> 9 | AT14: =AS14/SUM($AS$10:$AS$17) -> 0.0012940331 | AU14: 8 | AV14: 8 | AW14: 10 | AX14: 11 | AY14: 11 | AZ14: 11 | BA14: 11 | BB14: 11 | BC14: 11 | BD14: 11 | BE14: 11 | BF14: 10 | BG14: 10.33 | BH14: 0.001 | BI14: 9 | BJ14: 9 | BK14: 9 | BL14: 9 | BM14: 9 | BN14: 8 | BO14: 8 | BP14: 8 | BQ14: 8 | BR14: 9 | BS14: 9 | BT14: 9 | BU14: 8.6666667 | BV14: 0.001
A15: Chicago Office | B15: Not reported | C15: 1 | D15: 1 | E15: 1 | F15: 1 | G15: 1 | H15: 1 | I15: 1 | J15: 1 | K15: 1 | L15: 1 | M15: 1 | N15: 1 | O15: =AVERAGE(C15:N15) -> 1 | P15: =O15/SUM($O$10:$O$17) -> 0.00016053726 | Q15: 2 | R15: =Q15/SUM($Q$10:$Q$17) -> 0.00039658933 | S15: 1 | T15: 1 | U15: 1 | V15: 1 | W15: 1 | X15: 1 | Y15: 1 | Z15: 1 | AA15: 1 | AB15: 1 | AC15: 1 | AD15: 1 | AE15: =AVERAGE(S15:AD15) -> 1 | AF15: =AE15/SUM($AE$10:$AE$17) -> 0.0001689427 | AG15: 1 | AH15: 1 | AI15: 1 | AJ15: 1 | AK15: 1 | AL15: 1 | AM15: 1 | AN15: 1 | AO15: 1 | AP15: 1 | AQ15: 1 | AR15: 1 | AS15: =AVERAGE(AG15:AR15) -> 1 | AT15: =AS15/SUM($AS$10:$AS$17) -> 0.00014378145 | AU15: 18 | AV15: 17 | AW15: 16 | AX15: 16 | AY15: 16 | AZ15: 18 | BA15: 17 | BB15: 18 | BC15: 18 | BD15: 18 | BE15: 19 | BF15: 20 | BG15: 17.58 | BH15: 0.002 | BI15: 20 | BJ15: 19 | BK15: 20 | BL15: 20 | BM15: 21 | BN15: 21 | BO15: 21 | BP15: 21 | BQ15: 22 | BR15: 22 | BS15: 22 | BT15: 22 | BU15: 20.916667 | BV15: 0.002
A16: Bristol Airport | B16: n/a | O16: 0 | P16: n/a | Q16: n/a | R16: n/a | S16: n/a | T16: n/a | U16: n/a | V16: n/a | W16: n/a | X16: n/a | Y16: n/a | Z16: n/a | AA16: n/a | AB16: n/a | AC16: n/a | AD16: n/a | AE16: 0 | AF16: =AE16/SUM($AE$10:$AE$17) -> 0 | AG16: n/a | AH16: 28 | AI16: 28 | AJ16: 44 | AK16: 49 | AL16: 47 | AM16: 44 | AN16: 43 | AO16: 41 | AP16: 42 | AQ16: 43 | AR16: 48 | AS16: 0 | AT16: =AS16/SUM($AS$10:$AS$17) -> 0 | AU16: 47 | AV16: 49 | AW16: 50 | AX16: 50 | AY16: 44 | AZ16: 42 | BA16: 40 | BB16: 44 | BC16: 46 | BD16: 42 | BE16: 44 | BF16: 43 | BG16: 45.08 | BH16: 0.005 | BI16: 50 | BJ16: 48 | BK16: 52 | BL16: 59 | BM16: 61 | BN16: 60 | BO16: 59 | BP16: 55 | BQ16: 55 | BR16: 56 | BS16: 56 | BT16: 57 | BU16: 55.666667 | BV16: 0.006
A17: Other Location | B17: Not reported | C17: 2 | D17: 2 | E17: 2 | F17: 1 | G17: 1 | H17: 1 | I17: 0 | J17: 1 | K17: 1 | L17: 1 | M17: 0 | N17: 0 | O17: =AVERAGE(C17:N17) -> 1 | P17: =O17/SUM($O$10:$O$17) -> 0.00016053726 | Q17: 197 | R17: =Q17/SUM($Q$10:$Q$17) -> 0.039064049 | S17: 4 | T17: 2 | U17: 1 | V17: 3 | W17: 0 | X17: 1 | Y17: 0 | Z17: 3 | AA17: 3 | AB17: 8 | AC17: 8 | AD17: 8 | AE17: =AVERAGE(S17:AD17) -> 3.4166667 | AF17: =AE17/SUM($AE$10:$AE$17) -> 0.00057722089 | AG17: 9 | AH17: 9 | AI17: 9 | AJ17: 9 | AK17: 9 | AL17: 9 | AM17: 9 | AN17: 9 | AO17: 7 | AP17: 6 | AQ17: 6 | AR17: 6 | AS17: =AVERAGE(AG17:AR17) -> 8.0833333 | AT17: =AS17/SUM($AS$10:$AS$17) -> 0.0011622334 | AU17: 284 | AV17: 291 | AW17: 288 | AX17: 295 | AY17: 304 | AZ17: 291 | BA17: 306 | BB17: 321 | BC17: 326 | BD17: 324 | BE17: 341 | BF17: 362 | BG17: 311.08 | BH17: 0.037 | BI17: 16 | BJ17: 16 | BK17: 16 | BL17: 17 | BM17: 17 | BN17: 17 | BO17: 17 | BP17: 17 | BQ17: 16 | BR17: 16 | BS17: 16 | BT17: 16 | BU17: 16.416667 | BV17: 0.002
A19: Headcount | B19: Average | C19: 43951 | D19: 43982 | E19: 44012 | F19: 44043 | G19: 44074 | H19: 44104 | I19: 44135 | J19: 44165 | K19: 44196 | L19: 44227 | M19: 44255 | N19: 44286 | O19: Average | P19: % | Q19: Average | R19: % | S19: 44681 | T19: 44712 | U19: 44742 | V19: 44773 | W19: 44804 | X19: 44834 | Y19: 44865 | Z19: 44895 | AA19: 44926 | AB19: 44957 | AC19: 44985 | AD19: 45016 | AE19: Average | AF19: % | AG19: 45030 | AH19: 45062 | AI19: 45094 | AJ19: 45126 | AK19: 45158 | AL19: 45190 | AM19: 45222 | AN19: 45254 | AO19: 45286 | AP19: 45318 | AQ19: 45350 | AR19: 45382 | AS19: Average | AT19: % | AU19: 45396 | AV19: 45428 | AW19: 45460 | AX19: 45492 | AY19: 45524 | AZ19: 45556 | BA19: 45588 | BB19: 45620 | BC19: 45652 | BD19: 45684 | BE19: 45716 | BF19: 45717 | BG19: Average | BH19: % | BI19: 45761 | BJ19: 45793 | BK19: 45825 | BL19: 45857 | BM19: 45889 | BN19: 45921 | BO19: 45953 | BP19: 45985 | BQ19: 46017 | BR19: 46049 | BS19: 46081 | BT19: 46082 | BU19: Average | BV19: %
A20: 16 - 25 | B20: Not reported | C20: 738 | D20: 701 | E20: 682 | F20: 660 | G20: 630 | H20: 597 | I20: 578 | J20: 554 | K20: 476 | L20: 461 | M20: 442 | N20: 434 | O20: =AVERAGE(C20:N20) -> 579.41667 | P20: =O20/SUM($O$20:$O$25) -> 0.093017967 | Q20: 393 | R20: =Q20/SUM($Q$20:$Q$25) -> 0.081114551 | S20: 330 | T20: 427 | U20: 512 | V20: 602 | W20: 632 | X20: 578 | Y20: 584 | Z20: 600 | AA20: 612 | AB20: 630 | AC20: 646 | AD20: 670 | AE20: =AVERAGE(S20:AD20) -> 568.58333 | AF20: =AE20/SUM($AE$20:$AE$25) -> 0.096124315 | AG20: 720 | AH20: 779 | AI20: 791 | AJ20: 849 | AK20: 866 | AL20: 844 | AM20: 876 | AN20: 911 | AO20: 881 | AP20: 920 | AQ20: 938 | AR20: 991 | AS20: =AVERAGE(AG20:AR20) -> 863.83333 | AT20: =AS20/SUM($AS$20:$AS$25) -> 0.12352682 | AU20: 954 | AV20: 987 | AW20: 1011 | AX20: 1070 | AY20: 1080 | AZ20: 1105 | BA20: 1100 | BB20: 1145 | BC20: 1142 | BD20: 1143 | BE20: 1149 | BF20: 1198 | BG20: 1090.33 | BH20: 0.13 | BI20: 940 | BJ20: 964 | BK20: 968 | BL20: 993 | BM20: 995 | BN20: 963 | BO20: 949 | BP20: 917 | BQ20: 911 | BR20: 905 | BS20: 901 | BT20: 938 | BU20: 945.33333 | BV20: 0.111
A21: 26 - 35 | B21: Not reported | C21: 1535 | D21: 1517 | E21: 1504 | F21: 1477 | G21: 1451 | H21: 1425 | I21: 1386 | J21: 1340 | K21: 1199 | L21: 1182 | M21: 1144 | N21: 1125 | O21: =AVERAGE(C21:N21) -> 1357.0833 | P21: =O21/SUM($O$20:$O$25) -> 0.21786245 | Q21: 1053 | R21: =Q21/SUM($Q$20:$Q$25) -> 0.21733746 | S21: 1081 | T21: 1172 | U21: 1234 | V21: 1272 | W21: 1290 | X21: 1297 | Y21: 1340 | Z21: 1373 | AA21: 1367 | AB21: 1403 | AC21: 1436 | AD21: 1458 | AE21: =AVERAGE(S21:AD21) -> 1310.25 | AF21: =AE21/SUM($AE$20:$AE$25) -> 0.22150998 | AG21: 1483 | AH21: 1526 | AI21: 1539 | AJ21: 1577 | AK21: 1582 | AL21: 1583 | AM21: 1602 | AN21: 1625 | AO21: 1619 | AP21: 1639 | AQ21: 1653 | AR21: 1660 | AS21: =AVERAGE(AG21:AR21) -> 1590.6667 | AT21: =AS21/SUM($AS$20:$AS$25) -> 0.22746285 | AU21: 1814 | AV21: 1837 | AW21: 1862 | AX21: 1885 | AY21: 1884 | AZ21: 1914 | BA21: 1928 | BB21: 1956 | BC21: 1948 | BD21: 1968 | BE21: 1972 | BF21: 2016 | BG21: 1915.33 | BH21: 0.229 | BI21: 1953 | BJ21: 1968 | BK21: 1979 | BL21: 1990 | BM21: 1986 | BN21: 1959 | BO21: 1939 | BP21: 1917 | BQ21: 1900 | BR21: 1887 | BS21: 1888 | BT21: 1898 | BU21: 1938.6667 | BV21: 0.228
A22: 36 - 45 | B22: Not reported | C22: 1463 | D22: 1458 | E22: 1460 | F22: 1452 | G22: 1425 | H22: 1399 | I22: 1389 | J22: 1363 | K22: 1245 | L22: 1223 | M22: 1214 | N22: 1204 | O22: =AVERAGE(C22:N22) -> 1357.9167 | P22: =O22/SUM($O$20:$O$25) -> 0.21799623 | Q22: 1124 | R22: =Q22/SUM($Q$20:$Q$25) -> 0.23199174 | S22: 1189 | T22: 1244 | U22: 1282 | V22: 1310 | W22: 1331 | X22: 1348 | Y22: 1384 | Z22: 1409 | AA22: 1401 | AB22: 1428 | AC22: 1447 | AD22: 1464 | AE22: =AVERAGE(S22:AD22) -> 1353.0833 | AF22: =AE22/SUM($AE$20:$AE$25) -> 0.22875136 | AG22: 1507 | AH22: 1528 | AI22: 1542 | AJ22: 1559 | AK22: 1565 | AL22: 1576 | AM22: 1588 | AN22: 1603 | AO22: 1601 | AP22: 1611 | AQ22: 1629 | AR22: 1655 | AS22: =AVERAGE(AG22:AR22) -> 1580.3333 | AT22: =AS22/SUM($AS$20:$AS$25) -> 0.2259852 | AU22: 1798 | AV22: 1822 | AW22: 1852 | AX22: 1876 | AY22: 1890 | AZ22: 1911 | BA22: 1925 | BB22: 1963 | BC22: 1962 | BD22: 1968 | BE22: 1974 | BF22: 1997 | BG22: 1911.5 | BH22: 0.229 | BI22: 1972 | BJ22: 1979 | BK22: 2004 | BL22: 2008 | BM22: 2004 | BN22: 1999 | BO22: 1991 | BP22: 1984 | BQ22: 1974 | BR22: 1978 | BS22: 1981 | BT22: 1994 | BU22: 1989 | BV22: 0.234
A23: 46 - 55 | B23: Not reported | C23: 1764 | D23: 1735 | E23: 1729 | F23: 1723 | G23: 1695 | H23: 1675 | I23: 1652 | J23: 1610 | K23: 1432 | L23: 1409 | M23: 1389 | N23: 1372 | O23: =AVERAGE(C23:N23) -> 1598.75 | P23: =O23/SUM($O$20:$O$25) -> 0.25665895 | Q23: 1224 | R23: =Q23/SUM($Q$20:$Q$25) -> 0.25263158 | S23: 1225 | T23: 1271 | U23: 1301 | V23: 1325 | W23: 1350 | X23: 1349 | Y23: 1367 | Z23: 1386 | AA23: 1383 | AB23: 1408 | AC23: 1411 | AD23: 1447 | AE23: =AVERAGE(S23:AD23) -> 1351.9167 | AF23: =AE23/SUM($AE$20:$AE$25) -> 0.22855412 | AG23: 1480 | AH23: 1505 | AI23: 1508 | AJ23: 1515 | AK23: 1505 | AL23: 1515 | AM23: 1536 | AN23: 1532 | AO23: 1518 | AP23: 1539 | AQ23: 1560 | AR23: 1553 | AS23: =AVERAGE(AG23:AR23) -> 1522.1667 | AT23: =AS23/SUM($AS$20:$AS$25) -> 0.21766746 | AU23: 1595 | AV23: 1604 | AW23: 1610 | AX23: 1645 | AY23: 1663 | AZ23: 1669 | BA23: 1683 | BB23: 1706 | BC23: 1698 | BD23: 1714 | BE23: 1718 | BF23: 1738 | BG23: 1670.25 | BH23: 0.2 | BI23: 1699 | BJ23: 1700 | BK23: 1715 | BL23: 1728 | BM23: 1733 | BN23: 1734 | BO23: 1724 | BP23: 1720 | BQ23: 1715 | BR23: 1706 | BS23: 1709 | BT23: 1728 | BU23: 1717.5833 | BV23: 0.202
A24: 56 - 65 | B24: Not reported | C24: 1288 | D24: 1279 | E24: 1282 | F24: 1270 | G24: 1260 | H24: 1252 | I24: 1237 | J24: 1213 | K24: 1025 | L24: 996 | M24: 987 | N24: 991 | O24: =AVERAGE(C24:N24) -> 1173.3333 | P24: =O24/SUM($O$20:$O$25) -> 0.18836372 | Q24: 935 | R24: =Q24/SUM($Q$20:$Q$25) -> 0.19298246 | S24: 1061 | T24: 1106 | U24: 1140 | V24: 1151 | W24: 1168 | X24: 1151 | Y24: 1161 | Z24: 1160 | AA24: 1153 | AB24: 1176 | AC24: 1189 | AD24: 1199 | AE24: =AVERAGE(S24:AD24) -> 1151.25 | AF24: =AE24/SUM($AE$20:$AE$25) -> 0.19462955 | AG24: 1210 | AH24: 1233 | AI24: 1233 | AJ24: 1254 | AK24: 1255 | AL24: 1249 | AM24: 1252 | AN24: 1266 | AO24: 1264 | AP24: 1273 | AQ24: 1281 | AR24: 1299 | AS24: =AVERAGE(AG24:AR24) -> 1255.75 | AT24: =AS24/SUM($AS$20:$AS$25) -> 0.17957029 | AU24: 1502 | AV24: 1515 | AW24: 1503 | AX24: 1512 | AY24: 1518 | AZ24: 1526 | BA24: 1522 | BB24: 1509 | BC24: 1503 | BD24: 1508 | BE24: 1514 | BF24: 1525 | BG24: 1513.08 | BH24: 0.181 | BI24: 1616 | BJ24: 1626 | BK24: 1639 | BL24: 1645 | BM24: 1633 | BN24: 1625 | BO24: 1611 | BP24: 1593 | BQ24: 1583 | BR24: 1572 | BS24: 1571 | BT24: 1574 | BU24: 1607.3333 | BV24: 0.189
A25: Over 65 | B25: Not reported | C25: 174 | D25: 175 | E25: 183 | F25: 186 | G25: 187 | H25: 180 | I25: 185 | J25: 186 | K25: 123 | L25: 122 | M25: 125 | N25: 125 | O25: =AVERAGE(C25:N25) -> 162.58333 | P25: =O25/SUM($O$20:$O$25) -> 0.026100684 | Q25: 116 | R25: =Q25/SUM($Q$20:$Q$25) -> 0.023942208 | S25: 173 | T25: 181 | U25: 180 | V25: 181 | W25: 190 | X25: 189 | Y25: 183 | Z25: 180 | AA25: 178 | AB25: 179 | AC25: 176 | AD25: 170 | AE25: =AVERAGE(S25:AD25) -> 180 | AF25: =AE25/SUM($AE$20:$AE$25) -> 0.030430679 | AG25: 159 | AH25: 160 | AI25: 173 | AJ25: 170 | AK25: 175 | AL25: 181 | AM25: 183 | AN25: 186 | AO25: 190 | AP25: 190 | AQ25: 197 | AR25: 200 | AS25: =AVERAGE(AG25:AR25) -> 180.33333 | AT25: =AS25/SUM($AS$20:$AS$25) -> 0.025787385 | AU25: 270 | AV25: 267 | AW25: 267 | AX25: 267 | AY25: 261 | AZ25: 257 | BA25: 253 | BB25: 247 | BC25: 242 | BD25: 235 | BE25: 234 | BF25: 233 | BG25: 252.75 | BH25: 0.03 | BI25: 325 | BJ25: 321 | BK25: 313 | BL25: 310 | BM25: 301 | BN25: 299 | BO25: 289 | BP25: 279 | BQ25: 271 | BR25: 265 | BS25: 261 | BT25: 251 | BU25: 290.41667 | BV25: 0.036
B29: 2019/20 | C29: 2020/21 | Q29: 2021/22 | S29: 2022/23 | AG29: 2023/24 | AU29: 2024/25 | BI29: 2025/26
A30: New Hires | C30: 43951 | D30: 43982 | E30: 44012 | F30: 44043 | G30: 44074 | H30: 44104 | I30: 44135 | J30: 44165 | K30: 44196 | L30: 44227 | M30: 44255 | N30: 44286 | O30: Average | P30: % | Q30: Average | R30: % | S30: 44681 | T30: 44712 | U30: 44742 | V30: 44773 | W30: 44804 | X30: 44834 | Y30: 44865 | Z30: 44895 | AA30: 44926 | AB30: 44957 | AC30: 44985 | AD30: 45016 | AE30: Average | AF30: % | AG30: 45030 | AH30: 45062 | AI30: 45094 | AJ30: 45126 | AK30: 45158 | AL30: 45190 | AM30: 45222 | AN30: 45254 | AO30: 45286 | AP30: 45318 | AQ30: 45350 | AR30: 45382 | AS30: Average | AT30: % | AU30: 45396 | AV30: 45428 | AW30: 45460 | AX30: 45492 | AY30: 45524 | AZ30: 45556 | BA30: 45588 | BB30: 45620 | BC30: 45652 | BD30: 45684 | BE30: 45716 | BF30: 45717 | BG30: Average | BH30: % | BI30: 45761 | BJ30: 45793 | BK30: 45825 | BL30: 45857 | BM30: 45889 | BN30: 45921 | BO30: 45953 | BP30: 45985 | BQ30: 46017 | BR30: 46049 | BS30: 46081 | BT30: 46082 | BU30: Average | BV30: %
A31: Male | B31: Not reported | C31: 4 | D31: 2 | E31: 2 | F31: 1 | G31: 2 | H31: 4 | I31: 1 | J31: 8 | K31: 4 | L31: 6 | M31: 8 | N31: 9 | O31: =AVERAGE(C31:N31) -> 4.25 | P31: =O31/(O31+O32) -> 0.67105263 | Q31: not reported | R31: n/a | S31: 233 | T31: 291 | U31: 248 | V31: 225 | W31: 194 | X31: 98 | Y31: 153 | Z31: 135 | AA31: 71 | AB31: 137 | AC31: 108 | AD31: 157 | AE31: =AVERAGE(S31:AD31) -> 170.83333 | AF31: =AE31/(AE31+AE32) -> 0.67970822 | AG31: 139 | AH31: 138 | AI31: 93 | AJ31: 136 | AK31: 84 | AL31: 75 | AM31: 127 | AN31: 107 | AO31: 27 | AP31: 104 | AQ31: 126 | AR31: 141 | AS31: =AVERAGE(AG31:AR31) -> 108.08333 | AT31: =AS31/(AS31+AS32) -> 0.61673799 | AU31: 159 | AV31: 119 | AW31: 131 | AX31: 164 | AY31: 137 | AZ31: 145 | BA31: 129 | BB31: 126 | BC31: 47 | BD31: 79 | BE31: 72 | BF31: 138 | BG31: 120.5 | BH31: 0.579 | BI31: 127 | BJ31: 116 | BK31: 123 | BL31: 95 | BM31: 50 | BN31: 35 | BO31: 37 | BP31: 26 | BQ31: 20 | BR31: 34 | BS31: 43 | BT31: 125 | BU31: 69.25 | BV31: 0.611
A32: Female | B32: Not reported | C32: 4 | D32: 0 | E32: 0 | F32: 2 | G32: 0 | H32: 1 | I32: 1 | J32: 2 | K32: 1 | L32: 6 | M32: 3 | N32: 5 | O32: =AVERAGE(C32:N32) -> 2.0833333 | P32: =O32/(O31+O32) -> 0.32894737 | Q32: not reported | R32: n/a | S32: 115 | T32: 132 | U32: 118 | V32: 104 | W32: 58 | X32: 54 | Y32: 72 | Z32: 65 | AA32: 28 | AB32: 89 | AC32: 67 | AD32: 64 | AE32: =AVERAGE(S32:AD32) -> 80.5 | AF32: =AE32/(AE31+AE32) -> 0.32029178 | AG32: 86 | AH32: 110 | AI32: 70 | AJ32: 101 | AK32: 49 | AL32: 38 | AM32: 76 | AN32: 66 | AO32: 16 | AP32: 77 | AQ32: 47 | AR32: 70 | AS32: =AVERAGE(AG32:AR32) -> 67.166667 | AT32: =AS32/(AS31+AS32) -> 0.38326201 | AU32: 111 | AV32: 123 | AW32: 84 | AX32: 110 | AY32: 81 | AZ32: 114 | BA32: 78 | BB32: 91 | BC32: 34 | BD32: 80 | BE32: 45 | BF32: 103 | BG32: 87.83 | BH32: 0.421 | BI32: 85 | BJ32: 55 | BK32: 52 | BL32: 70 | BM32: 45 | BN32: 32 | BO32: 18 | BP32: 20 | BQ32: 12 | BR32: 26 | BS32: 35 | BT32: 76 | BU32: 43.833333 | BV32: 0.389
A34: New Hires | B34: Average | C34: 43951 | D34: 43982 | E34: 44012 | F34: 44043 | G34: 44074 | H34: 44104 | I34: 44135 | J34: 44165 | K34: 44196 | L34: 44227 | M34: 44255 | N34: 44286 | O34: Average | P34: % | Q34: Average | R34: % | S34: 44681 | T34: 44712 | U34: 44742 | V34: 44773 | W34: 44804 | X34: 44834 | Y34: 44865 | Z34: 44895 | AA34: 44926 | AB34: 44957 | AC34: 44985 | AD34: 45016 | AE34: Average | AF34: % | AG34: 45030 | AH34: 45062 | AI34: 45094 | AJ34: 45126 | AK34: 45158 | AL34: 45190 | AM34: 45222 | AN34: 45254 | AO34: 45286 | AP34: 45318 | AQ34: 45350 | AR34: 45382 | AS34: Average | AT34: % | AU34: 45396 | AV34: 45428 | AW34: 45460 | AX34: 45492 | AY34: 45524 | AZ34: 45556 | BA34: 45588 | BB34: 45620 | BC34: 45652 | BD34: 45684 | BE34: 45716 | BF34: 45717 | BG34: Average | BH34: % | BI34: 45761 | BJ34: 45793 | BK34: 45825 | BL34: 45857 | BM34: 45889 | BN34: 45921 | BO34: 45953 | BP34: 45985 | BQ34: 46017 | BR34: 46049 | BS34: 46081 | BT34: 46082 | BU34: Average | BV34: %
A35: East Midlands Airport | B35: Not reported | C35: 4 | D35: 0 | E35: 0 | F35: 0 | G35: 0 | H35: 0 | I35: 0 | J35: 1 | K35: 0 | L35: 11 | M35: 8 | N35: 9 | O35: =AVERAGE(C35:N35) -> 2.75 | P35: =O35/SUM($O$35:$O$42) -> 0.43421053 | Q35: not reported | R35: n/a | S35: 49 | T35: 38 | U35: 39 | V35: 36 | W35: 18 | X35: 10 | Y35: 14 | Z35: 16 | AA35: 12 | AB35: 35 | AC35: 35 | AD35: 42 | AE35: =AVERAGE(S35:AD35) -> 28.666667 | AF35: =AE35/SUM($AE$35:$AE$42) -> 0.11405836 | AG35: 57 | AH35: 31 | AI35: 11 | AJ35: 28 | AK35: 11 | AL35: 4 | AM35: 18 | AN35: 16 | AO35: 9 | AP35: 13 | AQ35: 36 | AR35: 36 | AS35: =AVERAGE(AG35:AR35) -> 22.5 | AT35: =AS35/SUM($AS$35:$AS$42) -> 0.13228809 | AU35: 28 | AV35: 23 | AW35: 12 | AX35: 25 | AY35: 8 | AZ35: 3 | BA35: 7 | BB35: 3 | BC35: 4 | BD35: 20 | BE35: 37 | BF35: 12 | BG35: 15.2 | BH35: 0.072 | BI35: 29 | BJ35: 3 | BK35: 11 | BL35: 11 | BM35: 1 | BN35: 5 | BO35: 2 | BP35: 3 | BQ35: 2 | BR35: 7 | BS35: 22 | BT35: 31 | BU35: 10.583333 | BV35: 0.087
A36: London Stansted Airport | B36: Not reported | C36: 0 | D36: 0 | E36: 1 | F36: 0 | G36: 0 | H36: 1 | I36: 0 | J36: 9 | K36: 0 | L36: 0 | M36: 0 | N36: 0 | O36: =AVERAGE(C36:N36) -> 0.91666667 | P36: =O36/SUM($O$35:$O$42) -> 0.14473684 | Q36: not reported | R36: n/a | S36: 114 | T36: 110 | U36: 91 | V36: 62 | W36: 31 | X36: 48 | Y36: 46 | Z36: 53 | AA36: 5 | AB36: 48 | AC36: 20 | AD36: 60 | AE36: =AVERAGE(S36:AD36) -> 57.333333 | AF36: =AE36/SUM($AE$35:$AE$42) -> 0.22811671 | AG36: 55 | AH36: 74 | AI36: 34 | AJ36: 30 | AK36: 18 | AL36: 25 | AM36: 65 | AN36: 36 | AO36: 12 | AP36: 65 | AQ36: 48 | AR36: 72 | AS36: =AVERAGE(AG36:AR36) -> 44.5 | AT36: =AS36/SUM($AS$35:$AS$42) -> 0.26163645 | AU36: 57 | AV36: 91 | AW36: 47 | AX36: 86 | AY36: 60 | AZ36: 67 | BA36: 32 | BB36: 58 | BC36: 26 | BD36: 15 | BE36: 6 | BF36: 17 | BG36: 47 | BH36: 0.225 | BI36: 14 | BJ36: 9 | BK36: 20 | BL36: 21 | BM36: 12 | BN36: 10 | BO36: 12 | BP36: 9 | BQ36: 6 | BR36: 13 | BS36: 32 | BT36: 76 | BU36: 19.5 | BV36: 0.157
A37: Manchester Airport | B37: Not reported | C37: 4 | D37: 2 | E37: 1 | F37: 2 | G37: 2 | H37: 4 | I37: 2 | J37: 0 | K37: 5 | L37: 1 | M37: 2 | N37: 5 | O37: =AVERAGE(C37:N37) -> 2.5 | P37: =O37/SUM($O$35:$O$42) -> 0.39473684 | Q37: not reported | R37: n/a | S37: 185 | T37: 275 | U37: 236 | V37: 229 | W37: 203 | X37: 94 | Y37: 163 | Z37: 130 | AA37: 82 | AB37: 138 | AC37: 120 | AD37: 119 | AE37: =AVERAGE(S37:AD37) -> 164.5 | AF37: =AE37/SUM($AE$35:$AE$42) -> 0.65450928 | AG37: 113 | AH37: 134 | AI37: 111 | AJ37: 162 | AK37: 95 | AL37: 80 | AM37: 118 | AN37: 120 | AO37: 21 | AP37: 102 | AQ37: 84 | AR37: 95 | AS37: =AVERAGE(AG37:AR37) -> 102.91667 | AT37: =AS37/SUM($AS$35:$AS$42) -> 0.60509554 | AU37: 118 | AV37: 72 | AW37: 103 | AX37: 102 | AY37: 89 | AZ37: 150 | BA37: 109 | BB37: 116 | BC37: 21 | BD37: 82 | BE37: 41 | BF37: 160 | BG37: 97 | BH37: 46.4% | BI37: 158 | BJ37: 142 | BK37: 135 | BL37: 97 | BM37: 71 | BN37: 46 | BO37: 36 | BP37: 32 | BQ37: 19 | BR37: 34 | BS37: 21 | BT37: 91 | BU37: 73.5 | BV37: 0.583
A38: CAVU (MAN, EMA & STN) | AU38: 45 | AV38: 27 | AW38: 25 | AX38: 28 | AY38: 20 | AZ38: 13 | BA38: 11 | BB38: 6 | BC38: 3 | BD38: 11 | BE38: 11 | BF38: 27 | BG38: 19 | BH38: 0.091 | BI38: 30 | BJ38: 24 | BK38: 19 | BL38: 20 | BM38: 28 | BN38: 20 | BO38: 9 | BP38: 5 | BQ38: 7 | BR38: 18 | BS38: 11 | BT38: 12 | BU38: 16.916667 | BV38: 0.134
A39: London Office | B39: Not reported | C39: 0 | D39: 0 | E39: 0 | F39: 1 | G39: 0 | H39: 0 | I39: 0 | J39: 0 | K39: 0 | L39: 0 | M39: 1 | N39: 0 | O39: =AVERAGE(C39:N39) -> 0.16666667 | P39: =O39/SUM($O$35:$O$42) -> 0.026315789 | Q39: not reported | R39: n/a | S39: 0 | T39: 0 | U39: 0 | V39: 0 | W39: 0 | X39: 0 | Y39: 1 | Z39: 0 | AA39: 0 | AB39: 0 | AC39: 0 | AD39: 0 | AE39: =AVERAGE(S39:AD39) -> 0.083333333 | AF39: =AE39/SUM($AE$35:$AE$42) -> 0.00033156499 | AG39: 0 | AH39: 0 | AI39: 0 | AJ39: 2 | AK39: 0 | AL39: 0 | AM39: 0 | AN39: 0 | AO39: 0 | AP39: 0 | AQ39: 0 | AR39: 0 | AS39: =AVERAGE(AG39:AR39) -> 0.16666667 | AT39: =AS39/SUM($AS$35:$AS$42) -> 0.00097991181 | AU39: 1 | AV39: 0 | AW39: 2 | AX39: 1 | AY39: 0 | AZ39: 0 | BA39: 0 | BB39: 0 | BC39: 0 | BD39: 0 | BE39: 0 | BF39: 0 | BG39: 0 | BH39: 0.0% | BI39: 0 | BJ39: 0 | BK39: 0 | BL39: 0 | BM39: 0 | BN39: 0 | BO39: 0 | BP39: 0 | BQ39: 0 | BR39: 0 | BS39: 0 | BT39: 0 | BU39: 0 | BV39: 0
A40: Chicago Office | B40: Not reported | C40: 0 | D40: 0 | E40: 0 | F40: 0 | G40: 0 | H40: 0 | I40: 0 | J40: 0 | K40: 0 | L40: 0 | M40: 0 | N40: 0 | O40: =AVERAGE(C40:N40) -> 0 | P40: =O40/SUM($O$35:$O$42) -> 0 | Q40: not reported | R40: n/a | S40: 0 | T40: 0 | U40: 0 | V40: 0 | W40: 0 | X40: 0 | Y40: 0 | Z40: 0 | AA40: 0 | AB40: 0 | AC40: 0 | AD40: 0 | AE40: =AVERAGE(S40:AD40) -> 0 | AF40: =AE40/SUM($AE$35:$AE$42) -> 0 | AG40: 0 | AH40: 0 | AI40: 0 | AJ40: 0 | AK40: 0 | AL40: 0 | AM40: 0 | AN40: 0 | AO40: 0 | AP40: 0 | AQ40: 0 | AR40: 0 | AS40: =AVERAGE(AG40:AR40) -> 0 | AT40: =AS40/SUM($AS$35:$AS$42) -> 0 | AU40: 1 | AV40: 0 | AW40: 0 | AX40: 0 | AY40: 0 | AZ40: 2 | BA40: 1 | BB40: 1 | BC40: 0 | BD40: 1 | BE40: 1 | BF40: 1 | BG40: 1 | BH40: 0.005 | BI40: 0 | BJ40: 0 | BK40: 0 | BL40: 0 | BM40: 1 | BN40: 0 | BO40: 0 | BP40: 0 | BQ40: 1 | BR40: 0 | BS40: 0 | BT40: 0 | BU40: 0.16666667 | BV40: 0
A41: Bristol Airport | B41: n/a | O41: n/a | P41: n/a | Q41: n/a | R41: n/a | S41: n/a | T41: n/a | U41: n/a | V41: n/a | W41: n/a | X41: n/a | Y41: n/a | Z41: n/a | AA41: n/a | AB41: n/a | AC41: n/a | AD41: n/a | AE41: n/a | AF41: n/a | AH41: 9 | AI41: 7 | AJ41: 15 | AK41: 9 | AL41: 4 | AM41: 2 | AN41: 1 | AO41: 1 | AP41: 1 | AQ41: 5 | AR41: 8 | AS41: 0 | AT41: =AS41/SUM($AS$35:$AS$42) -> 0 | AU41: 3 | AV41: 2 | AW41: 5 | AX41: 2 | AY41: 3 | AZ41: 5 | BA41: 3 | BB41: 5 | BC41: 3 | BD41: 0 | BE41: 3 | BF41: 2 | BG41: 3 | BH41: 0.014 | BI41: 7 | BJ41: 1 | BK41: 6 | BL41: 11 | BM41: 10 | BN41: 6 | BO41: 3 | BP41: 2 | BQ41: 2 | BR41: 4 | BS41: 2 | BT41: 3 | BU41: 4.75 | BV41: 0.039
A42: Other Location | B42: Not reported | C42: 0 | D42: 0 | E42: 0 | F42: 0 | G42: 0 | H42: 0 | I42: 0 | J42: 0 | K42: 0 | L42: 0 | M42: 0 | N42: 0 | O42: =AVERAGE(C42:N42) -> 0 | P42: =O42/SUM($O$35:$O$42) -> 0 | Q42: not reported | R42: n/a | S42: 0 | T42: 0 | U42: 0 | V42: 2 | W42: 0 | X42: 0 | Y42: 1 | Z42: 1 | AA42: 0 | AB42: 5 | AC42: 0 | AD42: 0 | AE42: =AVERAGE(S42:AD42) -> 0.75 | AF42: =AE42/SUM($AE$35:$AE$42) -> 0.0029840849 | AG42: 0 | AH42: 0 | AI42: 0 | AJ42: 0 | AK42: 0 | AL42: 0 | AM42: 0 | AN42: 0 | AO42: 0 | AP42: 0 | AQ42: 0 | AR42: 0 | AS42: =AVERAGE(AG42:AR42) -> 0 | AT42: =AS42/SUM($AS$35:$AS$42) -> 0 | AU42: 17 | AV42: 27 | AW42: 21 | AX42: 30 | AY42: 38 | AZ42: 19 | BA42: 44 | BB42: 28 | BC42: 24 | BD42: 30 | BE42: 18 | BF42: 22 | BG42: 27 | BH42: 0.129 | BI42: 0 | BJ42: 0 | BK42: 0 | BL42: 1 | BM42: 0 | BN42: 0 | BO42: 0 | BP42: 0 | BQ42: 0 | BR42: 0 | BS42: 0 | BT42: 0 | BU42: 0.083333333 | BV42: 0
A44: New Hires | B44: Average | C44: 43951 | D44: 43982 | E44: 44012 | F44: 44043 | G44: 44074 | H44: 44104 | I44: 44135 | J44: 44165 | K44: 44196 | L44: 44227 | M44: 44255 | N44: 44286 | O44: Average | P44: % | Q44: Average | R44: % | S44: 44681 | T44: 44712 | U44: 44742 | V44: 44773 | W44: 44804 | X44: 44834 | Y44: 44865 | Z44: 44895 | AA44: 44926 | AB44: 44957 | AC44: 44985 | AD44: 45016 | AE44: Average | AF44: % | AG44: 45030 | AH44: 45062 | AI44: 45094 | AJ44: 45126 | AK44: 45158 | AL44: 45190 | AM44: 45222 | AN44: 45254 | AO44: 45286 | AP44: 45318 | AQ44: 45350 | AR44: 45382 | AS44: Average | AT44: % | AU44: 45396 | AV44: 45428 | AW44: 45460 | AX44: 45492 | AY44: 45524 | AZ44: 45556 | BA44: 45588 | BB44: 45620 | BC44: 45652 | BD44: 45684 | BE44: 45716 | BF44: 45717 | BG44: Average | BH44: % | BI44: 45761 | BJ44: 45793 | BK44: 45825 | BL44: 45857 | BM44: 45889 | BN44: 45921 | BO44: 45953 | BP44: 45985 | BQ44: 46017 | BR44: 46049 | BS44: 46081 | BT44: 46082 | BU44: Average | BV44: %
A45: 16 - 25 | B45: Not reported | C45: 1 | D45: 0 | E45: 0 | F45: 0 | G45: 1 | H45: 1 | I45: 1 | J45: 1 | K45: 2 | L45: 4 | M45: 3 | N45: 3 | O45: =AVERAGE(C45:N45) -> 1.4166667 | P45: =O45/SUM($O$45:$O$50) -> 0.22368421 | Q45: not reported | R45: n/a | S45: 57 | T45: 115 | U45: 108 | V45: 126 | W45: 71 | X45: 32 | Y45: 45 | Z45: 37 | AA45: 30 | AB45: 38 | AC45: 36 | AD45: 44 | AE45: =AVERAGE(S45:AD45) -> 61.583333 | AF45: =AE45/SUM($AE$45:$AE$50) -> 0.24502653 | AG45: 57 | AH45: 88 | AI45: 49 | AJ45: 100 | AK45: 63 | AL45: 39 | AM45: 87 | AN45: 69 | AO45: 9 | AP45: 68 | AQ45: 57 | AR45: 88 | AS45: =AVERAGE(AG45:AR45) -> 64.5 | AT45: =AS45/SUM($AS$45:$AS$50) -> 0.36595745 | AU45: 81 | AV45: 72 | AW45: 61 | AX45: 95 | AY45: 64 | AZ45: 83 | BA45: 57 | BB45: 72 | BC45: 26 | BD45: 34 | BE45: 33 | BF45: 70 | BG45: 62 | BH45: 0.297 | BI45: 56 | BJ45: 43 | BK45: 31 | BL45: 60 | BM45: 29 | BN45: 963 | BO45: 13 | BP45: 5 | BQ45: 7 | BR45: 10 | BS45: 19 | BT45: 938 | BU45: 181.16667 | BV45: 0.12
A46: 26 - 35 | B46: Not reported | C46: 1 | D46: 1 | E46: 2 | F46: 1 | G46: 1 | H46: 1 | I46: 0 | J46: 5 | K46: 2 | L46: 0 | M46: 1 | N46: 2 | O46: =AVERAGE(C46:N46) -> 1.4166667 | P46: =O46/SUM($O$45:$O$50) -> 0.22368421 | Q46: not reported | R46: n/a | S46: 82 | T46: 117 | U46: 85 | V46: 65 | W46: 56 | X46: 37 | Y46: 62 | Z46: 56 | AA46: 21 | AB46: 61 | AC46: 49 | AD46: 48 | AE46: =AVERAGE(S46:AD46) -> 61.583333 | AF46: =AE46/SUM($AE$45:$AE$50) -> 0.24502653 | AG46: 44 | AH46: 55 | AI46: 35 | AJ46: 55 | AK46: 32 | AL46: 31 | AM46: 38 | AN46: 48 | AO46: 12 | AP46: 44 | AQ46: 36 | AR46: 43 | AS46: =AVERAGE(AG46:AR46) -> 39.416667 | AT46: =AS46/SUM($AS$45:$AS$50) -> 0.22364066 | AU46: 67 | AV46: 65 | AW46: 59 | AX46: 65 | AY46: 53 | AZ46: 68 | BA46: 58 | BB46: 53 | BC46: 14 | BD46: 45 | BE46: 24 | BF46: 63 | BG46: 53 | BH46: 0.254 | BI46: 51 | BJ46: 44 | BK46: 44 | BL46: 34 | BM46: 26 | BN46: 1959 | BO46: 15 | BP46: 14 | BQ46: 8 | BR46: 18 | BS46: 15 | BT46: 1898 | BU46: 343.83333 | BV46: 0.229
A47: 36 - 45 | B47: Not reported | C47: 4 | D47: 1 | E47: 0 | F47: 0 | G47: 0 | H47: 0 | I47: 1 | J47: 3 | K47: 1 | L47: 1 | M47: 2 | N47: 3 | O47: =AVERAGE(C47:N47) -> 1.3333333 | P47: =O47/SUM($O$45:$O$50) -> 0.21052632 | Q47: not reported | R47: n/a | S47: 79 | T47: 68 | U47: 63 | V47: 51 | W47: 48 | X47: 38 | Y47: 55 | Z47: 49 | AA47: 22 | AB47: 50 | AC47: 36 | AD47: 38 | AE47: =AVERAGE(S47:AD47) -> 49.75 | AF47: =AE47/SUM($AE$45:$AE$50) -> 0.1979443 | AG47: 52 | AH47: 42 | AI47: 37 | AJ47: 34 | AK47: 13 | AL47: 22 | AM47: 39 | AN47: 22 | AO47: 7 | AP47: 28 | AQ47: 26 | AR47: 30 | AS47: =AVERAGE(AG47:AR47) -> 29.333333 | AT47: =AS47/SUM($AS$45:$AS$50) -> 0.16643026 | AU47: 39 | AV47: 43 | AW47: 51 | AX47: 42 | AY47: 46 | AZ47: 55 | BA47: 41 | BB47: 54 | BC47: 23 | BD47: 27 | BE47: 26 | BF47: 44 | BG47: 41 | BH47: 0.196 | BI47: 42 | BJ47: 31 | BK47: 39 | BL47: 29 | BM47: 13 | BN47: 1999 | BO47: 12 | BP47: 12 | BQ47: 7 | BR47: 16 | BS47: 17 | BT47: 1994 | BU47: 350.91667 | BV47: 0.233
A48: 46 - 55 | B48: Not reported | C48: 2 | D48: 0 | E48: 0 | F48: 2 | G48: 0 | H48: 1 | I48: 0 | J48: 0 | K48: 0 | L48: 7 | M48: 2 | N48: 3 | O48: =AVERAGE(C48:N48) -> 1.4166667 | P48: =O48/SUM($O$45:$O$50) -> 0.22368421 | Q48: not reported | R48: n/a | S48: 59 | T48: 62 | U48: 55 | V48: 52 | W48: 43 | X48: 30 | Y48: 37 | Z48: 35 | AA48: 16 | AB48: 40 | AC48: 27 | AD48: 54 | AE48: =AVERAGE(S48:AD48) -> 42.5 | AF48: =AE48/SUM($AE$45:$AE$50) -> 0.16909814 | AG48: 41 | AH48: 39 | AI48: 26 | AJ48: 25 | AK48: 16 | AL48: 13 | AM48: 27 | AN48: 20 | AO48: 9 | AP48: 33 | AQ48: 34 | AR48: 28 | AS48: =AVERAGE(AG48:AR48) -> 25.916667 | AT48: =AS48/SUM($AS$45:$AS$50) -> 0.14704492 | AU48: 43 | AV48: 31 | AW48: 29 | AX48: 49 | AY48: 33 | AZ48: 27 | BA48: 32 | BB48: 33 | BC48: 9 | BD48: 37 | BE48: 17 | BF48: 38 | BG48: 32 | BH48: 0.153 | BI48: 32 | BJ48: 24 | BK48: 31 | BL48: 22 | BM48: 19 | BN48: 1734 | BO48: 12 | BP48: 12 | BQ48: 7 | BR48: 10 | BS48: 18 | BT48: 1728 | BU48: 304.08333 | BV48: 0.202
A49: 56 - 65 | B49: Not reported | C49: 0 | D49: 0 | E49: 0 | F49: 0 | G49: 0 | H49: 2 | I49: 0 | J49: 1 | K49: 0 | L49: 0 | M49: 1 | N49: 2 | O49: =AVERAGE(C49:N49) -> 0.5 | P49: =O49/SUM($O$45:$O$50) -> 0.078947368 | Q49: not reported | R49: n/a | S49: 59 | T49: 53 | U49: 47 | V49: 31 | W49: 32 | X49: 13 | Y49: 25 | Z49: 23 | AA49: 8 | AB49: 33 | AC49: 26 | AD49: 33 | AE49: =AVERAGE(S49:AD49) -> 31.916667 | AF49: =AE49/SUM($AE$45:$AE$50) -> 0.12698939 | AG49: 29 | AH49: 24 | AI49: 12 | AJ49: 23 | AK49: 9 | AL49: 7 | AM49: 12 | AN49: 14 | AO49: 6 | AP49: 7 | AQ49: 17 | AR49: 21 | AS49: =AVERAGE(AG49:AR49) -> 15.083333 | AT49: =AS49/SUM($AS$45:$AS$50) -> 0.085579196 | AU49: 36 | AV49: 28 | AW49: 14 | AX49: 18 | AY49: 20 | AZ49: 25 | BA49: 18 | BB49: 5 | BC49: 9 | BD49: 16 | BE49: 17 | BF49: 23 | BG49: 19 | BH49: 0.091 | BI49: 27 | BJ49: 26 | BK49: 30 | BL49: 18 | BM49: 7 | BN49: 1625 | BO49: 3 | BP49: 2 | BQ49: 3 | BR49: 6 | BS49: 8 | BT49: 1574 | BU49: 277.41667 | BV49: 0.184
A50: Over 65 | B50: Not reported | C50: 0 | D50: 0 | E50: 0 | F50: 0 | G50: 0 | H50: 0 | I50: 0 | J50: 0 | K50: 0 | L50: 0 | M50: 2 | N50: 1 | O50: =AVERAGE(C50:N50) -> 0.25 | P50: =O50/SUM($O$45:$O$50) -> 0.039473684 | Q50: not reported | R50: n/a | S50: 12 | T50: 8 | U50: 8 | V50: 4 | W50: 2 | X50: 2 | Y50: 1 | Z50: 0 | AA50: 2 | AB50: 4 | AC50: 1 | AD50: 4 | AE50: =AVERAGE(S50:AD50) -> 4 | AF50: =AE50/SUM($AE$45:$AE$50) -> 0.015915119 | AG50: 2 | AI50: 4 | AL50: 1 | AP50: 1 | AQ50: 3 | AR50: 1 | AS50: =AVERAGE(AG50:AR50) -> 2 | AT50: =AS50/SUM($AS$45:$AS$50) -> 0.011347518 | AU50: 4 | AV50: 3 | AW50: 1 | AX50: 5 | AY50: 2 | AZ50: 1 | BA50: 1 | BB50: 0 | BC50: 0 | BD50: 0 | BE50: 0 | BF50: 3 | BG50: 2 | BH50: 0.01 | BI50: 4 | BJ50: 3 | BK50: 0 | BL50: 2 | BM50: 1 | BN50: 299 | BO50: 0 | BP50: 1 | BQ50: 0 | BR50: 0 | BS50: 1 | BT50: 251 | BU50: 46.833333 | BV50: 0.032
B54: 2019/20 | C54: 2020/21 | Q54: 2021/22 | S54: 2022/23 | AG54: 2023/24 | AU54: 2024/25 | BI54: 2025/26
A55: Leavers | C55: 43951 | D55: 43982 | E55: 44012 | F55: 44043 | G55: 44074 | H55: 44104 | I55: 44135 | J55: 44165 | K55: 44196 | L55: 44227 | M55: 44255 | N55: 44286 | O55: Total | P55: % | Q55: Total | R55: % | S55: 44681 | T55: 44712 | U55: 44742 | V55: 44773 | W55: 44804 | X55: 44834 | Y55: 44865 | Z55: 44895 | AA55: 44926 | AB55: 44957 | AC55: 44985 | AD55: 45016 | AE55: Total | AF55: % | AG55: 45030 | AH55: 45062 | AI55: 45094 | AJ55: 45126 | AK55: 45158 | AL55: 45190 | AM55: 45222 | AN55: 45254 | AO55: 45286 | AP55: 45318 | AQ55: 45350 | AR55: 45382 | AS55: Total | AT55: % | AU55: 45396 | AV55: 45428 | AW55: 45460 | AX55: 45492 | AY55: 45524 | AZ55: 45556 | BA55: 45588 | BB55: 45620 | BC55: 45652 | BD55: 45684 | BE55: 45716 | BF55: 45717 | BG55: Total | BH55: % | BI55: 45761 | BJ55: 45793 | BK55: 45825 | BL55: 45857 | BM55: 45889 | BN55: 45921 | BO55: 45953 | BP55: 45985 | BQ55: 46017 | BR55: 46049 | BS55: 46081 | BT55: 46082 | BU55: Total | BV55: %
A56: Male | B56: Not reported | C56: 31 | D56: 56 | E56: 23 | F56: 58 | G56: 74 | H56: 66 | I56: 93 | J56: 49 | K56: 465 | L56: 43 | M56: 51 | N56: 266 | O56: =SUM(C56:N56) -> 1275 | P56: =O56/(O56+O57) -> 0.601983 | Q56: Not reported | R56: n/a | S56: 66 | T56: 55 | U56: 72 | V56: 86 | W56: 101 | X56: 142 | Y56: 85 | Z56: 81 | AA56: 81 | AB56: 65 | AC56: 61 | AD56: 94 | AE56: =SUM(S56:AD56) -> 989 | AF56: =AE56/(AE56+AE57) -> 0.67416496 | AG56: 75 | AH56: 79 | AI56: 89 | AJ56: 65 | AK56: 81 | AL56: 84 | AM56: 68 | AN56: 57 | AO56: 58 | AP56: 67 | AQ56: 63 | AR56: 76 | AS56: =SUM(AG56:AR56) -> 862 | AT56: =AS56/(AS56+AS57) -> 0.66461064 | AU56: 75 | AV56: 93 | AW56: 74 | AX56: 75 | AY56: 112 | AZ56: 101 | BA56: 101 | BB56: 61 | BC56: 73 | BD56: 74 | BE56: 55 | BF56: 57 | BG56: 951 | BH56: 0.598 | BI56: 62 | BJ56: 77 | BK56: 80 | BL56: 78 | BM56: 78 | BN56: 93 | BO56: 97 | BP56: 63 | BQ56: 58 | BR56: 58 | BS56: 67 | BT56: 90 | BU56: 901 | BV56: 0.626
A57: Female | B57: Not reported | C57: 15 | D57: 41 | E57: 13 | F57: 37 | G57: 39 | H57: 41 | I57: 87 | J57: 28 | K57: 346 | L57: 22 | M57: 51 | N57: 123 | O57: =SUM(C57:N57) -> 843 | P57: =O57/(O56+O57) -> 0.398017 | Q57: Not reported | R57: n/a | S57: 29 | T57: 32 | U57: 43 | V57: 48 | W57: 43 | X57: 63 | Y57: 34 | Z57: 32 | AA57: 43 | AB57: 31 | AC57: 36 | AD57: 44 | AE57: =SUM(S57:AD57) -> 478 | AF57: =AE57/(AE56+AE57) -> 0.32583504 | AG57: 28 | AH57: 29 | AI57: 41 | AJ57: 37 | AK57: 35 | AL57: 50 | AM57: 46 | AN57: 34 | AO57: 30 | AP57: 29 | AQ57: 31 | AR57: 45 | AS57: =SUM(AG57:AR57) -> 435 | AT57: =AS57/(AS56+AS57) -> 0.33538936 | AU57: 58 | AV57: 50 | AW57: 68 | AX57: 49 | AY57: 65 | AZ57: 72 | BA57: 77 | BB57: 41 | BC57: 39 | BD57: 44 | BE57: 37 | BF57: 38 | BG57: 638 | BH57: 0.402 | BI57: 35 | BJ57: 40 | BK57: 45 | BL57: 40 | BM57: 42 | BN57: 58 | BO57: 70 | BP57: 42 | BQ57: 29 | BR57: 30 | BS57: 51 | BT57: 57 | BU57: 539 | BV57: 0.374
A59: Leavers | B59: Average | C59: 43951 | D59: 43982 | E59: 44012 | F59: 44043 | G59: 44074 | H59: 44104 | I59: 44135 | J59: 44165 | K59: 44196 | L59: 44227 | M59: 44255 | N59: 44286 | O59: Total | P59: % | Q59: Total | R59: % | S59: 44681 | T59: 44712 | U59: 44742 | V59: 44773 | W59: 44804 | X59: 44834 | Y59: 44865 | Z59: 44895 | AA59: 44926 | AB59: 44957 | AC59: 44985 | AD59: 45016 | AE59: Total | AF59: % | AG59: 45030 | AH59: 45062 | AI59: 45094 | AJ59: 45126 | AK59: 45158 | AL59: 45190 | AM59: 45222 | AN59: 45254 | AO59: 45286 | AP59: 45318 | AQ59: 45350 | AR59: 45382 | AS59: Total | AT59: % | AU59: 45396 | AV59: 45428 | AW59: 45460 | AX59: 45492 | AY59: 45524 | AZ59: 45556 | BA59: 45588 | BB59: 45620 | BC59: 45652 | BD59: 45684 | BE59: 45716 | BF59: 45717 | BG59: Total | BH59: % | BI59: 45761 | BJ59: 45793 | BK59: 45825 | BL59: 45857 | BM59: 45889 | BN59: 45921 | BO59: 45953 | BP59: 45985 | BQ59: 46017 | BR59: 46049 | BS59: 46081 | BT59: 46082 | BU59: Total | BV59: %
A60: East Midlands Airport | B60: Not reported | C60: 3 | D60: 18 | E60: 1 | F60: 12 | G60: 9 | H60: 25 | I60: 16 | J60: 29 | K60: 18 | L60: 3 | M60: 3 | N60: 17 | O60: =SUM(C60:N60) -> 154 | P60: =O60/SUM($O$60:$O$67) -> 0.072710104 | Q60: Not reported | R60: n/a | S60: 8 | T60: 11 | U60: 18 | V60: 13 | W60: 11 | X60: 20 | Y60: 15 | Z60: 8 | AA60: 4 | AB60: 6 | AC60: 14 | AD60: 13 | AE60: =SUM(S60:AD60) -> 141 | AF60: =AE60/SUM($AE$60:$AE$67) -> 0.10180505 | AG60: 18 | AH60: 22 | AI60: 22 | AJ60: 18 | AK60: 16 | AL60: 13 | AM60: 12 | AN60: 14 | AO60: 9 | AP60: 13 | AQ60: 13 | AR60: 16 | AS60: =SUM(AG60:AR60) -> 186 | AT60: =AS60/SUM($AS$60:$AS$67) -> 0.14868106 | AU60: 10 | AV60: 20 | AW60: 17 | AX60: 12 | AY60: 13 | AZ60: 17 | BA60: 12 | BB60: 12 | BC60: 11 | BD60: 5 | BE60: 10 | BF60: 12 | BG60: 151 | BH60: 0.095 | BI60: 9 | BJ60: 19 | BK60: 12 | BL60: 19 | BM60: 14 | BN60: 17 | BO60: 21 | BP60: 11 | BQ60: 12 | BR60: 6 | BS60: 10 | BT60: 14 | BU60: 164 | BV60: 0.1
A61: London Stansted Airport | B61: Not reported | C61: 12 | D61: 31 | E61: 11 | F61: 24 | G61: 25 | H61: 15 | I61: 46 | J61: 5 | K61: 455 | L61: 7 | M61: 32 | N61: 29 | O61: =SUM(C61:N61) -> 692 | P61: =O61/SUM($O$60:$O$67) -> 0.32672332 | Q61: Not reported | R61: n/a | S61: 21 | T61: 27 | U61: 32 | V61: 34 | W61: 25 | X61: 38 | Y61: 31 | Z61: 23 | AA61: 7 | AB61: 20 | AC61: 17 | AD61: 29 | AE61: =SUM(S61:AD61) -> 304 | AF61: =AE61/SUM($AE$60:$AE$67) -> 0.21949458 | AG61: 23 | AH61: 29 | AI61: 37 | AJ61: 22 | AK61: 28 | AL61: 24 | AM61: 20 | AN61: 24 | AO61: 16 | AP61: 29 | AQ61: 15 | AR61: 26 | AS61: =SUM(AG61:AR61) -> 293 | AT61: =AS61/SUM($AS$60:$AS$67) -> 0.23421263 | AU61: 29 | AV61: 31 | AW61: 28 | AX61: 23 | AY61: 29 | AZ61: 26 | BA61: 23 | BB61: 13 | BC61: 21 | BD61: 19 | BE61: 24 | BF61: 14 | BG61: 280 | BH61: 0.176 | BI61: 23 | BJ61: 21 | BK61: 29 | BL61: 25 | BM61: 18 | BN61: 28 | BO61: 31 | BP61: 15 | BQ61: 19 | BR61: 24 | BS61: 45 | BT61: 31 | BU61: 309 | BV61: 0.189
A62: Manchester Airport | B62: Not reported | C62: 31 | D62: 48 | E62: 24 | F62: 58 | G62: 79 | H62: 66 | I62: 117 | J62: 43 | K62: 338 | L62: 55 | M62: 66 | N62: 343 | O62: =SUM(C62:N62) -> 1268 | P62: =O62/SUM($O$60:$O$67) -> 0.598678 | Q62: Not reported | R62: n/a | S62: 66 | T62: 49 | U62: 65 | V62: 87 | W62: 105 | X62: 147 | Y62: 72 | Z62: 81 | AA62: 32 | AB62: 70 | AC62: 64 | AD62: 85 | AE62: =SUM(S62:AD62) -> 923 | AF62: =AE62/SUM($AE$60:$AE$67) -> 0.66642599 | AG62: 62 | AH62: 53 | AI62: 64 | AJ62: 56 | AK62: 68 | AL62: 91 | AM62: 77 | AN62: 50 | AO62: 59 | AP62: 51 | AQ62: 61 | AR62: 75 | AS62: =SUM(AG62:AR62) -> 767 | AT62: =AS62/SUM($AS$60:$AS$67) -> 0.61310951 | AU62: 57 | AV62: 58 | AW62: 53 | AX62: 45 | AY62: 79 | AZ62: 75 | BA62: 53 | BB62: 45 | BC62: 52 | BD62: 53 | BE62: 47 | BF62: 53 | BG62: 670 | BH62: 0.422 | BI62: 62 | BJ62: 70 | BK62: 76 | BL62: 67 | BM62: 79 | BN62: 92 | BO62: 104 | BP62: 75 | BQ62: 51 | BR62: 56 | BS62: 59 | BT62: 99 | BU62: 890 | BV62: 0.544
A63: CAVU (MAN, EMA & STN) | AU63: 17 | AV63: 13 | AW63: 15 | AX63: 19 | AY63: 18 | AZ63: 16 | BA63: 54 | BB63: 18 | BC63: 8 | BD63: 4 | BE63: 9 | BF63: 11 | BG63: 202 | BH63: 0.127 | BI63: 11 | BJ63: 17 | BK63: 17 | BL63: 15 | BM63: 23 | BN63: 26 | BO63: 36 | BP63: 12 | BQ63: 10 | BR63: 13 | BS63: 37 | BT63: 13 | BU63: 230 | BV63: 0.141
A64: London Office | B64: Not reported | C64: 0 | D64: 0 | E64: 0 | F64: 0 | G64: 0 | H64: 1 | I64: 0 | J64: 0 | K64: 0 | L64: 0 | M64: 1 | N64: 0 | O64: =SUM(C64:N64) -> 2 | P64: =O64/SUM($O$60:$O$67) -> 0.00094428706 | Q64: Not reported | R64: n/a | S64: 0 | T64: 0 | U64: 0 | V64: 0 | W64: 3 | X64: 0 | Y64: 0 | Z64: 0 | AA64: 0 | AB64: 0 | AC64: 0 | AD64: 1 | AE64: =SUM(S64:AD64) -> 4 | AF64: =AE64/SUM($AE$60:$AE$67) -> 0.0028880866 | AG64: 0 | AH64: 0 | AI64: 0 | AJ64: 0 | AK64: 2 | AL64: 0 | AM64: 0 | AN64: 0 | AO64: 0 | AP64: 1 | AQ64: 0 | AR64: 0 | AS64: =SUM(AG64:AR64) -> 3 | AT64: =AS64/SUM($AS$60:$AS$67) -> 0.0023980815 | AU64: 0 | AV64: 0 | AW64: 0 | AX64: 0 | AY64: 0 | AZ64: 0 | BA64: 0 | BB64: 0 | BC64: 0 | BD64: 0 | BE64: 0 | BF64: 1 | BG64: 1 | BH64: 0.001 | BI64: 0 | BJ64: 0 | BK64: 0 | BL64: 0 | BM64: 0 | BN64: 0 | BO64: 0 | BP64: 0 | BQ64: 0 | BR64: 0 | BS64: 0 | BT64: 0 | BU64: 0 | BV64: 0
A65: Chicago Office | B65: Not reported | C65: 0 | D65: 0 | E65: 0 | F65: 0 | G65: 0 | H65: 0 | I65: 0 | J65: 0 | K65: 0 | L65: 0 | M65: 0 | N65: 0 | O65: =SUM(C65:N65) -> 0 | P65: =O65/SUM($O$60:$O$67) -> 0 | Q65: Not reported | R65: n/a | S65: 0 | T65: 0 | U65: 0 | V65: 0 | W65: 0 | X65: 0 | Y65: 0 | Z65: 0 | AA65: 0 | AB65: 0 | AC65: 0 | AD65: 0 | AE65: =SUM(S65:AD65) -> 0 | AF65: =AE65/SUM($AE$60:$AE$67) -> 0 | AG65: 0 | AH65: 0 | AI65: 0 | AJ65: 0 | AK65: 0 | AL65: 0 | AM65: 0 | AN65: 0 | AO65: 0 | AP65: 0 | AQ65: 0 | AR65: 0 | AS65: =SUM(AG65:AR65) -> 0 | AT65: =AS65/SUM($AS$60:$AS$67) -> 0 | AU65: 0 | AV65: 1 | AW65: 1 | AX65: 0 | AY65: 0 | AZ65: 0 | BA65: 2 | BB65: 0 | BC65: 0 | BD65: 1 | BE65: 0 | BF65: 0 | BG65: 5 | BH65: 0.003 | BI65: 0 | BJ65: 0 | BK65: 0 | BL65: 0 | BM65: 0 | BN65: 0 | BO65: 0 | BP65: 0 | BQ65: 0 | BR65: 0 | BS65: 0 | BT65: 0 | BU65: 0 | BV65: 0
A66: Bristol Airport | P66: =O66/SUM($O$60:$O$67) -> 0 | R66: n/a | AF66: =AE66/SUM($AE$60:$AE$67) -> 0 | AG66: 0 | AH66: 4 | AI66: 7 | AJ66: 6 | AK66: 2 | AL66: 6 | AM66: 5 | AN66: 3 | AO66: 3 | AP66: 1 | AQ66: 5 | AR66: 4 | AT66: =AS66/SUM($AS$60:$AS$67) -> 0 | AU66: 3 | AV66: 0 | AW66: 4 | AX66: 2 | AY66: 9 | AZ66: 7 | BA66: 5 | BB66: 1 | BC66: 1 | BD66: 4 | BE66: 1 | BF66: 3 | BG66: 40 | BH66: 0.025 | BI66: 1 | BJ66: 3 | BK66: 2 | BL66: 4 | BM66: 8 | BN66: 7 | BO66: 6 | BP66: 4 | BQ66: 4 | BR66: 1 | BS66: 0 | BT66: 2 | BU66: 42 | BV66: 0.026
A67: Other Location | B67: Not reported | C67: 0 | D67: 0 | E67: 0 | F67: 1 | G67: 0 | H67: 0 | I67: 1 | J67: 0 | K67: 0 | L67: 0 | M67: 0 | N67: 0 | O67: =SUM(C67:N67) -> 2 | P67: =O67/SUM($O$60:$O$67) -> 0.00094428706 | Q67: Not reported | R67: n/a | S67: 0 | T67: 0 | U67: 0 | V67: 0 | W67: 0 | X67: 0 | Y67: 1 | Z67: 1 | AA67: 0 | AB67: 0 | AC67: 1 | AD67: 10 | AE67: =SUM(S67:AD67) -> 13 | AF67: =AE67/SUM($AE$60:$AE$67) -> 0.0093862816 | AG67: 0 | AI67: 0 | AJ67: 0 | AK67: 0 | AL67: 0 | AM67: 0 | AN67: 0 | AO67: 1 | AP67: 1 | AQ67: 0 | AR67: 0 | AS67: =SUM(AG67:AR67) -> 2 | AT67: =AS67/SUM($AS$60:$AS$67) -> 0.001598721 | AU67: 17 | AV67: 20 | AW67: 24 | AX67: 23 | AY67: 29 | AZ67: 32 | BA67: 29 | BB67: 13 | BC67: 19 | BD67: 32 | BE67: 1 | BF67: 1 | BG67: 240 | BH67: 0.151 | BI67: 0 | BJ67: 0 | BK67: 0 | BL67: 0 | BM67: 0 | BN67: 0 | BO67: 0 | BP67: 0 | BQ67: 0 | BR67: 0 | BS67: 0 | BT67: 0 | BU67: 0 | BV67: 0
A69: Leavers | B69: Average | C69: 43951 | D69: 43982 | E69: 44012 | F69: 44043 | G69: 44074 | H69: 44104 | I69: 44135 | J69: 44165 | K69: 44196 | L69: 44227 | M69: 44255 | N69: 44286 | O69: Total | P69: % | Q69: Total | R69: % | S69: 44681 | T69: 44712 | U69: 44742 | V69: 44773 | W69: 44804 | X69: 44834 | Y69: 44865 | Z69: 44895 | AA69: 44926 | AB69: 44957 | AC69: 44985 | AD69: 45016 | AE69: Total | AF69: % | AG69: 45030 | AH69: 45062 | AI69: 45094 | AJ69: 45126 | AK69: 45158 | AL69: 45190 | AM69: 45222 | AN69: 45254 | AO69: 45286 | AP69: 45318 | AQ69: 45350 | AR69: 45382 | AS69: Total | AT69: % | AU69: 45396 | AV69: 45428 | AW69: 45460 | AX69: 45492 | AY69: 45524 | AZ69: 45556 | BA69: 45588 | BB69: 45620 | BC69: 45652 | BD69: 45684 | BE69: 45716 | BF69: 45717 | BG69: Total | BH69: % | BI69: 45761 | BJ69: 45793 | BK69: 45825 | BL69: 45857 | BM69: 45889 | BN69: 45921 | BO69: 45953 | BP69: 45985 | BQ69: 46017 | BR69: 46049 | BS69: 46081 | BT69: 46082 | BU69: Total | BV69: %
A70: 16 - 25 | B70: Not reported | C70: 7 | D70: 29 | E70: 5 | F70: 18 | G70: 15 | H70: 17 | I70: 21 | J70: 7 | K70: 73 | L70: 7 | M70: 12 | N70: 33 | O70: =SUM(C70:N70) -> 244 | P70: =O70/SUM($O$70:$O$75) -> 0.11520302 | Q70: Not reported | R70: n/a | S70: 9 | T70: 20 | U70: 24 | V70: 35 | W70: 40 | X70: 86 | Y70: 31 | Z70: 22 | AA70: 25 | AB70: 20 | AC70: 19 | AD70: 22 | AE70: =SUM(S70:AD70) -> 353 | AF70: =AE70/SUM($AE$70:$AE$75) -> 0.24227865 | AG70: 25 | AH70: 24 | AI70: 39 | AJ70: 28 | AK70: 28 | AL70: 53 | AM70: 39 | AN70: 25 | AO70: 26 | AP70: 22 | AQ70: 27 | AR70: 34 | AS70: =SUM(AG70:AR70) -> 370 | AT70: =AS70/SUM($AS$60:$AS$67) -> 0.29576339 | AU70: 25 | AV70: 39 | AW70: 37 | AX70: 36 | AY70: 54 | AZ70: 58 | BA70: 62 | BB70: 27 | BC70: 29 | BD70: 33 | BE70: 27 | BF70: 21 | BG70: 448 | BH70: 0.282 | BI70: 23 | BJ70: 21 | BK70: 32 | BL70: 32 | BM70: 31 | BN70: 48 | BO70: 39 | BP70: 22 | BQ70: 15 | BR70: 13 | BS70: 35 | BT70: 32 | BU70: 343 | BV70: 0.238
A71: 26 - 35 | B71: Not reported | C71: 13 | D71: 15 | E71: 8 | F71: 23 | G71: 23 | H71: 22 | I71: 47 | J71: 23 | K71: 150 | L71: 20 | M71: 29 | N71: 77 | O71: =SUM(C71:N71) -> 450 | P71: =O71/SUM($O$70:$O$75) -> 0.21246459 | Q71: Not reported | R71: n/a | S71: 23 | T71: 26 | U71: 21 | V71: 25 | W71: 38 | X71: 30 | Y71: 21 | Z71: 23 | AA71: 26 | AB71: 24 | AC71: 17 | AD71: 35 | AE71: =SUM(S71:AD71) -> 309 | AF71: =AE71/SUM($AE$70:$AE$75) -> 0.21207962 | AG71: 21 | AH71: 14 | AI71: 27 | AJ71: 30 | AK71: 36 | AL71: 31 | AM71: 27 | AN71: 20 | AO71: 21 | AP71: 28 | AQ71: 20 | AR71: 24 | AS71: =SUM(AG71:AR71) -> 299 | AT71: =AS71/SUM($AS$60:$AS$67) -> 0.23900879 | AU71: 36 | AV71: 42 | AW71: 34 | AX71: 42 | AY71: 54 | AZ71: 38 | BA71: 44 | BB71: 25 | BC71: 22 | BD71: 25 | BE71: 20 | BF71: 19 | BG71: 401 | BH71: 0.252 | BI71: 30 | BJ71: 29 | BK71: 34 | BL71: 25 | BM71: 31 | BN71: 46 | BO71: 40 | BP71: 35 | BQ71: 23 | BR71: 27 | BS71: 22 | BT71: 36 | BU71: 378 | BV71: 0.263
A72: 36 - 45 | B72: Not reported | C72: 9 | D72: 8 | E72: 9 | F72: 17 | G72: 27 | H72: 19 | I72: 37 | J72: 10 | K72: 119 | L72: 11 | M72: 20 | N72: 82 | O72: =SUM(C72:N72) -> 368 | P72: =O72/SUM($O$70:$O$75) -> 0.17374882 | Q72: Not reported | R72: n/a | S72: 14 | T72: 12 | U72: 23 | V72: 23 | W72: 23 | X72: 22 | Y72: 22 | Z72: 26 | AA72: 33 | AB72: 23 | AC72: 18 | AD72: 26 | AE72: =SUM(S72:AD72) -> 265 | AF72: =AE72/SUM($AE$70:$AE$75) -> 0.18188058 | AG72: 20 | AH72: 19 | AI72: 26 | AJ72: 13 | AK72: 11 | AL72: 15 | AM72: 17 | AN72: 11 | AO72: 16 | AP72: 15 | AQ72: 18 | AR72: 10 | AS72: =SUM(AG72:AR72) -> 191 | AT72: =AS72/SUM($AS$60:$AS$67) -> 0.15267786 | AU72: 36 | AV72: 19 | AW72: 21 | AX72: 18 | AY72: 32 | AZ72: 34 | BA72: 27 | BB72: 16 | BC72: 24 | BD72: 21 | BE72: 20 | BF72: 21 | BG72: 289 | BH72: 0.182 | BI72: 17 | BJ72: 23 | BK72: 18 | BL72: 26 | BM72: 18 | BN72: 16 | BO72: 26 | BP72: 15 | BQ72: 16 | BR72: 11 | BS72: 20 | BT72: 25 | BU72: 231 | BV72: 0.16
A73: 46 - 55 | B73: Not reported | C73: 6 | D73: 20 | E73: 5 | F73: 17 | G73: 26 | H73: 25 | I73: 41 | J73: 17 | K73: 182 | L73: 14 | M73: 22 | N73: 95 | O73: =SUM(C73:N73) -> 470 | P73: =O73/SUM($O$70:$O$75) -> 0.22190746 | Q73: Not reported | R73: n/a | S73: 10 | T73: 16 | U73: 28 | V73: 28 | W73: 19 | X73: 33 | Y73: 21 | Z73: 17 | AA73: 20 | AB73: 15 | AC73: 25 | AD73: 19 | AE73: =SUM(S73:AD73) -> 251 | AF73: =AE73/SUM($AE$70:$AE$75) -> 0.17227179 | AG73: 20 | AH73: 24 | AI73: 18 | AJ73: 15 | AK73: 25 | AL73: 13 | AM73: 13 | AN73: 20 | AO73: 11 | AP73: 16 | AQ73: 14 | AR73: 24 | AS73: =SUM(AG73:AR73) -> 213 | AT73: =AS73/SUM($AS$60:$AS$67) -> 0.17026379 | AU73: 19 | AV73: 22 | AW73: 23 | AX73: 14 | AY73: 15 | AZ73: 21 | BA73: 18 | BB73: 10 | BC73: 17 | BD73: 21 | BE73: 13 | BF73: 18 | BG73: 211 | BH73: 0.133 | BI73: 15 | BJ73: 21 | BK73: 15 | BL73: 11 | BM73: 14 | BN73: 16 | BO73: 22 | BP73: 12 | BQ73: 15 | BR73: 18 | BS73: 17 | BT73: 19 | BU73: 195 | BV73: 0.135
A74: 56 - 65 | B74: Not reported | C74: 10 | D74: 21 | E74: 9 | F74: 18 | G74: 17 | H74: 19 | I74: 30 | J74: 16 | K74: 219 | L74: 10 | M74: 17 | N74: 89 | O74: =SUM(C74:N74) -> 475 | P74: =O74/SUM($O$70:$O$75) -> 0.22426818 | Q74: Not reported | R74: n/a | S74: 9 | T74: 8 | U74: 15 | V74: 20 | W74: 15 | X74: 30 | Y74: 17 | Z74: 20 | AA74: 16 | AB74: 10 | AC74: 14 | AD74: 26 | AE74: =SUM(S74:AD74) -> 200 | AF74: =AE74/SUM($AE$70:$AE$75) -> 0.13726836 | AG74: 15 | AH74: 22 | AI74: 16 | AJ74: 12 | AK74: 11 | AL74: 20 | AM74: 15 | AN74: 12 | AO74: 11 | AP74: 13 | AQ74: 13 | AR74: 22 | AS74: =SUM(AG74:AR74) -> 182 | AT74: =AS74/SUM($AS$60:$AS$67) -> 0.14548361 | AU74: 10 | AV74: 15 | AW74: 26 | AX74: 9 | AY74: 14 | AZ74: 17 | BA74: 22 | BB74: 18 | BC74: 15 | BD74: 11 | BE74: 11 | BF74: 12 | BG74: 180 | BH74: 0.113 | BI74: 7 | BJ74: 17 | BK74: 19 | BL74: 17 | BM74: 17 | BN74: 19 | BO74: 29 | BP74: 12 | BQ74: 11 | BR74: 14 | BS74: 15 | BT74: 25 | BU74: 202 | BV74: 0.14
A75: Over 65 | B75: Not reported | C75: 1 | D75: 4 | E75: 0 | F75: 2 | G75: 5 | H75: 5 | I75: 4 | J75: 4 | K75: 68 | L75: 3 | M75: 2 | N75: 13 | O75: =SUM(C75:N75) -> 111 | P75: =O75/SUM($O$70:$O$75) -> 0.052407932 | Q75: Not reported | R75: n/a | S75: 1 | T75: 5 | U75: 4 | V75: 3 | W75: 9 | X75: 4 | Y75: 7 | Z75: 24 | AA75: 4 | AB75: 4 | AC75: 4 | AD75: 10 | AE75: =SUM(S75:AD75) -> 79 | AF75: =AE75/SUM($AE$70:$AE$75) -> 0.054221002 | AG75: 2 | AH75: 5 | AI75: 4 | AJ75: 4 | AK75: 5 | AL75: 2 | AM75: 3 | AN75: 3 | AO75: 3 | AP75: 2 | AQ75: 2 | AR75: 7 | AS75: =SUM(AG75:AR75) -> 42 | AT75: =AS75/SUM($AS$60:$AS$67) -> 0.033573141 | AU75: 7 | AV75: 6 | AW75: 1 | AX75: 5 | AY75: 8 | AZ75: 5 | BA75: 5 | BB75: 6 | BC75: 5 | BD75: 7 | BE75: 1 | BF75: 4 | BG75: 60 | BH75: 0.038 | BI75: 5 | BJ75: 6 | BK75: 7 | BL75: 7 | BM75: 9 | BN75: 6 | BO75: 11 | BP75: 9 | BQ75: 7 | BR75: 5 | BS75: 9 | BT75: 10 | BU75: 91 | BV75: 0.064
C78: 2020/21 | Q78: 2021/22 | S78: 2022/23 | AG78: 2023/24 | AU78: 2024/25 | BI78: 2025/26
A79: Attrition | B79: Average | C79: 43951 | D79: 43982 | E79: 44012 | F79: 44043 | G79: 44074 | H79: 44104 | I79: 44135 | J79: 44165 | K79: 44196 | L79: 44227 | M79: 44255 | N79: 44286 | O79: RAA | P79: % | Q79: RAA | S79: 44652 | T79: 44682 | U79: 44713 | V79: 44743 | W79: 44774 | X79: 44805 | Y79: 44835 | Z79: 44866 | AA79: 44896 | AB79: 44927 | AC79: 44958 | AD79: 44986 | AE79: RAA | AG79: 45030 | AH79: 45062 | AI79: 45094 | AJ79: 45126 | AK79: 45158 | AL79: 45190 | AM79: 45222 | AN79: 45254 | AO79: 45286 | AP79: 45318 | AQ79: 45350 | AR79: 45382 | AS79: RAA | AU79: 45396 | AV79: 45428 | AW79: 45460 | AX79: 45492 | AY79: 45524 | AZ79: 45556 | BA79: 45588 | BB79: 45620 | BC79: 45652 | BD79: 45684 | BE79: 45716 | BF79: 45717 | BG79: RAA | BI79: 45761 | BJ79: 45793 | BK79: 45825 | BL79: 45857 | BM79: 45889 | BN79: 45921 | BO79: 45953 | BP79: 45985 | BQ79: 46017 | BR79: 46049 | BS79: 46081 | BT79: 46082 | BU79: RAA
A80: Male | B80: Not reported | C80: =IFERROR(C56/C6,0) -> 0.0070615034 | D80: =IFERROR(D56/D6,0) -> 0.012924071 | E80: =IFERROR(E56/E6,0) -> 0.0053265401 | F80: =IFERROR(F56/F6,0) -> 0.013576779 | G80: =IFERROR(G56/G6,0) -> 0.017623244 | H80: =IFERROR(H56/H6,0) -> 0.01600388 | I80: =IFERROR(I56/I6,0) -> 0.022900763 | J80: =IFERROR(J56/J6,0) -> 0.012320845 | ... N80: =IFERROR(N56/N6,0) -> 0.078304386 | O80: =O56/O6 -> 0.32198325 | Q80: Not reported | S80: =IFERROR(S56/S6,0) -> 0.020103564 | T80: =IFERROR(T56/T6,0) -> 0.01562944 | U80: =IFERROR(U56/U6,0) -> 0.019469984 | V80: =IFERROR(V56/V6,0) -> 0.022436734 | W80: =IFERROR(W56/W6,0) -> 0.025719379 | X80: =IFERROR(X56/X6,0) -> 0.036550837 | Y80: =IFERROR(Y56/Y6,0) -> 0.021497218 | Z80: =IFERROR(Z56/Z6,0) -> 0.02020454 | ... AD80: =IFERROR(AD56/AD6,0) -> 0.022412971 | AE80: =(AE56/AE6) -> 0.25526423 | AG80: =IFERROR(AG56/AG6,0) -> 0.01751518 | AH80: =IFERROR(AH56/AH6,0) -> 0.018127581 | AI80: =IFERROR(AI56/AI6,0) -> 0.020338208 | AJ80: =IFERROR(AJ56/AJ6,0) -> 0.014629755 | AK80: =IFERROR(AK56/AK6,0) -> 0.018189984 | AL80: =IFERROR(AL56/AL6,0) -> 0.018855219 | AM80: =IFERROR(AM56/AM6,0) -> 0.015060908 | AN80: =IFERROR(AN56/AN6,0) -> 0.012486309 | ... AR80: =IFERROR(AR56/AR6,0) -> 0.016115352 | AS80: =(AS56/AS6) -> 0.19183265 | AU80: 0.0149 | AV80: 0.0184 | AW80: 0.0145 | AX80: 0.0144 | AY80: 0.0214 | AZ80: 0.0191 | BA80: 0.019 | BB80: 0.0114 | BC80: 0.0137 | BD80: 0.0138 | BE80: 0.0103 | BF80: 0.0105 | BG80: 0.181 | BI80: 0.011547774 | BJ80: 0.014230272 | BK80: 0.014649332 | BL80: 0.014228384 | BM80: 0.014293568 | BN80: 0.01720629 | BO80: 0.01811053 | BP80: 0.011877828 | BQ80: 0.011009871 | BR80: 0.011075043 | BS80: 0.012808258 | BT80: 0.017051914 | BU80: 0.16825659
A81: Female | B81: Not reported | C81: =IFERROR(C57/C7,0) -> 0.0058320373 | D81: =IFERROR(D57/D7,0) -> 0.016192733 | E81: =IFERROR(E57/E7,0) -> 0.0051546392 | F81: =IFERROR(F57/F7,0) -> 0.014823718 | G81: =IFERROR(G57/G7,0) -> 0.015924867 | H81: =IFERROR(H57/H7,0) -> 0.017054908 | I81: =IFERROR(I57/I7,0) -> 0.036770921 | J81: =IFERROR(J57/J7,0) -> 0.012232416 | ... N81: =IFERROR(N57/N7,0) -> 0.066343042 | O81: =O57/O7 -> 0.37148838 | Q81: Not reported | S81: =IFERROR(S57/S7,0) -> 0.016201117 | T81: =IFERROR(T57/T7,0) -> 0.016922263 | U81: =IFERROR(U57/U7,0) -> 0.021882952 | V81: =IFERROR(V57/V7,0) -> 0.023738872 | W81: =IFERROR(W57/W7,0) -> 0.02114061 | X81: =IFERROR(X57/X7,0) -> 0.031080414 | Y81: =IFERROR(Y57/Y7,0) -> 0.016464891 | Z81: =IFERROR(Z57/Z7,0) -> 0.015245355 | ... AD81: =IFERROR(AD57/AD7,0) -> 0.019873532 | AE81: =(AE57/AE7) -> 0.23375036 | AG81: =IFERROR(AG57/AG7,0) -> 0.012296882 | AH81: =IFERROR(AH57/AH7,0) -> 0.012220818 | AI81: =IFERROR(AI57/AI7,0) -> 0.017012448 | AJ81: =IFERROR(AJ57/AJ7,0) -> 0.014913341 | AK81: =IFERROR(AK57/AK7,0) -> 0.014028056 | AL81: =IFERROR(AL57/AL7,0) -> 0.020056157 | AM81: =IFERROR(AM57/AM7,0) -> 0.018239492 | AN81: =IFERROR(AN57/AN7,0) -> 0.013291634 | ... AR81: =IFERROR(AR57/AR7,0) -> 0.017032551 | AS81: =(AS57/AS7) -> 0.174029 | AU81: 0.02 | AV81: 0.0168 | AW81: 0.0228 | AX81: 0.0161 | AY81: 0.0212 | AZ81: 0.0232 | BA81: 0.0248 | BB81: 0.013 | BC81: 0.0124 | BD81: 0.0138 | BE81: 0.0116 | BF81: 0.0117 | BG81: 0.206 | BI81: 0.011160714 | BJ81: 0.012710518 | BK81: 0.014254039 | BL81: 0.012531328 | BM81: 0.01314554 | BN81: 0.018273472 | BO81: 0.022243406 | BP81: 0.013522215 | BQ81: 0.009397278 | BR81: 0.0097529259 | BS81: 0.016558442 | BT81: 0.018357488 | BU81: 0.1720167
A83: Attrition | B83: Average | C83: 43951 | D83: 43982 | E83: 44012 | F83: 44043 | G83: 44074 | H83: 44104 | I83: 44135 | J83: 44165 | K83: 44196 | L83: 44227 | M83: 44255 | N83: 44286 | O83: RAA | Q83: RAA | S83: 44652 | T83: 44682 | U83: 44713 | V83: 44743 | W83: 44774 | X83: 44805 | Y83: 44835 | Z83: 44866 | AA83: 44896 | AB83: 44927 | AC83: 44958 | AD83: 44986 | AE83: RAA | AG83: 45030 | AH83: 45062 | AI83: 45094 | AJ83: 45126 | AK83: 45158 | AL83: 45190 | AM83: 45222 | AN83: 45254 | AO83: 45286 | AP83: 45318 | AQ83: 45350 | AR83: 45382 | AS83: RAA | AU83: 45396 | AV83: 45428 | AW83: 45460 | AX83: 45492 | AY83: 45524 | AZ83: 45556 | BA83: 45588 | BB83: 45620 | BC83: 45652 | BD83: 45684 | BE83: 45716 | BF83: 45717 | BG83: RAA | BI83: 45761 | BJ83: 45793 | BK83: 45825 | BL83: 45857 | BM83: 45889 | BN83: 45921 | BO83: 45953 | BP83: 45985 | BQ83: 46017 | BR83: 46049 | BS83: 46081 | BT83: 46082 | BU83: RAA
A84: East Midlands Airport | B84: Not reported | C84: =IFERROR(C60/C10,0) -> 0.0043541364 | D84: =IFERROR(D60/D10,0) -> 0.026785714 | E84: =IFERROR(E60/E10,0) -> 0.001490313 | F84: =IFERROR(F60/F10,0) -> 0.018099548 | G84: =IFERROR(G60/G10,0) -> 0.013888889 | H84: =IFERROR(H60/H10,0) -> 0.040064103 | I84: =IFERROR(I60/I10,0) -> 0.02601626 | J84: =IFERROR(J60/J10,0) -> 0.04957265 | ... N84: =IFERROR(N60/N10,0) -> 0.02972028 | O84: =O60/O10 -> 0.24909017 | Q84: Not reported | S84: =IFERROR(S60/S10,0) -> 0.013888889 | T84: =IFERROR(T60/T10,0) -> 0.018121911 | U84: =IFERROR(U60/U10,0) -> 0.028213166 | V84: =IFERROR(V60/V10,0) -> 0.01969697 | W84: =IFERROR(W60/W10,0) -> 0.016491754 | X84: =IFERROR(X60/X10,0) -> 0.0304414 | Y84: =IFERROR(Y60/Y10,0) -> 0.022865854 | Z84: =IFERROR(Z60/Z10,0) -> 0.012066365 | ... AE84: =IFERROR(AE60/AE10,0) -> 0.21291053 | AG84: =IFERROR(AG60/AG10,0) -> 0.02278481 | AH84: =IFERROR(AH60/AH10,0) -> 0.0275 | AI84: =IFERROR(AI60/AI10,0) -> 0.027568922 | AJ84: =IFERROR(AJ60/AJ10,0) -> 0.02244389 | AK84: =IFERROR(AK60/AK10,0) -> 0.020050125 | AL84: =IFERROR(AL60/AL10,0) -> 0.016455696 | AM84: =IFERROR(AM60/AM10,0) -> 0.015018773 | AN84: =IFERROR(AN60/AN10,0) -> 0.01754386 | ... AS84: =IFERROR(AS60/AS10,0) -> 0.23131931 | AU84: 0.012 | AV84: 0.024 | AW84: 0.0205 | AX84: 0.0142 | AY84: 0.0155 | AZ84: 0.0206 | BA84: 0.0147 | BB84: 0.0148 | BC84: 0.0137 | BD84: 0.0061 | BE84: 0.0118 | BF84: 0.0142 | BG84: 0.182 | BI84: 0.010135135 | BJ84: 0.021864212 | BK84: 0.013793103 | BL84: 0.021468927 | BM84: 0.016055046 | BN84: 0.019767442 | BO84: 0.024734982 | BP84: 0.013221154 | BQ84: 0.014580802 | BR84: 0.0072815534 | BS84: 0.011904762 | BT84: 0.016147636 | BU84: 0.19145831
A85: London Stansted Airport | B85: Not reported | C85: =IFERROR(C61/C11,0) -> 0.0054225034 | D85: =IFERROR(D61/D11,0) -> 0.014220183 | E85: =IFERROR(E61/E11,0) -> 0.0050644567 | F85: =IFERROR(F61/F11,0) -> 0.011136891 | G85: =IFERROR(G61/G11,0) -> 0.011742602 | H85: =IFERROR(H61/H11,0) -> 0.0070955535 | I85: =IFERROR(I61/I11,0) -> 0.022041207 | J85: =IFERROR(J61/J11,0) -> 0.0024366472 | ... N85: =IFERROR(N61/N11,0) -> 0.018673535 | O85: =O61/O11 -> 0.35458388 | Q85: Not reported | S85: =IFERROR(S61/S11,0) -> 0.01216686 | T85: =IFERROR(T61/T11,0) -> 0.014917127 | U85: =IFERROR(U61/U11,0) -> 0.017066667 | V85: =IFERROR(V61/V11,0) -> 0.017866527 | W85: =IFERROR(W61/W11,0) -> 0.013116474 | X85: =IFERROR(X61/X11,0) -> 0.019832985 | Y85: =IFERROR(Y61/Y11,0) -> 0.016045549 | Z85: =IFERROR(Z61/Z11,0) -> 0.011704835 | ... AE85: =IFERROR(AE61/AE11,0) -> 0.1589127 | AG85: =IFERROR(AG61/AG11,0) -> 0.011197663 | AH85: =IFERROR(AH61/AH11,0) -> 0.013816103 | AI85: =IFERROR(AI61/AI11,0) -> 0.017577197 | AJ85: =IFERROR(AJ61/AJ11,0) -> 0.010436433 | AK85: =IFERROR(AK61/AK11,0) -> 0.013346044 | AL85: =IFERROR(AL61/AL11,0) -> 0.011331445 | AM85: =IFERROR(AM61/AM11,0) -> 0.009246417 | AN85: =IFERROR(AN61/AN11,0) -> 0.011044639 | ... AS85: =IFERROR(AS61/AS11,0) -> 0.13611025 | AU85: 0.0127 | AV85: 0.0132 | AW85: 0.0119 | AX85: 0.0095 | AY85: 0.0118 | AZ85: 0.0104 | BA85: 0.0092 | BB85: 0.0051 | BC85: 0.0082 | BD85: 0.0074 | BE85: 0.0095 | BF85: 0.0055 | BG85: 0.113 | BI85: 0.0089424572 | BJ85: 0.0081999219 | BK85: 0.011368091 | BL85: 0.0098000784 | BM85: 0.0070754717 | BN85: 0.011080332 | BO85: 0.012345679 | BP85: 0.0059856345 | BQ85: 0.0076213398 | BR85: 0.00968523 | BS85: 0.018028846 | BT85: 0.012340764 | BU85: 0.12236816
A86: Manchester Airport | B86: Not reported | C86: =IFERROR(C62/C12,0) -> 0.0076581028 | D86: =IFERROR(D62/D12,0) -> 0.011997001 | E86: =IFERROR(E62/E12,0) -> 0.0060225847 | F86: =IFERROR(F62/F12,0) -> 0.014728288 | G86: =IFERROR(G62/G12,0) -> 0.020471625 | H86: =IFERROR(H62/H12,0) -> 0.017469561 | I86: =IFERROR(I62/I12,0) -> 0.031493943 | J86: =IFERROR(J62/J12,0) -> 0.011881735 | ... N86: =IFERROR(N62/N12,0) -> 0.11004171 | O86: =O62/O12 -> 0.34754802 | Q86: Not reported | S86: =IFERROR(S62/S12,0) -> 0.023939064 | T86: =IFERROR(T62/T12,0) -> 0.016437437 | U86: =IFERROR(U62/U12,0) -> 0.020707232 | V86: =IFERROR(V62/V12,0) -> 0.026532479 | W86: =IFERROR(W62/W12,0) -> 0.031083481 | X86: =IFERROR(X62/X12,0) -> 0.044170673 | Y86: =IFERROR(Y62/Y12,0) -> 0.02106495 | Z86: =IFERROR(Z62/Z12,0) -> 0.023363138 | ... AE86: =IFERROR(AE62/AE12,0) -> 0.27713557 | AG86: =IFERROR(AG62/AG12,0) -> 0.016770354 | AH86: =IFERROR(AH62/AH12,0) -> 0.013998943 | AI86: =IFERROR(AI62/AI12,0) -> 0.016679698 | AJ86: =IFERROR(AJ62/AJ12,0) -> 0.014177215 | AK86: =IFERROR(AK62/AK12,0) -> 0.017068273 | AL86: =IFERROR(AL62/AL12,0) -> 0.022898842 | AM86: =IFERROR(AM62/AM12,0) -> 0.019192423 | AN86: =IFERROR(AN62/AN12,0) -> 0.012224939 | ... AS86: =IFERROR(AS62/AS12,0) -> 0.1927055 | AU86: 0.0146 | AV86: 0.0148 | AW86: 0.0134 | AX86: 0.0112 | AY86: 0.0196 | AZ86: 0.0183 | BA86: 0.0127 | BB86: 0.0106 | BC86: 0.0124 | BD86: 0.0125 | BE86: 0.0111 | BF86: 0.0122 | BG86: 0.163 | BI86: 0.012647899 | BJ86: 0.014073181 | BK86: 0.015082358 | BL86: 0.013204572 | BM86: 0.015581854 | BN86: 0.018272095 | BO86: 0.020845861 | BP86: 0.015234613 | BQ86: 0.010433715 | BR86: 0.011527378 | BS86: 0.01223305 | BT86: 0.020408163 | BU86: 0.17971931
A87: CAVU (MAN, EMA & STN) | AU87: 0.0301 | AV87: 0.0225 | AW87: 0.0255 | AX87: 0.0318 | AY87: 0.03 | AZ87: 0.0268 | BA87: 0.0975 | BB87: 0.0332 | BC87: 0.0149 | BD87: 0.0074 | BE87: 0.0165 | BF87: 0.0196 | BG87: 0.356 | BI87: 0.015669516 | BJ87: 0.023943662 | BK87: 0.023842917 | BL87: 0.020891365 | BM87: 0.031724138 | BN87: 0.036211699 | BO87: 0.050704225 | BP87: 0.017518248 | BQ87: 0.014577259 | BR87: 0.018950437 | BS87: 0.053857351 | BT87: 0.019726859 | BU87: 0.32861055
A88: London Office | B88: Not reported | C88: =IFERROR(C64/C14,0) -> 0 | D88: =IFERROR(D64/D14,0) -> 0 | E88: =IFERROR(E64/E14,0) -> 0 | F88: =IFERROR(F64/F14,0) -> 0 | G88: =IFERROR(G64/G14,0) -> 0 | H88: =IFERROR(H64/H14,0) -> 0.1 | I88: =IFERROR(I64/I14,0) -> 0 | J88: =IFERROR(J64/J14,0) -> 0 | ... N88: =IFERROR(N64/N14,0) -> 0 | O88: =O64/O14 -> 0.22641509 | Q88: Not reported | S88: =IFERROR(S64/S14,0) -> 0 | T88: =IFERROR(T64/T14,0) -> 0 | U88: =IFERROR(U64/U14,0) -> 0 | V88: =IFERROR(V64/V14,0) -> 0 | W88: =IFERROR(W64/W14,0) -> 0.33333333 | X88: =IFERROR(X64/X14,0) -> 0 | Y88: =IFERROR(Y64/Y14,0) -> 0 | Z88: =IFERROR(Z64/Z14,0) -> 0 | ... AE88: =IFERROR(AE64/AE14,0) -> 0.44444444 | AG88: =IFERROR(AG64/AG14,0) -> 0 | AH88: =IFERROR(AH64/AH14,0) -> 0 | AI88: =IFERROR(AI64/AI14,0) -> 0 | AJ88: =IFERROR(AJ64/AJ14,0) -> 0 | AK88: =IFERROR(AK64/AK14,0) -> 0.22222222 | AL88: =IFERROR(AL64/AL14,0) -> 0 | AM88: =IFERROR(AM64/AM14,0) -> 0 | AN88: =IFERROR(AN64/AN14,0) -> 0 | ... AS88: =IFERROR(AS64/AS14,0) -> 0.33333333 | AU88: 0 | AV88: 0 | AW88: 0 | AX88: 0 | AY88: 0 | AZ88: 0 | BA88: 0 | BB88: 0 | BC88: 0 | BD88: 0 | BE88: 0 | BF88: 0.1 | BG88: 0.1 | BI88: 0 | BJ88: 0 | BK88: 0 | BL88: 0 | BM88: 0 | BN88: 0 | BO88: 0 | BP88: 0 | BQ88: 0 | BR88: 0 | BS88: 0 | BT88: 0 | BU88: 0
A89: Chicago Office | B89: Not reported | C89: =IFERROR(C65/C15,0) -> 0 | D89: =IFERROR(D65/D15,0) -> 0 | E89: =IFERROR(E65/E15,0) -> 0 | F89: =IFERROR(F65/F15,0) -> 0 | G89: =IFERROR(G65/G15,0) -> 0 | H89: =IFERROR(H65/H15,0) -> 0 | I89: =IFERROR(I65/I15,0) -> 0 | J89: =IFERROR(J65/J15,0) -> 0 | ... N89: =IFERROR(N65/N15,0) -> 0 | O89: =O65/O15 -> 0 | Q89: Not reported | S89: =IFERROR(S65/S15,0) -> 0 | T89: =IFERROR(T65/T15,0) -> 0 | U89: =IFERROR(U65/U15,0) -> 0 | V89: =IFERROR(V65/V15,0) -> 0 | W89: =IFERROR(W65/W15,0) -> 0 | X89: =IFERROR(X65/X15,0) -> 0 | Y89: =IFERROR(Y65/Y15,0) -> 0 | Z89: =IFERROR(Z65/Z15,0) -> 0 | ... AE89: =IFERROR(AE65/AE15,0) -> 0 | AG89: =IFERROR(AG65/AG15,0) -> 0 | AH89: =IFERROR(AH65/AH15,0) -> 0 | AI89: =IFERROR(AI65/AI15,0) -> 0 | AJ89: =IFERROR(AJ65/AJ15,0) -> 0 | AK89: =IFERROR(AK65/AK15,0) -> 0 | AL89: =IFERROR(AL65/AL15,0) -> 0 | AM89: =IFERROR(AM65/AM15,0) -> 0 | AN89: =IFERROR(AN65/AN15,0) -> 0 | ... AS89: =IFERROR(AS65/AS15,0) -> 0 | AU89: 0 | AV89: 0.0588 | AW89: 0.0625 | AX89: 0 | AY89: 0 | AZ89: 0 | BA89: 0.1176 | BB89: 0 | BC89: 0 | BD89: 0.0556 | BE89: 0 | BF89: 0 | BG89: 0.278 | BI89: 0 | BJ89: 0 | BK89: 0 | BL89: 0 | BM89: 0 | BN89: 0 | BO89: 0 | BP89: 0 | BQ89: 0 | BR89: 0 | BS89: 0 | BT89: 0 | BU89: 0
A90: Bristol Airport | B90: Not reported | C90: =IFERROR(C66/C16,0) -> 0 | D90: =IFERROR(D66/D16,0) -> 0 | E90: =IFERROR(E66/E16,0) -> 0 | F90: =IFERROR(F66/F16,0) -> 0 | G90: =IFERROR(G66/G16,0) -> 0 | H90: =IFERROR(H66/H16,0) -> 0 | I90: =IFERROR(I66/I16,0) -> 0 | J90: =IFERROR(J66/J16,0) -> 0 | ... N90: =IFERROR(N66/N16,0) -> 0 | O90: =O66/O16 -> #DIV/0! | Q90: Not reported | AE90: =IFERROR(AE66/AE16,0) -> 0 | AG90: =IFERROR(AG66/AG16,0) -> 0 | AH90: =IFERROR(AH66/AH16,0) -> 0.14285714 | AI90: =IFERROR(AI66/AI16,0) -> 0.25 | AJ90: =IFERROR(AJ66/AJ16,0) -> 0.13636364 | AK90: =IFERROR(AK66/AK16,0) -> 0.040816327 | AL90: =IFERROR(AL66/AL16,0) -> 0.12765957 | AM90: =IFERROR(AM66/AM16,0) -> 0.11363636 | AN90: =IFERROR(AN66/AN16,0) -> 0.069767442 | ... AS90: =IFERROR(AS66/AS16,0) -> 0 | AU90: 0.0638 | AV90: 0 | AW90: 0.08 | AX90: 0.04 | AY90: 0.2045 | AZ90: 0.1667 | BA90: 0.125 | BB90: 0.0227 | BC90: 0.0217 | BD90: 0.0952 | BE90: 0.0227 | BF90: 0.0698 | BG90: 0.889 | BI90: 0.02 | BJ90: 0.0625 | BK90: 0.038461538 | BL90: 0.06779661 | BM90: 0.13114754 | BN90: 0.11666667 | BO90: 0.10169492 | BP90: 0.072727273 | BQ90: 0.072727273 | BR90: 0.017857143 | BS90: 0 | BT90: 0.035087719 | BU90: 0.75449102
A91: Other Location | B91: Not reported | C91: =IFERROR(C67/C17,0) -> 0 | D91: =IFERROR(D67/D17,0) -> 0 | E91: =IFERROR(E67/E17,0) -> 0 | F91: =IFERROR(F67/F17,0) -> 1 | G91: =IFERROR(G67/G17,0) -> 0 | H91: =IFERROR(H67/H17,0) -> 0 | I91: =IFERROR(I67/I17,0) -> 0 | J91: =IFERROR(J67/J17,0) -> 0 | ... N91: =IFERROR(N67/N17,0) -> 0 | O91: =O67/O17 -> 2 | Q91: Not reported | S91: =IFERROR(S67/S17,0) -> 0 | T91: =IFERROR(T67/T17,0) -> 0 | U91: =IFERROR(U67/U17,0) -> 0 | V91: =IFERROR(V67/V17,0) -> 0 | W91: =IFERROR(W67/W17,0) -> 0 | X91: =IFERROR(X67/X17,0) -> 0 | Y91: =IFERROR(Y67/Y17,0) -> 0 | Z91: =IFERROR(Z67/Z17,0) -> 0.33333333 | ... AE91: =IFERROR(AE67/AE17,0) -> 3.804878 | AG91: =IFERROR(AG67/AG17,0) -> 0 | AH91: =IFERROR(AH67/AH17,0) -> 0 | AI91: =IFERROR(AI67/AI17,0) -> 0 | AJ91: =IFERROR(AJ67/AJ17,0) -> 0 | AK91: =IFERROR(AK67/AK17,0) -> 0 | AL91: =IFERROR(AL67/AL17,0) -> 0 | AM91: =IFERROR(AM67/AM17,0) -> 0 | AN91: =IFERROR(AN67/AN17,0) -> 0 | ... AS91: =IFERROR(AS67/AS17,0) -> 0.24742268 | AU91: 0.0599 | AV91: 0.0687 | AW91: 0.0833 | AX91: 0.078 | AY91: 0.0954 | AZ91: 0.11 | BA91: 0.0948 | BB91: 0.0405 | BC91: 0.0583 | BD91: 0.0988 | BE91: 0.0029 | BF91: 0.0028 | BG91: 0.772 | BI91: 0 | BJ91: 0 | BK91: 0 | BL91: 0 | BM91: 0 | BN91: 0 | BO91: 0 | BP91: 0 | BQ91: 0 | BR91: 0 | BS91: 0 | BT91: 0 | BU91: 0
A93: Attrition | B93: Average | C93: 43951 | D93: 43982 | E93: 44012 | F93: 44043 | G93: 44074 | H93: 44104 | I93: 44135 | J93: 44165 | K93: 44196 | L93: 44227 | M93: 44255 | N93: 44286 | O93: RAA | Q93: RAA | S93: 44652 | T93: 44682 | U93: 44713 | V93: 44743 | W93: 44774 | X93: 44805 | Y93: 44835 | Z93: 44866 | AA93: 44896 | AB93: 44927 | AC93: 44958 | AD93: 44986 | AE93: RAA | AG93: 45030 | AH93: 45062 | AI93: 45094 | AJ93: 45126 | AK93: 45158 | AL93: 45190 | AM93: 45222 | AN93: 45254 | AO93: 45286 | AP93: 45318 | AQ93: 45350 | AR93: 45382 | AS93: RAA | AU93: 45396 | AV93: 45428 | AW93: 45460 | AX93: 45492 | AY93: 45524 | AZ93: 45556 | BA93: 45588 | BB93: 45620 | BC93: 45652 | BD93: 45684 | BE93: 45716 | BF93: 45717 | BG93: RAA | BI93: 45761 | BJ93: 45793 | BK93: 45825 | BL93: 45857 | BM93: 45889 | BN93: 45921 | BO93: 45953 | BP93: 45985 | BQ93: 46017 | BR93: 46049 | BS93: 46081 | BT93: 46082 | BU93: RAA
A94: 16 - 25 | B94: Not reported | C94: =IFERROR(C70/C20,0) -> 0.0094850949 | D94: =IFERROR(D70/D20,0) -> 0.041369472 | E94: =IFERROR(E70/E20,0) -> 0.0073313783 | F94: =IFERROR(F70/F20,0) -> 0.027272727 | G94: =IFERROR(G70/G20,0) -> 0.023809524 | H94: =IFERROR(H70/H20,0) -> 0.028475712 | I94: =IFERROR(I70/I20,0) -> 0.03633218 | J94: =IFERROR(J70/J20,0) -> 0.012635379 | ... N94: =IFERROR(N70/N20,0) -> 0.076036866 | O94: =O70/O20 -> 0.42111319 | Q94: Not reported | S94: =IFERROR(S70/S20,0) -> 0.027272727 | T94: =IFERROR(T70/T20,0) -> 0.046838407 | U94: =IFERROR(U70/U20,0) -> 0.046875 | V94: =IFERROR(V70/V20,0) -> 0.058139535 | W94: =IFERROR(W70/W20,0) -> 0.063291139 | X94: =IFERROR(X70/X20,0) -> 0.14878893 | Y94: =IFERROR(Y70/Y20,0) -> 0.053082192 | Z94: =IFERROR(Z70/Z20,0) -> 0.036666667 | ... AE94: =IFERROR(AE70/AE20,0) -> 0.62084127 | AG94: =IFERROR(AG70/AG20,0) -> 0.034722222 | AH94: =IFERROR(AH70/AH20,0) -> 0.030808729 | AI94: =IFERROR(AI70/AI20,0) -> 0.049304678 | AJ94: =IFERROR(AJ70/AJ20,0) -> 0.032979976 | AK94: =IFERROR(AK70/AK20,0) -> 0.032332564 | AL94: =IFERROR(AL70/AL20,0) -> 0.062796209 | AM94: =IFERROR(AM70/AM20,0) -> 0.044520548 | AN94: =IFERROR(AN70/AN20,0) -> 0.027442371 | ... AS94: =IFERROR(AS70/AS20,0) -> 0.42832336 | AU94: 0.0262 | AV94: 0.0395 | AW94: 0.0366 | AX94: 0.0336 | AY94: 0.05 | AZ94: 0.0525 | BA94: 0.0564 | BB94: 0.0236 | BC94: 0.0254 | BD94: 0.0289 | BE94: 0.0235 | BF94: 0.0175 | BG94: 0.411 | BI94: 0.024468085 | BJ94: 0.021784232 | BK94: 0.033057851 | BL94: 0.032225579 | BM94: 0.031155779 | BN94: 0.049844237 | BO94: 0.04109589 | BP94: 0.023991276 | BQ94: 0.016465423 | BR94: 0.014364641 | BS94: 0.038845727 | BT94: 0.034115139 | BU94: 0.36283498
A95: 26 - 35 | B95: Not reported | C95: =IFERROR(C71/C21,0) -> 0.0084690554 | D95: =IFERROR(D71/D21,0) -> 0.0098879367 | E95: =IFERROR(E71/E21,0) -> 0.0053191489 | F95: =IFERROR(F71/F21,0) -> 0.015572106 | G95: =IFERROR(G71/G21,0) -> 0.015851137 | H95: =IFERROR(H71/H21,0) -> 0.015438596 | I95: =IFERROR(I71/I21,0) -> 0.033910534 | J95: =IFERROR(J71/J21,0) -> 0.017164179 | ... N95: =IFERROR(N71/N21,0) -> 0.068444444 | O95: =O71/O21 -> 0.33159349 | Q95: Not reported | S95: =IFERROR(S71/S21,0) -> 0.021276596 | T95: =IFERROR(T71/T21,0) -> 0.0221843 | U95: =IFERROR(U71/U21,0) -> 0.017017828 | V95: =IFERROR(V71/V21,0) -> 0.019654088 | W95: =IFERROR(W71/W21,0) -> 0.029457364 | X95: =IFERROR(X71/X21,0) -> 0.023130301 | Y95: =IFERROR(Y71/Y21,0) -> 0.015671642 | Z95: =IFERROR(Z71/Z21,0) -> 0.016751639 | ... AE95: =IFERROR(AE71/AE21,0) -> 0.23583286 | AG95: =IFERROR(AG71/AG21,0) -> 0.014160486 | AH95: =IFERROR(AH71/AH21,0) -> 0.0091743119 | AI95: =IFERROR(AI71/AI21,0) -> 0.01754386 | AJ95: =IFERROR(AJ71/AJ21,0) -> 0.019023462 | AK95: =IFERROR(AK71/AK21,0) -> 0.022756005 | AL95: =IFERROR(AL71/AL21,0) -> 0.01958307 | AM95: =IFERROR(AM71/AM21,0) -> 0.016853933 | AN95: =IFERROR(AN71/AN21,0) -> 0.012307692 | ... AS95: =IFERROR(AS71/AS21,0) -> 0.1879715 | AU95: 0.0198 | AV95: 0.0229 | AW95: 0.0183 | AX95: 0.0223 | AY95: 0.0287 | AZ95: 0.0199 | BA95: 0.0228 | BB95: 0.0128 | BC95: 0.0113 | BD95: 0.0127 | BE95: 0.0101 | BF95: 0.0094 | BG95: 0.209 | BI95: 0.015360983 | BJ95: 0.014735772 | BK95: 0.017180394 | BL95: 0.012562814 | BM95: 0.015609265 | BN95: 0.023481368 | BO95: 0.02062919 | BP95: 0.018257694 | BQ95: 0.012105263 | BR95: 0.014308426 | BS95: 0.011652542 | BT95: 0.018967334 | BU95: 0.19497937
A96: 36 - 45 | B96: Not reported | C96: =IFERROR(C72/C22,0) -> 0.006151743 | D96: =IFERROR(D72/D22,0) -> 0.0054869684 | E96: =IFERROR(E72/E22,0) -> 0.0061643836 | F96: =IFERROR(F72/F22,0) -> 0.011707989 | G96: =IFERROR(G72/G22,0) -> 0.018947368 | H96: =IFERROR(H72/H22,0) -> 0.013581129 | I96: =IFERROR(I72/I22,0) -> 0.026637869 | J96: =IFERROR(J72/J22,0) -> 0.0073367572 | ... N96: =IFERROR(N72/N22,0) -> 0.068106312 | O96: =O72/O22 -> 0.27100338 | Q96: Not reported | S96: =IFERROR(S72/S22,0) -> 0.011774601 | T96: =IFERROR(T72/T22,0) -> 0.0096463023 | U96: =IFERROR(U72/U22,0) -> 0.017940718 | V96: =IFERROR(V72/V22,0) -> 0.017557252 | W96: =IFERROR(W72/W22,0) -> 0.01728024 | X96: =IFERROR(X72/X22,0) -> 0.016320475 | Y96: =IFERROR(Y72/Y22,0) -> 0.015895954 | Z96: =IFERROR(Z72/Z22,0) -> 0.018452803 | ... AE96: =IFERROR(AE72/AE22,0) -> 0.19584899 | AG96: =IFERROR(AG72/AG22,0) -> 0.0132714 | AH96: =IFERROR(AH72/AH22,0) -> 0.012434555 | AI96: =IFERROR(AI72/AI22,0) -> 0.016861219 | AJ96: =IFERROR(AJ72/AJ22,0) -> 0.0083386786 | AK96: =IFERROR(AK72/AK22,0) -> 0.007028754 | AL96: =IFERROR(AL72/AL22,0) -> 0.0095177665 | AM96: =IFERROR(AM72/AM22,0) -> 0.01070529 | AN96: =IFERROR(AN72/AN22,0) -> 0.0068621335 | ... AS96: =IFERROR(AS72/AS22,0) -> 0.12086058 | AU96: 0.02 | AV96: 0.0104 | AW96: 0.0113 | AX96: 0.0096 | AY96: 0.0169 | AZ96: 0.0178 | BA96: 0.014 | BB96: 0.0082 | BC96: 0.0122 | BD96: 0.0107 | BE96: 0.0101 | BF96: 0.0105 | BG96: 0.151 | BI96: 0.0086206897 | BJ96: 0.011622031 | BK96: 0.0089820359 | BL96: 0.012948207 | BM96: 0.0089820359 | BN96: 0.008004002 | BO96: 0.013058764 | BP96: 0.0075604839 | BQ96: 0.0081053698 | BR96: 0.0055611729 | BS96: 0.010095911 | BT96: 0.012537613 | BU96: 0.11613876
A97: 46 - 55 | B97: Not reported | C97: =IFERROR(C73/C23,0) -> 0.0034013605 | D97: =IFERROR(D73/D23,0) -> 0.011527378 | E97: =IFERROR(E73/E23,0) -> 0.002891845 | F97: =IFERROR(F73/F23,0) -> 0.0098665119 | G97: =IFERROR(G73/G23,0) -> 0.015339233 | H97: =IFERROR(H73/H23,0) -> 0.014925373 | I97: =IFERROR(I73/I23,0) -> 0.024818402 | J97: =IFERROR(J73/J23,0) -> 0.010559006 | ... N97: =IFERROR(N73/N23,0) -> 0.069241983 | O97: =O73/O23 -> 0.29397967 | Q97: Not reported | S97: =IFERROR(S73/S23,0) -> 0.0081632653 | T97: =IFERROR(T73/T23,0) -> 0.012588513 | U97: =IFERROR(U73/U23,0) -> 0.021521906 | V97: =IFERROR(V73/V23,0) -> 0.021132075 | W97: =IFERROR(W73/W23,0) -> 0.014074074 | X97: =IFERROR(X73/X23,0) -> 0.024462565 | Y97: =IFERROR(Y73/Y23,0) -> 0.015362107 | Z97: =IFERROR(Z73/Z23,0) -> 0.012265512 | ... AE97: =IFERROR(AE73/AE23,0) -> 0.18566233 | AG97: =IFERROR(AG73/AG23,0) -> 0.013513514 | AH97: =IFERROR(AH73/AH23,0) -> 0.015946844 | AI97: =IFERROR(AI73/AI23,0) -> 0.01193634 | AJ97: =IFERROR(AJ73/AJ23,0) -> 0.0099009901 | AK97: =IFERROR(AK73/AK23,0) -> 0.016611296 | AL97: =IFERROR(AL73/AL23,0) -> 0.0085808581 | AM97: =IFERROR(AM73/AM23,0) -> 0.0084635417 | AN97: =IFERROR(AN73/AN23,0) -> 0.01305483 | ... AS97: =IFERROR(AS73/AS23,0) -> 0.13993211 | AU97: 0.0119 | AV97: 0.0137 | AW97: 0.0143 | AX97: 0.0085 | AY97: 0.009 | AZ97: 0.0126 | BA97: 0.0107 | BB97: 0.0059 | BC97: 0.01 | BD97: 0.0123 | BE97: 0.0076 | BF97: 0.0104 | BG97: 0.126 | BI97: 0.0088287228 | BJ97: 0.012352941 | BK97: 0.0087463557 | BL97: 0.0063657407 | BM97: 0.0080784766 | BN97: 0.0092272203 | BO97: 0.012761021 | BP97: 0.0069767442 | BQ97: 0.0087463557 | BR97: 0.010550996 | BS97: 0.0099473376 | BT97: 0.01099537 | BU97: 0.11353161
A98: 56 - 65 | B98: Not reported | C98: =IFERROR(C74/C24,0) -> 0.0077639752 | D98: =IFERROR(D74/D24,0) -> 0.016419077 | E98: =IFERROR(E74/E24,0) -> 0.0070202808 | F98: =IFERROR(F74/F24,0) -> 0.014173228 | G98: =IFERROR(G74/G24,0) -> 0.013492063 | H98: =IFERROR(H74/H24,0) -> 0.015175719 | I98: =IFERROR(I74/I24,0) -> 0.024252223 | J98: =IFERROR(J74/J24,0) -> 0.013190437 | ... N98: =IFERROR(N74/N24,0) -> 0.089808274 | O98: =O74/O24 -> 0.40482955 | Q98: Not reported | S98: =IFERROR(S74/S24,0) -> 0.0084825636 | T98: =IFERROR(T74/T24,0) -> 0.0072332731 | U98: =IFERROR(U74/U24,0) -> 0.013157895 | V98: =IFERROR(V74/V24,0) -> 0.017376195 | W98: =IFERROR(W74/W24,0) -> 0.012842466 | X98: =IFERROR(X74/X24,0) -> 0.026064292 | Y98: =IFERROR(Y74/Y24,0) -> 0.01464255 | Z98: =IFERROR(Z74/Z24,0) -> 0.017241379 | ... AE98: =IFERROR(AE74/AE24,0) -> 0.17372421 | AG98: =IFERROR(AG74/AG24,0) -> 0.012396694 | AH98: =IFERROR(AH74/AH24,0) -> 0.01784266 | AI98: =IFERROR(AI74/AI24,0) -> 0.01297648 | AJ98: =IFERROR(AJ74/AJ24,0) -> 0.009569378 | AK98: =IFERROR(AK74/AK24,0) -> 0.0087649402 | AL98: =IFERROR(AL74/AL24,0) -> 0.01601281 | AM98: =IFERROR(AM74/AM24,0) -> 0.011980831 | AN98: =IFERROR(AN74/AN24,0) -> 0.009478673 | ... AS98: =IFERROR(AS74/AS24,0) -> 0.14493331 | AU98: 0.0067 | AV98: 0.0099 | AW98: 0.0173 | AX98: 0.006 | AY98: 0.0092 | AZ98: 0.0111 | BA98: 0.0145 | BB98: 0.0119 | BC98: 0.01 | BD98: 0.0073 | BE98: 0.0073 | BF98: 0.0079 | BG98: 0.119 | BI98: 0.0043316832 | BJ98: 0.010455105 | BK98: 0.011592434 | BL98: 0.010334347 | BM98: 0.010410288 | BN98: 0.011692308 | BO98: 0.018001241 | BP98: 0.0075329567 | BQ98: 0.0069488313 | BR98: 0.0089058524 | BS98: 0.0095480586 | BT98: 0.0158831 | BU98: 0.12567399
A99: Over 65 | B99: Not reported | C99: =IFERROR(C75/C25,0) -> 0.0057471264 | D99: =IFERROR(D75/D25,0) -> 0.022857143 | E99: =IFERROR(E75/E25,0) -> 0 | F99: =IFERROR(F75/F25,0) -> 0.010752688 | G99: =IFERROR(G75/G25,0) -> 0.026737968 | H99: =IFERROR(H75/H25,0) -> 0.027777778 | I99: =IFERROR(I75/I25,0) -> 0.021621622 | J99: =IFERROR(J75/J25,0) -> 0.021505376 | ... N99: =IFERROR(N75/N25,0) -> 0.104 | O99: =O75/O25 -> 0.68272681 | Q99: Not reported | S99: =IFERROR(S75/S25,0) -> 0.0057803468 | T99: =IFERROR(T75/T25,0) -> 0.027624309 | U99: =IFERROR(U75/U25,0) -> 0.022222222 | V99: =IFERROR(V75/V25,0) -> 0.016574586 | W99: =IFERROR(W75/W25,0) -> 0.047368421 | X99: =IFERROR(X75/X25,0) -> 0.021164021 | Y99: =IFERROR(Y75/Y25,0) -> 0.038251366 | Z99: =IFERROR(Z75/Z25,0) -> 0.13333333 | ... AE99: =IFERROR(AE75/AE25,0) -> 0.43888889 | AG99: =IFERROR(AG75/AG25,0) -> 0.012578616 | AH99: =IFERROR(AH75/AH25,0) -> 0.03125 | AI99: =IFERROR(AI75/AI25,0) -> 0.023121387 | AJ99: =IFERROR(AJ75/AJ25,0) -> 0.023529412 | AK99: =IFERROR(AK75/AK25,0) -> 0.028571429 | AL99: =IFERROR(AL75/AL25,0) -> 0.011049724 | AM99: =IFERROR(AM75/AM25,0) -> 0.016393443 | AN99: =IFERROR(AN75/AN25,0) -> 0.016129032 | ... AS99: =IFERROR(AS75/AS25,0) -> 0.23290203 | AU99: 0.0259 | AV99: 0.0225 | AW99: 0.0037 | AX99: 0.0187 | AY99: 0.0307 | AZ99: 0.0195 | BA99: 0.0198 | BB99: 0.0243 | BC99: 0.0207 | BD99: 0.0298 | BE99: 0.0043 | BF99: 0.0172 | BG99: 0.237 | BI99: 0.015384615 | BJ99: 0.018691589 | BK99: 0.022364217 | BL99: 0.022580645 | BM99: 0.029900332 | BN99: 0.02006689 | BO99: 0.038062284 | BP99: 0.032258065 | BQ99: 0.025830258 | BR99: 0.018867925 | BS99: 0.034482759 | BT99: 0.039840637 | BU99: 0.3133429

Sheet GRI 401-2
A1: GRI 401-2
A2: Benefits provided to full-time employees that are not provided to temporary or part-time employees
B4: 2019/20 | D4: 2020/21 | F4: 2021/22 | H4: 2022/23 | J4: 2023/24 | L4: 2024/25 | N4: 2025/26
A5: Benefits which are standard for full-time employees of the organization but are not provided to temporary or part-time employees, by significant locations of operation. These include, as a minimum: i. life insurance; ii. health care; iii. disability and invalidity coverage; iv. parental leave; v. retirement provision; vi. stock ownership; vii. others. | B5: All of the benefits which are offered to our Full Time colleagues are available to Part Time or Temporary colleagues | D5: All of the benefits which are offered to our Full Time colleagues are available to Part Time or Temporary colleagues | F5: All of the benefits which are offered to our Full Time colleagues are available to Part Time or Temporary colleagues | H5: All of the benefits which are offered to our Full Time colleagues are available to Part Time or Temporary colleagues | J5: All of the benefits which are offered to our Full Time colleagues are available to Part Time or Temporary colleagues | L5: All of the benefits which are offered to our Full Time colleagues are available to Part Time or Temporary colleagues | N5: All of the benefits which are offered to our Full Time colleagues are available to Part Time or Temporary colleagues
A6: What is the definition used for ‘significant locations of operation’ | B6: Significant locations of operation for MAG are Manchester Airport, East Midlands Airport and London Stansted Airport | D6: Significant locations of operation for MAG are Manchester Airport, East Midlands Airport and London Stansted Airport | F6: Significant locations of operation for MAG are Manchester Airport, East Midlands Airport and London Stansted Airport | H6: Significant locations of operation for MAG are Manchester Airport, East Midlands Airport and London Stansted Airport | J6: Significant locations of operation for MAG are Manchester Airport, East Midlands Airport and London Stansted Airport | L6: Significant locations of operation for MAG are Manchester Airport, East Midlands Airport and London Stansted Airport | N6: Significant locations of operation for MAG are Manchester Airport, East Midlands Airport and London Stansted Airport

Sheet GRI 401-3
B1: GRI 401-3
B2: Parental leave
C4: 2018/19 | D4: 2019/20 | F4: 2020/21 | H4: 2021/22 | J4: 2022/23 | L4: 2023/24 | N4: 2024/25 | P4: 2025/26
B5: The reporting organization shall report the following information: | C5: Male | D5: Male | E5: Female | F5: Male | G5: Female | H5: Male | I5: Female | J5: Male | K5: Female | L5: Male | M5: Female | N5: Male | O5: Female | P5: Male | Q5: Female
B6: a. Total number of employees that were entitled to parental leave, by gender. | C6: Not reported | D6: Not reported | E6: Not reported | F6: 3430 | G6: 1869 | H6: Not possible to report this year | J6: Not possible to report this year | L6: 5570 | M6: 3071 | N6: Not possible to report this year | P6: 5088 | Q6: 3007
B7: b. Total number of employees that took parental leave, by gender. | C7: Not reported | D7: Not reported | E7: Not reported | F7: 3 | G7: 0 | H7: Not possible to report this year | J7: Not possible to report this year | L7: 95 | M7: 109 | N7: Not possible to report this year | P7: 122 | Q7: 156
B8: c. Total number of employees that returned to work in the reporting period after parental leave ended, by gender. | C8: Not reported | D8: Not reported | E8: Not reported | F8: 2 | G8: 0 | H8: Not possible to report this year | J8: Not possible to report this year | L8: 92 | M8: 51 | N8: Not possible to report this year | P8: 122 | Q8: 150
B9: d. Total number of employees that returned to work after parental leave ended that were still employed 12 months after their return to work, by gender. | C9: Not reported | D9: Not reported | E9: Not reported | F9: Not possible to report this year | H9: Not possible to report this year | J9: Not possible to report this year | L9: Not possible to report this year | N9: Not possible to report this year | P9: Not possible to report this year
B10: e. Return to work and retention rates of employees that took parental leave, by gender. | C10: Not reported | D10: Not reported | E10: Not reported | F10: Not possible to report this year | H10: Not possible to report this year | J10: Not possible to report this year | L10: Not possible to report this year | N10: Not possible to report this year | P10: Not possible to report this year
B13: Notes All colleagues are eligible for Parental Leave subject to meeting the requirements as follows: 1. Are the parent of a child who is under 18 years old; or 2. They are named on the child’s birth or adoption certificate or they have or expect to have parental responsibility 3. Are not self-employed or are a ‘worker’, e.g. an agency worker or contractor 4. Are not a foster parent (unless they’ve secured parental responsibility through the courts)

Sheet GRI 402-1
B1: GRI 402-1
B2: Labour/Management relations
B4: The reporting organization shall report the following information: | C4: 2019/20 | D4: 2020/21 | E4: 2021/22 | F4: 2022/23 | G4: 2023/24 | H4: 2024/25 | I4: 2025/26
B5: a. Minimum number of weeks’ notice typically provided to employees and their representatives prior to the implementation of significant operational changes that could substantially affect them. | C5: Not reported | D5: MAG would inform, engage and where appropriate consult with employees prior to the implementation of significant operational changes either within a reasonable timeframe as agreed with the Trade Unions’s or in line with any required statutory periods (eg 30 or 45 days for proposed redundancies). | E5: MAG would inform, engage and where appropriate consult with employees prior to the implementation of significant operational changes either within a reasonable timeframe as agreed with the Trade Unions’s or in line with any required statutory periods (eg 30 or 45 days for proposed redundancies). | F5: MAG would inform, engage and where appropriate consult with employees prior to the implementation of significant operational changes either within a reasonable timeframe as agreed with the Trade Unions’s or in line with any required statutory periods (eg 30 or 45 days for proposed redundancies). | G5: MAG would inform, engage and where appropriate consult with employees prior to the implementation of significant operational changes either within a reasonable timeframe as agreed with the Trade Unions’s or in line with any required statutory periods (eg 30 or 45 days for proposed redundancies). | H5: MAG would inform, engage and where appropriate consult with employees prior to the implementation of significant operational changes either within a reasonable timeframe as agreed with the Trade Unions’s or in line with any required statutory periods (eg 30 or 45 days for proposed redundancies). | I5: MAG would inform, engage and where appropriate consult with employees prior to the implementation of significant operational changes either within a reasonable timeframe as agreed with the Trade Unions’s or in line with any required statutory periods (eg 30 or 45 days for proposed redundancies).
B6: b. For organizations with collective bargaining agreements, report whether the notice period and provisions for consultation and negotiation are specified in collective agreements. | C6: Not reported | D6: Our agreements with the TU’s are that we inform, engage and consult with them in a timely and transparent way, ensuring adequate information is provided and representatives/employees have adequate time to consider proposals. | E6: Our agreements with the TU’s are that we inform, engage and consult with them in a timely and transparent way, ensuring adequate information is provided and representatives/employees have adequate time to consider proposals. | F6: Our agreements with the TU’s are that we inform, engage and consult with them in a timely and transparent way, ensuring adequate information is provided and representatives/employees have adequate time to consider proposals. | G6: Our agreements with the TU’s are that we inform, engage and consult with them in a timely and transparent way, ensuring adequate information is provided and representatives/employees have adequate time to consider proposals. | H6: Our agreements with the TU’s are that we inform, engage and consult with them in a timely and transparent way, ensuring adequate information is provided and representatives/employees have adequate time to consider proposals. | I6: Our agreements with the TU’s are that we inform, engage and consult with them in a timely and transparent way, ensuring adequate information is provided and representatives/employees have adequate time to consider proposals.

Sheet 403-1 to 10, 416-1 & 416-2-H&S
A1: GRI 403-1, 2, 3, 4, 5, 6, 7, 8, 9, 10 & 416-1, 416-2
A2: Occupational Health & Safety/Customer Health & Safety
D3: MAG MAG does not differentiate between MAG staff and directly employeed contractors. Third parties working on MAG controlled sites manage their own Health and Safety within the MAG framework and permits to work system. Any deviation from the MAG framework must be agreed with MAG.
D4: 2018/19 | E4: 2019/20 | F4: 2020/21 | G4: 2021/22 | H4: 2022/23 | L4: 2023/24 | P4: 2024/25 | T4: 2025/26
A5: 403-1 | B5: Occupational health and safety management system | C5: The reporting organization shall report the following information for employees and for workers who are not employees but whose work and/or workplace is controlled by the organization: | D5: Not reported | E5: Not reported
C6: a. A statement of whether an occupational health and safety management system has been implemented, including whether: | D6: Not reported | E6: Not reported | F6: The occupational health and safety management system has been implemented based on the original OHSAS 18001 standard and has since been been updated/transitioned and accredited to the ISO 45001 Occupational Health & Safety Management system. The system was implemented and accredited based on a risk management approach as well as to continually improve.It is the intent of the management system to explain how MAG manages health and safety across its business, satisfies the requirements of ISO 45001 and how it sets objectives for continual improvement in support of its aim to be a recognised best practice organisation. Each Airfield within MAG operates as independent entity and have local arrangements for safety management contained within their respective Aerodrome Manuals. Therefore outside the scope of ISO45001 audit. | G6: The occupational health and safety management system has been implemented based on the original OHSAS 18001 standard and has since been been updated/transitioned and accredited to the ISO 45001 Occupational Health & Safety Management system. The system was implemented and accredited based on a risk management approach as well as to continually improve.It is the intent of the management system to explain how MAG manages health and safety across its business, satisfies the requirements of ISO 45001 and how it sets objectives for continual improvement in support of its aim to be a recognised best practice organisation. Each Airfield within MAG operates as independent entity and have local arrangements for safety management contained within their respective Aerodrome Manuals. Therefore outside the scope of ISO45001 audit. | H6: The occupational health and safety management system has been implemented based on the original OHSAS 18001 standard and has since been been updated/transitioned and accredited to the ISO 45001 Occupational Health & Safety Management system. The system was implemented and accredited based on a risk management approach as well as to continually improve.It is the intent of the management system to explain how MAG manages health and safety across its business, satisfies the requirements of ISO 45001 and how it sets objectives for continual improvement in support of its aim to be a recognised best practice organisation. Each Airfield within MAG operates as independent entity and have local arrangements for safety management contained within their respective Aerodrome Manuals. Therefore outside the scope of ISO45001 audit. | L6: The occupational health and safety management system has been implemented based on the original OHSAS 18001 standard and has since been been updated/transitioned and accredited to the ISO 45001 Occupational Health & Safety Management system. The system was implemented and accredited based on a risk management approach as well as to continually improve.It is the intent of the management system to explain how MAG manages health and safety across its business, satisfies the requirements of ISO 45001 and how it sets objectives for continual improvement in support of its aim to be a recognised best practice organisation. Each Airfield within MAG operates as independent entity and have local arrangements for safety management contained within their respective Aerodrome Manuals. Therefore outside the scope of ISO45001 audit. | P6: The occupational health and safety management system has been implemented based on the original OHSAS 18001 standard and has since been been updated/transitioned and accredited to the ISO 45001 Occupational Health & Safety Management system. The system was implemented and accredited based on a risk management approach as well as to continually improve.It is the intent of the management system to explain how MAG manages health and safety across its business, satisfies the requirements of ISO 45001 and how it sets objectives for continual improvement in support of its aim to be a recognised best practice organisation. Each Airfield within MAG operates as independent entity and have local arrangements for safety management contained within their respective Aerodrome Manuals. Therefore outside the scope of ISO45001 audit. | T6: The occupational health and safety management system has been implemented based on the original OHSAS 18001 standard and has since been been updated/transitioned and accredited to the ISO 45001 Occupational Health & Safety Management system. The system was implemented and accredited based on a risk management approach as well as to continually improve.It is the intent of the management system to explain how MAG manages health and safety across its business, satisfies the requirements of ISO 45001 and how it sets objectives for continual improvement in support of its aim to be a recognised best practice organisation. Each Airfield within MAG operates as independent entity and have local arrangements for safety management contained within their respective Aerodrome Manuals. Therefore outside the scope of ISO45001 audit.
C7: i. the system has been implemented because of legal requirements and, if so, a list of the requirements; | D7: Not reported | E7: Not reported
C8: ii. the system has been implemented based on recognized risk management and/or management system standards/guidelines and, if so, a list of the standards/guidelines. | D8: Not reported | E8: Not reported
C9: b. A description of the scope of workers, activities, and workplaces covered by the occupational health and safety management system, and an explanation of whether and, if so, why any workers, activities, or workplaces are not covered. | D9: Not reported | E9: Not reported
A10: 403-2 | B10: Hazard identification, risk assessment, and incident investigation | C10: The reporting organization shall report the following information for employees and for workers who are not employees but whose work and/or workplace is controlled by the organization: | D10: Not reported | E10: Not reported
